Workbook
Name WheelNetPremiumSeries: OFFSET(Overview!$C$50,IF(COUNT(Trades!$A$9:$A$508)=0,12,0),0,IF(COUNT(Trades!$A$9:$A$508)=0,1,12),1)

Sheet Overview
B2: BeInOptions · Wheel Tracker | N2: Currency | P2: USD | Q2: As of | R2: 46313 | U2: =SUMIFS(Cycles!$H$9:$H$208,Cycles!$C$9:$C$208,$P$2,Cycles!$R$9:$R$208,"OK") -> 970
B3: Sample Data · illustrative Wheel trades | N3: ⓘ Premiums are not profit | U3: =SUMIFS(Cycles!$N$9:$N$208,Cycles!$C$9:$C$208,$P$2,Cycles!$R$9:$R$208,"OK") -> 613.85
U4: =SUMIFS(Cycles!$P$9:$P$208,Cycles!$C$9:$C$208,$P$2,Cycles!$Q$9:$Q$208,"Open",Cycles!$R$9:$R$208,"OK") -> 16100
B5: Net premiums | G5: Realized profit / loss | L5: Capital committed | Q5: Open cycles | U5: =COUNTIFS(Cycles!$C$9:$C$208,$P$2,Cycles!$Q$9:$Q$208,"Open",Cycles!$R$9:$R$208,"OK") -> 4 | V5: =TEXT(U5,"0")&CHAR(10)&"cycles" -> 4 cycles
A6: =IF($P$2="USD","$","€") -> $ | B6: =$U$2 -> 970 | F6: =IF($P$2="USD","$","€") -> $ | G6: =$U$3 -> 613.85 | K6: =IF($P$2="USD","$","€") -> $ | L6: =$U$4 -> 16100 | P6: =$U$5 -> 4 | U6: =COUNTIFS(Cycles!$C$9:$C$208,$P$2,Cycles!$Q$9:$Q$208,"Closed",Cycles!$R$9:$R$208,"OK") -> 4
U7: =IFERROR(AVERAGEIFS(Cycles!$O$9:$O$208,Cycles!$C$9:$C$208,$P$2,Cycles!$Q$9:$Q$208,"Closed",Cycles!$R$9:$R$208,"OK"),0) -> 0.3004495
A8: Premiums − buybacks · before fees | F8: Closed cycles only | K8: Open positions | P8: =$U$6&" closed" -> 4 closed
A10: ="Cumulative net premiums · last 12 months ("&P2&")" -> Cumulative net premiums · last 12 months (USD) | K10: Open cycles by phase
N12: =E50&CHAR(10)&F50 -> Cash-Secured Put 2
N16: =E51&CHAR(10)&F51 -> Shares Held 1
P18: Understand options Practice. Find your way
N20: =E52&CHAR(10)&F52 -> Covered Call 1
A23: =IF(COUNT(Trades!$A$9:$A$508)=0,"No trades yet · start in Trades","") | K23: =IF($U$5=0,"No open cycles","")
A25: Net premiums and cashflow are not realized profit. See Trades and Cycles for details.
A49: Month | B49: Net premium | C49: Cumulative | D49: Axis label
A50: =EOMONTH($R$2,-13+ROWS($A$50:A50))+1 -> 45962 | B50: =SUMIFS(_EngineTrades!$R$9:$R$508,Trades!$D$9:$D$508,$P$2,Trades!$T$9:$T$508,"OK",Trades!$A$9:$A$508,">="&A50,Trades!$A$9:$A$508,"<"&EDATE(A50,1)) -> 0 | C50: =IF(COUNT(Trades!$A$9:$A$508)=0,"",B50) -> 0 | D50: =CHOOSE(MONTH(A50),"Jan","Feb","Mar","Apr","May","Jun","Jul","Aug","Sep","Oct","Nov","Dec")&" "&RIGHT(YEAR(A50),2) -> Nov 25 | E50: Cash-Secured Put | F50: =COUNTIFS(Cycles!$C$9:$C$208,$P$2,Cycles!$D$9:$D$208,E50,Cycles!$Q$9:$Q$208,"Open",Cycles!$R$9:$R$208,"OK") -> 2
A51: =EOMONTH($R$2,-13+ROWS($A$50:A51))+1 -> 45992 | B51: =SUMIFS(_EngineTrades!$R$9:$R$508,Trades!$D$9:$D$508,$P$2,Trades!$T$9:$T$508,"OK",Trades!$A$9:$A$508,">="&A51,Trades!$A$9:$A$508,"<"&EDATE(A51,1)) -> 0 | C51: =IF(COUNT(Trades!$A$9:$A$508)=0,"",C50+B51) -> 0 | D51: =CHOOSE(MONTH(A51),"Jan","Feb","Mar","Apr","May","Jun","Jul","Aug","Sep","Oct","Nov","Dec")&" "&RIGHT(YEAR(A51),2) -> Dec 25 | E51: Shares Held | F51: =COUNTIFS(Cycles!$C$9:$C$208,$P$2,Cycles!$D$9:$D$208,E51,Cycles!$Q$9:$Q$208,"Open",Cycles!$R$9:$R$208,"OK") -> 1
A52: =EOMONTH($R$2,-13+ROWS($A$50:A52))+1 -> 46023 | B52: =SUMIFS(_EngineTrades!$R$9:$R$508,Trades!$D$9:$D$508,$P$2,Trades!$T$9:$T$508,"OK",Trades!$A$9:$A$508,">="&A52,Trades!$A$9:$A$508,"<"&EDATE(A52,1)) -> 0 | C52: =IF(COUNT(Trades!$A$9:$A$508)=0,"",C51+B52) -> 0 | D52: =CHOOSE(MONTH(A52),"Jan","Feb","Mar","Apr","May","Jun","Jul","Aug","Sep","Oct","Nov","Dec")&" "&RIGHT(YEAR(A52),2) -> Jan 26 | E52: Covered Call | F52: =COUNTIFS(Cycles!$C$9:$C$208,$P$2,Cycles!$D$9:$D$208,E52,Cycles!$Q$9:$Q$208,"Open",Cycles!$R$9:$R$208,"OK") -> 1
A53: =EOMONTH($R$2,-13+ROWS($A$50:A53))+1 -> 46054 | B53: =SUMIFS(_EngineTrades!$R$9:$R$508,Trades!$D$9:$D$508,$P$2,Trades!$T$9:$T$508,"OK",Trades!$A$9:$A$508,">="&A53,Trades!$A$9:$A$508,"<"&EDATE(A53,1)) -> 0 | C53: =IF(COUNT(Trades!$A$9:$A$508)=0,"",C52+B53) -> 0 | D53: =CHOOSE(MONTH(A53),"Jan","Feb","Mar","Apr","May","Jun","Jul","Aug","Sep","Oct","Nov","Dec")&" "&RIGHT(YEAR(A53),2) -> Feb 26 | E53: No open cycles | F53: =0 -> 0
A54: =EOMONTH($R$2,-13+ROWS($A$50:A54))+1 -> 46082 | B54: =SUMIFS(_EngineTrades!$R$9:$R$508,Trades!$D$9:$D$508,$P$2,Trades!$T$9:$T$508,"OK",Trades!$A$9:$A$508,">="&A54,Trades!$A$9:$A$508,"<"&EDATE(A54,1)) -> 0 | C54: =IF(COUNT(Trades!$A$9:$A$508)=0,"",C53+B54) -> 0 | D54: =CHOOSE(MONTH(A54),"Jan","Feb","Mar","Apr","May","Jun","Jul","Aug","Sep","Oct","Nov","Dec")&" "&RIGHT(YEAR(A54),2) -> Mar 26
A55: =EOMONTH($R$2,-13+ROWS($A$50:A55))+1 -> 46113 | B55: =SUMIFS(_EngineTrades!$R$9:$R$508,Trades!$D$9:$D$508,$P$2,Trades!$T$9:$T$508,"OK",Trades!$A$9:$A$508,">="&A55,Trades!$A$9:$A$508,"<"&EDATE(A55,1)) -> 0 | C55: =IF(COUNT(Trades!$A$9:$A$508)=0,"",C54+B55) -> 0 | D55: =CHOOSE(MONTH(A55),"Jan","Feb","Mar","Apr","May","Jun","Jul","Aug","Sep","Oct","Nov","Dec")&" "&RIGHT(YEAR(A55),2) -> Apr 26
A56: =EOMONTH($R$2,-13+ROWS($A$50:A56))+1 -> 46143 | B56: =SUMIFS(_EngineTrades!$R$9:$R$508,Trades!$D$9:$D$508,$P$2,Trades!$T$9:$T$508,"OK",Trades!$A$9:$A$508,">="&A56,Trades!$A$9:$A$508,"<"&EDATE(A56,1)) -> 0 | C56: =IF(COUNT(Trades!$A$9:$A$508)=0,"",C55+B56) -> 0 | D56: =CHOOSE(MONTH(A56),"Jan","Feb","Mar","Apr","May","Jun","Jul","Aug","Sep","Oct","Nov","Dec")&" "&RIGHT(YEAR(A56),2) -> May 26
A57: =EOMONTH($R$2,-13+ROWS($A$50:A57))+1 -> 46174 | B57: =SUMIFS(_EngineTrades!$R$9:$R$508,Trades!$D$9:$D$508,$P$2,Trades!$T$9:$T$508,"OK",Trades!$A$9:$A$508,">="&A57,Trades!$A$9:$A$508,"<"&EDATE(A57,1)) -> 150 | C57: =IF(COUNT(Trades!$A$9:$A$508)=0,"",C56+B57) -> 150 | D57: =CHOOSE(MONTH(A57),"Jan","Feb","Mar","Apr","May","Jun","Jul","Aug","Sep","Oct","Nov","Dec")&" "&RIGHT(YEAR(A57),2) -> Jun 26
A58: =EOMONTH($R$2,-13+ROWS($A$50:A58))+1 -> 46204 | B58: =SUMIFS(_EngineTrades!$R$9:$R$508,Trades!$D$9:$D$508,$P$2,Trades!$T$9:$T$508,"OK",Trades!$A$9:$A$508,">="&A58,Trades!$A$9:$A$508,"<"&EDATE(A58,1)) -> 120 | C58: =IF(COUNT(Trades!$A$9:$A$508)=0,"",C57+B58) -> 270 | D58: =CHOOSE(MONTH(A58),"Jan","Feb","Mar","Apr","May","Jun","Jul","Aug","Sep","Oct","Nov","Dec")&" "&RIGHT(YEAR(A58),2) -> Jul 26
A59: =EOMONTH($R$2,-13+ROWS($A$50:A59))+1 -> 46235 | B59: =SUMIFS(_EngineTrades!$R$9:$R$508,Trades!$D$9:$D$508,$P$2,Trades!$T$9:$T$508,"OK",Trades!$A$9:$A$508,">="&A59,Trades!$A$9:$A$508,"<"&EDATE(A59,1)) -> 170 | C59: =IF(COUNT(Trades!$A$9:$A$508)=0,"",C58+B59) -> 440 | D59: =CHOOSE(MONTH(A59),"Jan","Feb","Mar","Apr","May","Jun","Jul","Aug","Sep","Oct","Nov","Dec")&" "&RIGHT(YEAR(A59),2) -> Aug 26
A60: =EOMONTH($R$2,-13+ROWS($A$50:A60))+1 -> 46266 | B60: =SUMIFS(_EngineTrades!$R$9:$R$508,Trades!$D$9:$D$508,$P$2,Trades!$T$9:$T$508,"OK",Trades!$A$9:$A$508,">="&A60,Trades!$A$9:$A$508,"<"&EDATE(A60,1)) -> 250 | C60: =IF(COUNT(Trades!$A$9:$A$508)=0,"",C59+B60) -> 690 | D60: =CHOOSE(MONTH(A60),"Jan","Feb","Mar","Apr","May","Jun","Jul","Aug","Sep","Oct","Nov","Dec")&" "&RIGHT(YEAR(A60),2) -> Sep 26
A61: =EOMONTH($R$2,-13+ROWS($A$50:A61))+1 -> 46296 | B61: =SUMIFS(_EngineTrades!$R$9:$R$508,Trades!$D$9:$D$508,$P$2,Trades!$T$9:$T$508,"OK",Trades!$A$9:$A$508,">="&A61,Trades!$A$9:$A$508,"<"&EDATE(A61,1)) -> 280 | C61: =IF(COUNT(Trades!$A$9:$A$508)=0,"",C60+B61) -> 970 | D61: =CHOOSE(MONTH(A61),"Jan","Feb","Mar","Apr","May","Jun","Jul","Aug","Sep","Oct","Nov","Dec")&" "&RIGHT(YEAR(A61),2) -> Oct 26

Sheet Trades
A1: BeInOptions · Enter trades
A2: Enter or edit your trades in the light blue cells. Gray cells calculate automatically. | U2: Sell Put | V2: sell_put | W2: Missing required field | X2: Pflichtfeld fehlt
A3: Sample Data · illustrative trades, not market data | U3: Close Put | V3: buy_to_close | W3: Duplicate event ID | X3: Doppelte Ereignis-ID
A4: Quantity means contracts for options and shares for stock trades. Premiums and close prices are per share; fees are total amounts. | U4: Put Assignment | V4: assignment | W4: Date out of order | X4: Datum nicht chronologisch
A5: For closes/assignments, expand the grouped detail columns on the right and select the opening Lot ID. Enter each cycle chronologically; do not sort linked rows. | U5: Sell Call | V5: sell_call | W5: Unknown lot | X5: Lot unbekannt
A6: Default multiplier | C6: 100 | U6: Close Call | V6: buy_to_close | W6: Wrong option leg | X6: Falsche Optionsart
U7: Sell Shares | V7: sell_shares | W7: Invalid value | X7: Ungültiger Wert
A8: Date | B8: Cycle ID | C8: Symbol | D8: Currency | E8: Action | F8: Quantity (contracts/shares) | G8: Strike | H8: Expiry | I8: Premium / share | J8: Fees | K8: Net cashflow | L8: Multiplier | M8: Share price | N8: Lot ID | O8: Event ID | P8: Note | Q8: Roll close price | R8: Other amount | S8: Check | U8: Call Assignment | V8: called_away | W8: Insufficient shares (capped) | X8: Nicht genügend Aktien
A9: 46193 | B9: sample-xyz | C9: XYZ | D9: USD | E9: Sell Put | F9: 1 | G9: 50 | H9: 46218 | I9: 1.5 | J9: 0.65 | K9: =IF($A9="","",_EngineTrades!S9) -> 149.35 | L9: 100 | O9: =IF(OR($A9="",$B9=""),"","E"&TEXT(ROW()-8,"0000")) -> E0001 | P9: Sample Data | S9: =IF($A9="","",_EngineTrades!V9) -> OK | T9: =IF($A9="","",IFERROR(INDEX(Cycles!$R$9:$R$208,MATCH(_EngineTrades!AU9,_EngineCycles!$A$9:$A$208,0)),"")) -> OK | U9: Buy Shares | V9: buy_shares | W9: Close quantity capped | X9: Schließmenge begrenzt | Y9: =IF(OR($A9="",$D9<>Overview!$P$2),"",COUNTIFS($D$9:$D$508,$D9,$A$9:$A$508,">"&$A9)+COUNTIFS($D$9:$D$508,$D9,$A$9:$A$508,$A9)-COUNTIFS($D$9:$D9,$D9,$A$9:$A9,$A9)+1) -> 23
A10: 46218 | B10: sample-xyz | C10: XYZ | D10: USD | E10: Put Assignment | F10: 1 | J10: 0 | K10: =IF($A10="","",_EngineTrades!S10) -> -5000 | L10: 100 | N10: E0001 | O10: =IF(OR($A10="",$B10=""),"","E"&TEXT(ROW()-8,"0000")) -> E0002 | P10: Sample Data | S10: =IF($A10="","",_EngineTrades!V10) -> OK | T10: =IF($A10="","",IFERROR(INDEX(Cycles!$R$9:$R$208,MATCH(_EngineTrades!AU10,_EngineCycles!$A$9:$A$208,0)),"")) -> OK | U10: Expire Put | V10: expire | Y10: =IF(OR($A10="",$D10<>Overview!$P$2),"",COUNTIFS($D$9:$D$508,$D10,$A$9:$A$508,">"&$A10)+COUNTIFS($D$9:$D$508,$D10,$A$9:$A$508,$A10)-COUNTIFS($D$9:$D10,$D10,$A$9:$A10,$A10)+1) -> 22
A11: 46221 | B11: sample-xyz | C11: XYZ | D11: USD | E11: Sell Call | F11: 1 | G11: 52 | H11: 46246 | I11: 1 | J11: 0.65 | K11: =IF($A11="","",_EngineTrades!S11) -> 99.35 | L11: 100 | O11: =IF(OR($A11="",$B11=""),"","E"&TEXT(ROW()-8,"0000")) -> E0003 | P11: Sample Data | S11: =IF($A11="","",_EngineTrades!V11) -> OK | T11: =IF($A11="","",IFERROR(INDEX(Cycles!$R$9:$R$208,MATCH(_EngineTrades!AU11,_EngineCycles!$A$9:$A$208,0)),"")) -> OK | U11: Expire Call | V11: expire | Y11: =IF(OR($A11="",$D11<>Overview!$P$2),"",COUNTIFS($D$9:$D$508,$D11,$A$9:$A$508,">"&$A11)+COUNTIFS($D$9:$D$508,$D11,$A$9:$A$508,$A11)-COUNTIFS($D$9:$D11,$D11,$A$9:$A11,$A11)+1) -> 21
A12: 46228 | B12: demo-loss | C12: MNO | D12: USD | E12: Buy Shares | F12: 100 | J12: 1 | K12: =IF($A12="","",_EngineTrades!S12) -> -4001 | L12: 100 | M12: 40 | O12: =IF(OR($A12="",$B12=""),"","E"&TEXT(ROW()-8,"0000")) -> E0004 | P12: Sample Data | S12: =IF($A12="","",_EngineTrades!V12) -> OK | T12: =IF($A12="","",IFERROR(INDEX(Cycles!$R$9:$R$208,MATCH(_EngineTrades!AU12,_EngineCycles!$A$9:$A$208,0)),"")) -> OK | U12: Roll Option | V12: roll | Y12: =IF(OR($A12="",$D12<>Overview!$P$2),"",COUNTIFS($D$9:$D$508,$D12,$A$9:$A$508,">"&$A12)+COUNTIFS($D$9:$D$508,$D12,$A$9:$A$508,$A12)-COUNTIFS($D$9:$D12,$D12,$A$9:$A12,$A12)+1) -> 20
A13: 46231 | B13: demo-loss | C13: MNO | D13: USD | E13: Sell Call | F13: 1 | G13: 39 | H13: 46255 | I13: 0.2 | J13: 0.65 | K13: =IF($A13="","",_EngineTrades!S13) -> 19.35 | L13: 100 | O13: =IF(OR($A13="",$B13=""),"","E"&TEXT(ROW()-8,"0000")) -> E0005 | P13: Sample Data | S13: =IF($A13="","",_EngineTrades!V13) -> OK | T13: =IF($A13="","",IFERROR(INDEX(Cycles!$R$9:$R$208,MATCH(_EngineTrades!AU13,_EngineCycles!$A$9:$A$208,0)),"")) -> OK | U13: Dividend | V13: dividend | Y13: =IF(OR($A13="",$D13<>Overview!$P$2),"",COUNTIFS($D$9:$D$508,$D13,$A$9:$A$508,">"&$A13)+COUNTIFS($D$9:$D$508,$D13,$A$9:$A$508,$A13)-COUNTIFS($D$9:$D13,$D13,$A$9:$A13,$A13)+1) -> 19
A14: 46243 | B14: demo-direct | C14: DEF | D14: USD | E14: Buy Shares | F14: 100 | J14: 1 | K14: =IF($A14="","",_EngineTrades!S14) -> -2501 | L14: 100 | M14: 25 | O14: =IF(OR($A14="",$B14=""),"","E"&TEXT(ROW()-8,"0000")) -> E0006 | P14: Sample Data | S14: =IF($A14="","",_EngineTrades!V14) -> OK | T14: =IF($A14="","",IFERROR(INDEX(Cycles!$R$9:$R$208,MATCH(_EngineTrades!AU14,_EngineCycles!$A$9:$A$208,0)),"")) -> OK | U14: Fee | V14: fee | Y14: =IF(OR($A14="",$D14<>Overview!$P$2),"",COUNTIFS($D$9:$D$508,$D14,$A$9:$A$508,">"&$A14)+COUNTIFS($D$9:$D$508,$D14,$A$9:$A$508,$A14)-COUNTIFS($D$9:$D14,$D14,$A$9:$A14,$A14)+1) -> 18
A15: 46245 | B15: demo-direct | C15: DEF | D15: USD | E15: Sell Call | F15: 1 | G15: 27 | H15: 46268 | I15: 0.5 | J15: 0.65 | K15: =IF($A15="","",_EngineTrades!S15) -> 49.35 | L15: 100 | O15: =IF(OR($A15="",$B15=""),"","E"&TEXT(ROW()-8,"0000")) -> E0007 | P15: Sample Data | S15: =IF($A15="","",_EngineTrades!V15) -> OK | T15: =IF($A15="","",IFERROR(INDEX(Cycles!$R$9:$R$208,MATCH(_EngineTrades!AU15,_EngineCycles!$A$9:$A$208,0)),"")) -> OK | Y15: =IF(OR($A15="",$D15<>Overview!$P$2),"",COUNTIFS($D$9:$D$508,$D15,$A$9:$A$508,">"&$A15)+COUNTIFS($D$9:$D$508,$D15,$A$9:$A$508,$A15)-COUNTIFS($D$9:$D15,$D15,$A$9:$A15,$A15)+1) -> 17
A16: 46246 | B16: sample-xyz | C16: XYZ | D16: USD | E16: Expire Call | F16: 1 | J16: 0 | K16: =IF($A16="","",_EngineTrades!S16) -> 0 | L16: 100 | N16: E0003 | O16: =IF(OR($A16="",$B16=""),"","E"&TEXT(ROW()-8,"0000")) -> E0008 | P16: Sample Data | S16: =IF($A16="","",_EngineTrades!V16) -> OK | T16: =IF($A16="","",IFERROR(INDEX(Cycles!$R$9:$R$208,MATCH(_EngineTrades!AU16,_EngineCycles!$A$9:$A$208,0)),"")) -> OK | Y16: =IF(OR($A16="",$D16<>Overview!$P$2),"",COUNTIFS($D$9:$D$508,$D16,$A$9:$A$508,">"&$A16)+COUNTIFS($D$9:$D$508,$D16,$A$9:$A$508,$A16)-COUNTIFS($D$9:$D16,$D16,$A$9:$A16,$A16)+1) -> 16
A17: 46249 | B17: sample-xyz | C17: XYZ | D17: USD | E17: Sell Call | F17: 1 | G17: 51 | H17: 46274 | I17: 1.2 | J17: 0.65 | K17: =IF($A17="","",_EngineTrades!S17) -> 119.35 | L17: 100 | O17: =IF(OR($A17="",$B17=""),"","E"&TEXT(ROW()-8,"0000")) -> E0009 | P17: Sample Data | S17: =IF($A17="","",_EngineTrades!V17) -> OK | T17: =IF($A17="","",IFERROR(INDEX(Cycles!$R$9:$R$208,MATCH(_EngineTrades!AU17,_EngineCycles!$A$9:$A$208,0)),"")) -> OK | Y17: =IF(OR($A17="",$D17<>Overview!$P$2),"",COUNTIFS($D$9:$D$508,$D17,$A$9:$A$508,">"&$A17)+COUNTIFS($D$9:$D$508,$D17,$A$9:$A$508,$A17)-COUNTIFS($D$9:$D17,$D17,$A$9:$A17,$A17)+1) -> 15
A18: 46253 | B18: sample-xyz | C18: XYZ | D18: USD | E18: Dividend | J18: 0 | K18: =IF($A18="","",_EngineTrades!S18) -> 24 | L18: 100 | O18: =IF(OR($A18="",$B18=""),"","E"&TEXT(ROW()-8,"0000")) -> E0010 | P18: Sample Data | R18: 24 | S18: =IF($A18="","",_EngineTrades!V18) -> OK | T18: =IF($A18="","",IFERROR(INDEX(Cycles!$R$9:$R$208,MATCH(_EngineTrades!AU18,_EngineCycles!$A$9:$A$208,0)),"")) -> OK | Y18: =IF(OR($A18="",$D18<>Overview!$P$2),"",COUNTIFS($D$9:$D$508,$D18,$A$9:$A$508,">"&$A18)+COUNTIFS($D$9:$D$508,$D18,$A$9:$A$508,$A18)-COUNTIFS($D$9:$D18,$D18,$A$9:$A18,$A18)+1) -> 14
A19: 46255 | B19: demo-loss | C19: MNO | D19: USD | E19: Call Assignment | F19: 1 | J19: 0.65 | K19: =IF($A19="","",_EngineTrades!S19) -> 3899.35 | L19: 100 | N19: E0005 | O19: =IF(OR($A19="",$B19=""),"","E"&TEXT(ROW()-8,"0000")) -> E0011 | P19: Sample Data | S19: =IF($A19="","",_EngineTrades!V19) -> OK | T19: =IF($A19="","",IFERROR(INDEX(Cycles!$R$9:$R$208,MATCH(_EngineTrades!AU19,_EngineCycles!$A$9:$A$208,0)),"")) -> OK | Y19: =IF(OR($A19="",$D19<>Overview!$P$2),"",COUNTIFS($D$9:$D$508,$D19,$A$9:$A$508,">"&$A19)+COUNTIFS($D$9:$D$508,$D19,$A$9:$A$508,$A19)-COUNTIFS($D$9:$D19,$D19,$A$9:$A19,$A19)+1) -> 13
A20: 46265 | B20: demo-eur | C20: EURX | D20: EUR | E20: Sell Put | F20: 1 | G20: 35 | H20: 46293 | I20: 0.6 | J20: 0.65 | K20: =IF($A20="","",_EngineTrades!S20) -> 59.35 | L20: 100 | O20: =IF(OR($A20="",$B20=""),"","E"&TEXT(ROW()-8,"0000")) -> E0012 | P20: Sample Data | S20: =IF($A20="","",_EngineTrades!V20) -> OK | T20: =IF($A20="","",IFERROR(INDEX(Cycles!$R$9:$R$208,MATCH(_EngineTrades!AU20,_EngineCycles!$A$9:$A$208,0)),"")) -> OK | Y20: =IF(OR($A20="",$D20<>Overview!$P$2),"",COUNTIFS($D$9:$D$508,$D20,$A$9:$A$508,">"&$A20)+COUNTIFS($D$9:$D$508,$D20,$A$9:$A$508,$A20)-COUNTIFS($D$9:$D20,$D20,$A$9:$A20,$A20)+1)
A21: 46268 | B21: sample-abc | C21: ABC | D21: USD | E21: Sell Put | F21: 2 | G21: 20 | H21: 46296 | I21: 0.45 | J21: 1.3 | K21: =IF($A21="","",_EngineTrades!S21) -> 88.7 | L21: 100 | O21: =IF(OR($A21="",$B21=""),"","E"&TEXT(ROW()-8,"0000")) -> E0013 | P21: Sample Data | S21: =IF($A21="","",_EngineTrades!V21) -> OK | T21: =IF($A21="","",IFERROR(INDEX(Cycles!$R$9:$R$208,MATCH(_EngineTrades!AU21,_EngineCycles!$A$9:$A$208,0)),"")) -> OK | Y21: =IF(OR($A21="",$D21<>Overview!$P$2),"",COUNTIFS($D$9:$D$508,$D21,$A$9:$A$508,">"&$A21)+COUNTIFS($D$9:$D$508,$D21,$A$9:$A$508,$A21)-COUNTIFS($D$9:$D21,$D21,$A$9:$A21,$A21)+1) -> 12
A22: 46268 | B22: demo-direct | C22: DEF | D22: USD | E22: Close Call | F22: 1 | I22: 0.1 | J22: 0.65 | K22: =IF($A22="","",_EngineTrades!S22) -> -10.65 | L22: 100 | N22: E0007 | O22: =IF(OR($A22="",$B22=""),"","E"&TEXT(ROW()-8,"0000")) -> E0014 | P22: Sample Data | S22: =IF($A22="","",_EngineTrades!V22) -> OK | T22: =IF($A22="","",IFERROR(INDEX(Cycles!$R$9:$R$208,MATCH(_EngineTrades!AU22,_EngineCycles!$A$9:$A$208,0)),"")) -> OK | Y22: =IF(OR($A22="",$D22<>Overview!$P$2),"",COUNTIFS($D$9:$D$508,$D22,$A$9:$A$508,">"&$A22)+COUNTIFS($D$9:$D$508,$D22,$A$9:$A$508,$A22)-COUNTIFS($D$9:$D22,$D22,$A$9:$A22,$A22)+1) -> 11
A23: 46271 | B23: demo-direct | C23: DEF | D23: USD | E23: Sell Shares | F23: 100 | J23: 1 | K23: =IF($A23="","",_EngineTrades!S23) -> 2599 | L23: 100 | M23: 26 | O23: =IF(OR($A23="",$B23=""),"","E"&TEXT(ROW()-8,"0000")) -> E0015 | P23: Sample Data | S23: =IF($A23="","",_EngineTrades!V23) -> OK | T23: =IF($A23="","",IFERROR(INDEX(Cycles!$R$9:$R$208,MATCH(_EngineTrades!AU23,_EngineCycles!$A$9:$A$208,0)),"")) -> OK | Y23: =IF(OR($A23="",$D23<>Overview!$P$2),"",COUNTIFS($D$9:$D$508,$D23,$A$9:$A$508,">"&$A23)+COUNTIFS($D$9:$D$508,$D23,$A$9:$A$508,$A23)-COUNTIFS($D$9:$D23,$D23,$A$9:$A23,$A23)+1) -> 10
A24: 46274 | B24: sample-xyz | C24: XYZ | D24: USD | E24: Call Assignment | F24: 1 | J24: 0 | K24: =IF($A24="","",_EngineTrades!S24) -> 5100 | L24: 100 | N24: E0009 | O24: =IF(OR($A24="",$B24=""),"","E"&TEXT(ROW()-8,"0000")) -> E0016 | P24: Sample Data | S24: =IF($A24="","",_EngineTrades!V24) -> OK | T24: =IF($A24="","",IFERROR(INDEX(Cycles!$R$9:$R$208,MATCH(_EngineTrades!AU24,_EngineCycles!$A$9:$A$208,0)),"")) -> OK | Y24: =IF(OR($A24="",$D24<>Overview!$P$2),"",COUNTIFS($D$9:$D$508,$D24,$A$9:$A$508,">"&$A24)+COUNTIFS($D$9:$D$508,$D24,$A$9:$A$508,$A24)-COUNTIFS($D$9:$D24,$D24,$A$9:$A24,$A24)+1) -> 9
A25: 46283 | B25: demo-held | C25: GHI | D25: USD | E25: Sell Put | F25: 1 | G25: 30 | H25: 46303 | I25: 0.8 | J25: 0.65 | K25: =IF($A25="","",_EngineTrades!S25) -> 79.35 | L25: 100 | O25: =IF(OR($A25="",$B25=""),"","E"&TEXT(ROW()-8,"0000")) -> E0017 | P25: Sample Data | S25: =IF($A25="","",_EngineTrades!V25) -> OK | T25: =IF($A25="","",IFERROR(INDEX(Cycles!$R$9:$R$208,MATCH(_EngineTrades!AU25,_EngineCycles!$A$9:$A$208,0)),"")) -> OK | Y25: =IF(OR($A25="",$D25<>Overview!$P$2),"",COUNTIFS($D$9:$D$508,$D25,$A$9:$A$508,">"&$A25)+COUNTIFS($D$9:$D$508,$D25,$A$9:$A$508,$A25)-COUNTIFS($D$9:$D25,$D25,$A$9:$A25,$A25)+1) -> 8
A26: 46287 | B26: sample-abc | C26: ABC | D26: USD | E26: Close Put | F26: 2 | I26: 0.1 | J26: 1.3 | K26: =IF($A26="","",_EngineTrades!S26) -> -21.3 | L26: 100 | N26: E0013 | O26: =IF(OR($A26="",$B26=""),"","E"&TEXT(ROW()-8,"0000")) -> E0018 | P26: Sample Data | S26: =IF($A26="","",_EngineTrades!V26) -> OK | T26: =IF($A26="","",IFERROR(INDEX(Cycles!$R$9:$R$208,MATCH(_EngineTrades!AU26,_EngineCycles!$A$9:$A$208,0)),"")) -> OK | Y26: =IF(OR($A26="",$D26<>Overview!$P$2),"",COUNTIFS($D$9:$D$508,$D26,$A$9:$A$508,">"&$A26)+COUNTIFS($D$9:$D$508,$D26,$A$9:$A$508,$A26)-COUNTIFS($D$9:$D26,$D26,$A$9:$A26,$A26)+1) -> 7
A27: 46288 | B27: sample-xyz | C27: XYZ | D27: USD | E27: Sell Put | F27: 1 | G27: 49 | H27: 46309 | I27: 1.1 | J27: 0.65 | K27: =IF($A27="","",_EngineTrades!S27) -> 109.35 | L27: 100 | O27: =IF(OR($A27="",$B27=""),"","E"&TEXT(ROW()-8,"0000")) -> E0019 | P27: Sample Data | S27: =IF($A27="","",_EngineTrades!V27) -> OK | T27: =IF($A27="","",IFERROR(INDEX(Cycles!$R$9:$R$208,MATCH(_EngineTrades!AU27,_EngineCycles!$A$9:$A$208,0)),"")) -> OK | Y27: =IF(OR($A27="",$D27<>Overview!$P$2),"",COUNTIFS($D$9:$D$508,$D27,$A$9:$A$508,">"&$A27)+COUNTIFS($D$9:$D$508,$D27,$A$9:$A$508,$A27)-COUNTIFS($D$9:$D27,$D27,$A$9:$A27,$A27)+1) -> 6
A28: 46293 | B28: demo-eur | C28: EURX | D28: EUR | E28: Expire Put | F28: 1 | J28: 0 | K28: =IF($A28="","",_EngineTrades!S28) -> 0 | L28: 100 | N28: E0012 | O28: =IF(OR($A28="",$B28=""),"","E"&TEXT(ROW()-8,"0000")) -> E0020 | P28: Sample Data | S28: =IF($A28="","",_EngineTrades!V28) -> OK | T28: =IF($A28="","",IFERROR(INDEX(Cycles!$R$9:$R$208,MATCH(_EngineTrades!AU28,_EngineCycles!$A$9:$A$208,0)),"")) -> OK | Y28: =IF(OR($A28="",$D28<>Overview!$P$2),"",COUNTIFS($D$9:$D$508,$D28,$A$9:$A$508,">"&$A28)+COUNTIFS($D$9:$D$508,$D28,$A$9:$A$508,$A28)-COUNTIFS($D$9:$D28,$D28,$A$9:$A28,$A28)+1)
A29: 46295 | B29: demo-covered | C29: JKL | D29: USD | E29: Buy Shares | F29: 100 | J29: 1 | K29: =IF($A29="","",_EngineTrades!S29) -> -4501 | L29: 100 | M29: 45 | O29: =IF(OR($A29="",$B29=""),"","E"&TEXT(ROW()-8,"0000")) -> E0021 | P29: Sample Data | S29: =IF($A29="","",_EngineTrades!V29) -> OK | T29: =IF($A29="","",IFERROR(INDEX(Cycles!$R$9:$R$208,MATCH(_EngineTrades!AU29,_EngineCycles!$A$9:$A$208,0)),"")) -> OK | Y29: =IF(OR($A29="",$D29<>Overview!$P$2),"",COUNTIFS($D$9:$D$508,$D29,$A$9:$A$508,">"&$A29)+COUNTIFS($D$9:$D$508,$D29,$A$9:$A$508,$A29)-COUNTIFS($D$9:$D29,$D29,$A$9:$A29,$A29)+1) -> 5
A30: 46298 | B30: demo-covered | C30: JKL | D30: USD | E30: Sell Call | F30: 1 | G30: 48 | H30: 46323 | I30: 1.1 | J30: 0.65 | K30: =IF($A30="","",_EngineTrades!S30) -> 109.35 | L30: 100 | O30: =IF(OR($A30="",$B30=""),"","E"&TEXT(ROW()-8,"0000")) -> E0022 | P30: Sample Data | S30: =IF($A30="","",_EngineTrades!V30) -> OK | T30: =IF($A30="","",IFERROR(INDEX(Cycles!$R$9:$R$208,MATCH(_EngineTrades!AU30,_EngineCycles!$A$9:$A$208,0)),"")) -> OK | Y30: =IF(OR($A30="",$D30<>Overview!$P$2),"",COUNTIFS($D$9:$D$508,$D30,$A$9:$A$508,">"&$A30)+COUNTIFS($D$9:$D$508,$D30,$A$9:$A$508,$A30)-COUNTIFS($D$9:$D30,$D30,$A$9:$A30,$A30)+1) -> 4
A31: 46303 | B31: demo-held | C31: GHI | D31: USD | E31: Put Assignment | F31: 1 | J31: 0.65 | K31: =IF($A31="","",_EngineTrades!S31) -> -3000.65 | L31: 100 | N31: E0017 | O31: =IF(OR($A31="",$B31=""),"","E"&TEXT(ROW()-8,"0000")) -> E0023 | P31: Sample Data | S31: =IF($A31="","",_EngineTrades!V31) -> OK | T31: =IF($A31="","",IFERROR(INDEX(Cycles!$R$9:$R$208,MATCH(_EngineTrades!AU31,_EngineCycles!$A$9:$A$208,0)),"")) -> OK | Y31: =IF(OR($A31="",$D31<>Overview!$P$2),"",COUNTIFS($D$9:$D$508,$D31,$A$9:$A$508,">"&$A31)+COUNTIFS($D$9:$D$508,$D31,$A$9:$A$508,$A31)-COUNTIFS($D$9:$D31,$D31,$A$9:$A31,$A31)+1) -> 3
A32: 46308 | B32: sample-xyz | C32: XYZ | D32: USD | E32: Roll Option | F32: 1 | G32: 48 | H32: 46337 | I32: 1.6 | J32: 1.3 | K32: =IF($A32="","",_EngineTrades!S32) -> 68.7 | L32: 100 | N32: E0019 | O32: =IF(OR($A32="",$B32=""),"","E"&TEXT(ROW()-8,"0000")) -> E0024 | P32: Sample Data | Q32: 0.9 | S32: =IF($A32="","",_EngineTrades!V32) -> OK | T32: =IF($A32="","",IFERROR(INDEX(Cycles!$R$9:$R$208,MATCH(_EngineTrades!AU32,_EngineCycles!$A$9:$A$208,0)),"")) -> OK | Y32: =IF(OR($A32="",$D32<>Overview!$P$2),"",COUNTIFS($D$9:$D$508,$D32,$A$9:$A$508,">"&$A32)+COUNTIFS($D$9:$D$508,$D32,$A$9:$A$508,$A32)-COUNTIFS($D$9:$D32,$D32,$A$9:$A32,$A32)+1) -> 2
A33: 46310 | B33: sample-abc | C33: ABC | D33: USD | E33: Sell Put | F33: 2 | G33: 19 | H33: 46338 | I33: 0.5 | J33: 1.3 | K33: =IF($A33="","",_EngineTrades!S33) -> 98.7 | L33: 100 | O33: =IF(OR($A33="",$B33=""),"","E"&TEXT(ROW()-8,"0000")) -> E0025 | P33: Sample Data | S33: =IF($A33="","",_EngineTrades!V33) -> OK | T33: =IF($A33="","",IFERROR(INDEX(Cycles!$R$9:$R$208,MATCH(_EngineTrades!AU33,_EngineCycles!$A$9:$A$208,0)),"")) -> OK | Y33: =IF(OR($A33="",$D33<>Overview!$P$2),"",COUNTIFS($D$9:$D$508,$D33,$A$9:$A$508,">"&$A33)+COUNTIFS($D$9:$D$508,$D33,$A$9:$A$508,$A33)-COUNTIFS($D$9:$D33,$D33,$A$9:$A33,$A33)+1) -> 1
K34: =IF($A34="","",_EngineTrades!S34) | O34: =IF(OR($A34="",$B34=""),"","E"&TEXT(ROW()-8,"0000")) | S34: =IF($A34="","",_EngineTrades!V34) | T34: =IF($A34="","",IFERROR(INDEX(Cycles!$R$9:$R$208,MATCH(_EngineTrades!AU34,_EngineCycles!$A$9:$A$208,0)),"")) | Y34: =IF(OR($A34="",$D34<>Overview!$P$2),"",COUNTIFS($D$9:$D$508,$D34,$A$9:$A$508,">"&$A34)+COUNTIFS($D$9:$D$508,$D34,$A$9:$A$508,$A34)-COUNTIFS($D$9:$D34,$D34,$A$9:$A34,$A34)+1)
K35: =IF($A35="","",_EngineTrades!S35) | O35: =IF(OR($A35="",$B35=""),"","E"&TEXT(ROW()-8,"0000")) | S35: =IF($A35="","",_EngineTrades!V35) | T35: =IF($A35="","",IFERROR(INDEX(Cycles!$R$9:$R$208,MATCH(_EngineTrades!AU35,_EngineCycles!$A$9:$A$208,0)),"")) | Y35: =IF(OR($A35="",$D35<>Overview!$P$2),"",COUNTIFS($D$9:$D$508,$D35,$A$9:$A$508,">"&$A35)+COUNTIFS($D$9:$D$508,$D35,$A$9:$A$508,$A35)-COUNTIFS($D$9:$D35,$D35,$A$9:$A35,$A35)+1)
K36: =IF($A36="","",_EngineTrades!S36) | O36: =IF(OR($A36="",$B36=""),"","E"&TEXT(ROW()-8,"0000")) | S36: =IF($A36="","",_EngineTrades!V36) | T36: =IF($A36="","",IFERROR(INDEX(Cycles!$R$9:$R$208,MATCH(_EngineTrades!AU36,_EngineCycles!$A$9:$A$208,0)),"")) | Y36: =IF(OR($A36="",$D36<>Overview!$P$2),"",COUNTIFS($D$9:$D$508,$D36,$A$9:$A$508,">"&$A36)+COUNTIFS($D$9:$D$508,$D36,$A$9:$A$508,$A36)-COUNTIFS($D$9:$D36,$D36,$A$9:$A36,$A36)+1)
K37: =IF($A37="","",_EngineTrades!S37) | O37: =IF(OR($A37="",$B37=""),"","E"&TEXT(ROW()-8,"0000")) | S37: =IF($A37="","",_EngineTrades!V37) | T37: =IF($A37="","",IFERROR(INDEX(Cycles!$R$9:$R$208,MATCH(_EngineTrades!AU37,_EngineCycles!$A$9:$A$208,0)),"")) | Y37: =IF(OR($A37="",$D37<>Overview!$P$2),"",COUNTIFS($D$9:$D$508,$D37,$A$9:$A$508,">"&$A37)+COUNTIFS($D$9:$D$508,$D37,$A$9:$A$508,$A37)-COUNTIFS($D$9:$D37,$D37,$A$9:$A37,$A37)+1)
K38: =IF($A38="","",_EngineTrades!S38) | O38: =IF(OR($A38="",$B38=""),"","E"&TEXT(ROW()-8,"0000")) | S38: =IF($A38="","",_EngineTrades!V38) | T38: =IF($A38="","",IFERROR(INDEX(Cycles!$R$9:$R$208,MATCH(_EngineTrades!AU38,_EngineCycles!$A$9:$A$208,0)),"")) | Y38: =IF(OR($A38="",$D38<>Overview!$P$2),"",COUNTIFS($D$9:$D$508,$D38,$A$9:$A$508,">"&$A38)+COUNTIFS($D$9:$D$508,$D38,$A$9:$A$508,$A38)-COUNTIFS($D$9:$D38,$D38,$A$9:$A38,$A38)+1)
K39: =IF($A39="","",_EngineTrades!S39) | O39: =IF(OR($A39="",$B39=""),"","E"&TEXT(ROW()-8,"0000")) | S39: =IF($A39="","",_EngineTrades!V39) | T39: =IF($A39="","",IFERROR(INDEX(Cycles!$R$9:$R$208,MATCH(_EngineTrades!AU39,_EngineCycles!$A$9:$A$208,0)),"")) | Y39: =IF(OR($A39="",$D39<>Overview!$P$2),"",COUNTIFS($D$9:$D$508,$D39,$A$9:$A$508,">"&$A39)+COUNTIFS($D$9:$D$508,$D39,$A$9:$A$508,$A39)-COUNTIFS($D$9:$D39,$D39,$A$9:$A39,$A39)+1)
K40: =IF($A40="","",_EngineTrades!S40) | O40: =IF(OR($A40="",$B40=""),"","E"&TEXT(ROW()-8,"0000")) | S40: =IF($A40="","",_EngineTrades!V40) | T40: =IF($A40="","",IFERROR(INDEX(Cycles!$R$9:$R$208,MATCH(_EngineTrades!AU40,_EngineCycles!$A$9:$A$208,0)),"")) | Y40: =IF(OR($A40="",$D40<>Overview!$P$2),"",COUNTIFS($D$9:$D$508,$D40,$A$9:$A$508,">"&$A40)+COUNTIFS($D$9:$D$508,$D40,$A$9:$A$508,$A40)-COUNTIFS($D$9:$D40,$D40,$A$9:$A40,$A40)+1)
K41: =IF($A41="","",_EngineTrades!S41) | O41: =IF(OR($A41="",$B41=""),"","E"&TEXT(ROW()-8,"0000")) | S41: =IF($A41="","",_EngineTrades!V41) | T41: =IF($A41="","",IFERROR(INDEX(Cycles!$R$9:$R$208,MATCH(_EngineTrades!AU41,_EngineCycles!$A$9:$A$208,0)),"")) | Y41: =IF(OR($A41="",$D41<>Overview!$P$2),"",COUNTIFS($D$9:$D$508,$D41,$A$9:$A$508,">"&$A41)+COUNTIFS($D$9:$D$508,$D41,$A$9:$A$508,$A41)-COUNTIFS($D$9:$D41,$D41,$A$9:$A41,$A41)+1)
K42: =IF($A42="","",_EngineTrades!S42) | O42: =IF(OR($A42="",$B42=""),"","E"&TEXT(ROW()-8,"0000")) | S42: =IF($A42="","",_EngineTrades!V42) | T42: =IF($A42="","",IFERROR(INDEX(Cycles!$R$9:$R$208,MATCH(_EngineTrades!AU42,_EngineCycles!$A$9:$A$208,0)),"")) | Y42: =IF(OR($A42="",$D42<>Overview!$P$2),"",COUNTIFS($D$9:$D$508,$D42,$A$9:$A$508,">"&$A42)+COUNTIFS($D$9:$D$508,$D42,$A$9:$A$508,$A42)-COUNTIFS($D$9:$D42,$D42,$A$9:$A42,$A42)+1)
K43: =IF($A43="","",_EngineTrades!S43) | O43: =IF(OR($A43="",$B43=""),"","E"&TEXT(ROW()-8,"0000")) | S43: =IF($A43="","",_EngineTrades!V43) | T43: =IF($A43="","",IFERROR(INDEX(Cycles!$R$9:$R$208,MATCH(_EngineTrades!AU43,_EngineCycles!$A$9:$A$208,0)),"")) | Y43: =IF(OR($A43="",$D43<>Overview!$P$2),"",COUNTIFS($D$9:$D$508,$D43,$A$9:$A$508,">"&$A43)+COUNTIFS($D$9:$D$508,$D43,$A$9:$A$508,$A43)-COUNTIFS($D$9:$D43,$D43,$A$9:$A43,$A43)+1)
K44: =IF($A44="","",_EngineTrades!S44) | O44: =IF(OR($A44="",$B44=""),"","E"&TEXT(ROW()-8,"0000")) | S44: =IF($A44="","",_EngineTrades!V44) | T44: =IF($A44="","",IFERROR(INDEX(Cycles!$R$9:$R$208,MATCH(_EngineTrades!AU44,_EngineCycles!$A$9:$A$208,0)),"")) | Y44: =IF(OR($A44="",$D44<>Overview!$P$2),"",COUNTIFS($D$9:$D$508,$D44,$A$9:$A$508,">"&$A44)+COUNTIFS($D$9:$D$508,$D44,$A$9:$A$508,$A44)-COUNTIFS($D$9:$D44,$D44,$A$9:$A44,$A44)+1)
K45: =IF($A45="","",_EngineTrades!S45) | O45: =IF(OR($A45="",$B45=""),"","E"&TEXT(ROW()-8,"0000")) | S45: =IF($A45="","",_EngineTrades!V45) | T45: =IF($A45="","",IFERROR(INDEX(Cycles!$R$9:$R$208,MATCH(_EngineTrades!AU45,_EngineCycles!$A$9:$A$208,0)),"")) | Y45: =IF(OR($A45="",$D45<>Overview!$P$2),"",COUNTIFS($D$9:$D$508,$D45,$A$9:$A$508,">"&$A45)+COUNTIFS($D$9:$D$508,$D45,$A$9:$A$508,$A45)-COUNTIFS($D$9:$D45,$D45,$A$9:$A45,$A45)+1)
... K508: =IF($A508="","",_EngineTrades!S508) | O508: =IF(OR($A508="",$B508=""),"","E"&TEXT(ROW()-8,"0000")) | S508: =IF($A508="","",_EngineTrades!V508) | T508: =IF($A508="","",IFERROR(INDEX(Cycles!$R$9:$R$208,MATCH(_EngineTrades!AU508,_EngineCycles!$A$9:$A$208,0)),"")) | Y508: =IF(OR($A508="",$D508<>Overview!$P$2),"",COUNTIFS($D$9:$D$508,$D508,$A$9:$A$508,">"&$A508)+COUNTIFS($D$9:$D$508,$D508,$A$9:$A$508,$A508)-COUNTIFS($D$9:$D508,$D508,$A$9:$A508,$A508)+1)
A510: ⓘ Actions: Sell Put · Close Put · Assignment · Sell Call · Close Call · Buy / sell shares Light blue = input · Gray = formula · Enter quantity and multiplier for the product

Sheet Cycles
A1: BeInOptions · Wheel cycles
A2: Sample Data · these cycles calculate automatically from the illustrative trades.
A3: Use the + above the table to expand extra metrics and light blue Repair assumptions U–X. Open-cycle cashflow is not realized profit.
A4: Annualized return = return on peak capital × 365 ÷ calendar days; open: booked income, closed: realized cashflow. No compounding.
A7: ⓘ Adjusted basis, Repair Strike and return calculate automatically. Blue = assumptions in expandable columns; green/red = profit/loss.
A8: Cycle ID | B8: Symbol | C8: Currency | D8: Phase | E8: Shares | F8: Option strike | G8: Avg share price | H8: Net premiums | I8: Buybacks | J8: Fees | K8: Adjusted basis | L8: Repair strike | M8: Cashflow | N8: Realized P/L | O8: Annualized return | P8: Capital committed | Q8: Status | R8: Check | S8: Expiration | T8: Days | U8: Call premium assumption | V8: Future fees | W8: Target profit / share | X8: Strike increment
A9: =IF(_EngineCycles!A9="","",_EngineCycles!B9&IF(_EngineCycles!C9>1," / "&_EngineCycles!C9,"")) -> sample-xyz | B9: =IF(_EngineCycles!A9="","",_EngineCycles!D9) -> XYZ | C9: =IF(_EngineCycles!A9="","",IFERROR(INDEX(Trades!$D$9:$D$508,_EngineCycles!AG9-8),"")) -> USD | D9: =IF(_EngineCycles!A9="","",IF($R9<>"OK","Review",IF(_EngineCycles!E9="Closed","Closed",IF(_EngineCycles!P9>0,IF(IFERROR(LOOKUP(2,1/((_EngineTrades!$AU$9:$AU$508=_EngineCycles!A9)),_EngineTrades!$AQ$9:$AQ$508),0)>0,"Covered Call","Shares Held"),"Cash-Secured Put")))) -> Closed | E9: =IF(NOT(_EngineCycles!A9<>""),"",IF(NOT($R9="OK"),"",_EngineCycles!P9)) -> 0 | F9: =IF(NOT(_EngineCycles!A9<>""),"",IF(NOT($R9="OK"),"",IF(AND(_EngineCycles!E9="Open",IFERROR(LOOKUP(2,1/((_EngineTrades!$AU$9:$AU$508=_EngineCycles!A9)),_EngineTrades!$AQ$9:$AQ$508),0)>0),IFERROR(LOOKUP(2,1/((_EngineTrades!$AU$9:$AU$508=_EngineCycles!A9)*(_EngineTrades!$AI$9:$AI$508>0)),_EngineTrades!$AH$9:$AH$508),0),""))) | G9: =IF(NOT(_EngineCycles!A9<>""),"",IF(NOT($R9="OK"),"",_EngineCycles!Q9)) | H9: =IF(NOT(_EngineCycles!A9<>""),"",IF(NOT($R9="OK"),"",_EngineCycles!J9)) -> 370 | I9: =IF(NOT(_EngineCycles!A9<>""),"",IF(NOT($R9="OK"),"",_EngineCycles!I9)) -> 0 | J9: =IF(NOT(_EngineCycles!A9<>""),"",IF(NOT($R9="OK"),"",_EngineCycles!L9)) -> 1.95 | K9: =IF(NOT(_EngineCycles!A9<>""),"",IF(NOT($R9="OK"),"",_EngineCycles!U9)) | L9: =IF(NOT(_EngineCycles!A9<>""),"",IF(NOT($R9="OK"),"",_EngineCycles!AE9)) | M9: =IF(NOT(_EngineCycles!A9<>""),"",IF(NOT($R9="OK"),"",_EngineCycles!O9)) -> 492.05 | N9: =IF(NOT(_EngineCycles!A9<>""),"",IF(NOT($R9="OK"),"",IF(_EngineCycles!E9="Closed",_EngineCycles!O9,""))) -> 492.05 | O9: =IF(NOT(_EngineCycles!A9<>""),"",IF(NOT($R9="OK"),"",_EngineCycles!Y9)) -> 0.443452 | P9: =IF(NOT(_EngineCycles!A9<>""),"",IF(NOT($R9="OK"),"",_EngineCycles!S9)) -> 0 | Q9: =IF(_EngineCycles!A9="","",IF($R9<>"OK","Review",IF(_EngineCycles!E9="Closed","Closed","Open"))) -> Closed | R9: =IF(_EngineCycles!A9="","",IF(COUNTIFS(Trades!$B$9:$B$508,_EngineCycles!B9,Trades!$C$9:$C$508,"<>"&$B9,Trades!$A$9:$A$508,"<>")>0,"Ticker mismatch",IF(COUNTIFS(Trades!$B$9:$B$508,_EngineCycles!B9,Trades!$D$9:$D$508,"<>"&$C9,Trades!$A$9:$A$508,"<>")>0,"Currency mismatch",IF(COUNTIFS(Trades!$B$9:$B$508,_EngineCycles!B9,Trades!$S$9:$S$508,"<>OK",Trades!$A$9:$A$508,"<>")>0,"Check trades","OK")))) -> OK | S9: =IF(NOT(_EngineCycles!A9<>""),"",IF(NOT($R9="OK"),"",IF(AND(_EngineCycles!E9="Open",IFERROR(LOOKUP(2,1/((_EngineTrades!$AU$9:$AU$508=_EngineCycles!A9)),_EngineTrades!$AQ$9:$AQ$508),0)>0),IFERROR(LOOKUP(2,1/((_EngineTrades!$AU$9:$AU$508=_EngineCycles!A9)*(_EngineTrades!$AI$9:$AI$508>0)),_EngineTrades!$P$9:$P$508),0),""))) | T9: =IF(NOT(_EngineCycles!A9<>""),"",IF(NOT($R9="OK"),"",_EngineCycles!W9)) -> 81 | Y9: =IF(AND($C9=Overview!$P$2,$Q9="Open",$R9="OK"),COUNTIFS($C$9:$C9,Overview!$P$2,$Q$9:$Q9,"Open",$R$9:$R9,"OK"),"")
A10: =IF(_EngineCycles!A10="","",_EngineCycles!B10&IF(_EngineCycles!C10>1," / "&_EngineCycles!C10,"")) -> demo-loss | B10: =IF(_EngineCycles!A10="","",_EngineCycles!D10) -> MNO | C10: =IF(_EngineCycles!A10="","",IFERROR(INDEX(Trades!$D$9:$D$508,_EngineCycles!AG10-8),"")) -> USD | D10: =IF(_EngineCycles!A10="","",IF($R10<>"OK","Review",IF(_EngineCycles!E10="Closed","Closed",IF(_EngineCycles!P10>0,IF(IFERROR(LOOKUP(2,1/((_EngineTrades!$AU$9:$AU$508=_EngineCycles!A10)),_EngineTrades!$AQ$9:$AQ$508),0)>0,"Covered Call","Shares Held"),"Cash-Secured Put")))) -> Closed | E10: =IF(NOT(_EngineCycles!A10<>""),"",IF(NOT($R10="OK"),"",_EngineCycles!P10)) -> 0 | F10: =IF(NOT(_EngineCycles!A10<>""),"",IF(NOT($R10="OK"),"",IF(AND(_EngineCycles!E10="Open",IFERROR(LOOKUP(2,1/((_EngineTrades!$AU$9:$AU$508=_EngineCycles!A10)),_EngineTrades!$AQ$9:$AQ$508),0)>0),IFERROR(LOOKUP(2,1/((_EngineTrades!$AU$9:$AU$508=_EngineCycles!A10)*(_EngineTrades!$AI$9:$AI$508>0)),_EngineTrades!$AH$9:$AH$508),0),""))) | G10: =IF(NOT(_EngineCycles!A10<>""),"",IF(NOT($R10="OK"),"",_EngineCycles!Q10)) | H10: =IF(NOT(_EngineCycles!A10<>""),"",IF(NOT($R10="OK"),"",_EngineCycles!J10)) -> 20 | I10: =IF(NOT(_EngineCycles!A10<>""),"",IF(NOT($R10="OK"),"",_EngineCycles!I10)) -> 0 | J10: =IF(NOT(_EngineCycles!A10<>""),"",IF(NOT($R10="OK"),"",_EngineCycles!L10)) -> 2.3 | K10: =IF(NOT(_EngineCycles!A10<>""),"",IF(NOT($R10="OK"),"",_EngineCycles!U10)) | L10: =IF(NOT(_EngineCycles!A10<>""),"",IF(NOT($R10="OK"),"",_EngineCycles!AE10)) | M10: =IF(NOT(_EngineCycles!A10<>""),"",IF(NOT($R10="OK"),"",_EngineCycles!O10)) -> -82.3 | N10: =IF(NOT(_EngineCycles!A10<>""),"",IF(NOT($R10="OK"),"",IF(_EngineCycles!E10="Closed",_EngineCycles!O10,""))) -> -82.3 | O10: =IF(NOT(_EngineCycles!A10<>""),"",IF(NOT($R10="OK"),"",_EngineCycles!Y10)) -> -0.278144 | P10: =IF(NOT(_EngineCycles!A10<>""),"",IF(NOT($R10="OK"),"",_EngineCycles!S10)) -> 0 | Q10: =IF(_EngineCycles!A10="","",IF($R10<>"OK","Review",IF(_EngineCycles!E10="Closed","Closed","Open"))) -> Closed | R10: =IF(_EngineCycles!A10="","",IF(COUNTIFS(Trades!$B$9:$B$508,_EngineCycles!B10,Trades!$C$9:$C$508,"<>"&$B10,Trades!$A$9:$A$508,"<>")>0,"Ticker mismatch",IF(COUNTIFS(Trades!$B$9:$B$508,_EngineCycles!B10,Trades!$D$9:$D$508,"<>"&$C10,Trades!$A$9:$A$508,"<>")>0,"Currency mismatch",IF(COUNTIFS(Trades!$B$9:$B$508,_EngineCycles!B10,Trades!$S$9:$S$508,"<>OK",Trades!$A$9:$A$508,"<>")>0,"Check trades","OK")))) -> OK | S10: =IF(NOT(_EngineCycles!A10<>""),"",IF(NOT($R10="OK"),"",IF(AND(_EngineCycles!E10="Open",IFERROR(LOOKUP(2,1/((_EngineTrades!$AU$9:$AU$508=_EngineCycles!A10)),_EngineTrades!$AQ$9:$AQ$508),0)>0),IFERROR(LOOKUP(2,1/((_EngineTrades!$AU$9:$AU$508=_EngineCycles!A10)*(_EngineTrades!$AI$9:$AI$508>0)),_EngineTrades!$P$9:$P$508),0),""))) | T10: =IF(NOT(_EngineCycles!A10<>""),"",IF(NOT($R10="OK"),"",_EngineCycles!W10)) -> 27 | Y10: =IF(AND($C10=Overview!$P$2,$Q10="Open",$R10="OK"),COUNTIFS($C$9:$C10,Overview!$P$2,$Q$9:$Q10,"Open",$R$9:$R10,"OK"),"")
A11: =IF(_EngineCycles!A11="","",_EngineCycles!B11&IF(_EngineCycles!C11>1," / "&_EngineCycles!C11,"")) -> demo-direct | B11: =IF(_EngineCycles!A11="","",_EngineCycles!D11) -> DEF | C11: =IF(_EngineCycles!A11="","",IFERROR(INDEX(Trades!$D$9:$D$508,_EngineCycles!AG11-8),"")) -> USD | D11: =IF(_EngineCycles!A11="","",IF($R11<>"OK","Review",IF(_EngineCycles!E11="Closed","Closed",IF(_EngineCycles!P11>0,IF(IFERROR(LOOKUP(2,1/((_EngineTrades!$AU$9:$AU$508=_EngineCycles!A11)),_EngineTrades!$AQ$9:$AQ$508),0)>0,"Covered Call","Shares Held"),"Cash-Secured Put")))) -> Closed | E11: =IF(NOT(_EngineCycles!A11<>""),"",IF(NOT($R11="OK"),"",_EngineCycles!P11)) -> 0 | F11: =IF(NOT(_EngineCycles!A11<>""),"",IF(NOT($R11="OK"),"",IF(AND(_EngineCycles!E11="Open",IFERROR(LOOKUP(2,1/((_EngineTrades!$AU$9:$AU$508=_EngineCycles!A11)),_EngineTrades!$AQ$9:$AQ$508),0)>0),IFERROR(LOOKUP(2,1/((_EngineTrades!$AU$9:$AU$508=_EngineCycles!A11)*(_EngineTrades!$AI$9:$AI$508>0)),_EngineTrades!$AH$9:$AH$508),0),""))) | G11: =IF(NOT(_EngineCycles!A11<>""),"",IF(NOT($R11="OK"),"",_EngineCycles!Q11)) | H11: =IF(NOT(_EngineCycles!A11<>""),"",IF(NOT($R11="OK"),"",_EngineCycles!J11)) -> 40 | I11: =IF(NOT(_EngineCycles!A11<>""),"",IF(NOT($R11="OK"),"",_EngineCycles!I11)) -> 10 | J11: =IF(NOT(_EngineCycles!A11<>""),"",IF(NOT($R11="OK"),"",_EngineCycles!L11)) -> 3.3 | K11: =IF(NOT(_EngineCycles!A11<>""),"",IF(NOT($R11="OK"),"",_EngineCycles!U11)) | L11: =IF(NOT(_EngineCycles!A11<>""),"",IF(NOT($R11="OK"),"",_EngineCycles!AE11)) | M11: =IF(NOT(_EngineCycles!A11<>""),"",IF(NOT($R11="OK"),"",_EngineCycles!O11)) -> 136.7 | N11: =IF(NOT(_EngineCycles!A11<>""),"",IF(NOT($R11="OK"),"",IF(_EngineCycles!E11="Closed",_EngineCycles!O11,""))) -> 136.7 | O11: =IF(NOT(_EngineCycles!A11<>""),"",IF(NOT($R11="OK"),"",_EngineCycles!Y11)) -> 0.712793 | P11: =IF(NOT(_EngineCycles!A11<>""),"",IF(NOT($R11="OK"),"",_EngineCycles!S11)) -> 0 | Q11: =IF(_EngineCycles!A11="","",IF($R11<>"OK","Review",IF(_EngineCycles!E11="Closed","Closed","Open"))) -> Closed | R11: =IF(_EngineCycles!A11="","",IF(COUNTIFS(Trades!$B$9:$B$508,_EngineCycles!B11,Trades!$C$9:$C$508,"<>"&$B11,Trades!$A$9:$A$508,"<>")>0,"Ticker mismatch",IF(COUNTIFS(Trades!$B$9:$B$508,_EngineCycles!B11,Trades!$D$9:$D$508,"<>"&$C11,Trades!$A$9:$A$508,"<>")>0,"Currency mismatch",IF(COUNTIFS(Trades!$B$9:$B$508,_EngineCycles!B11,Trades!$S$9:$S$508,"<>OK",Trades!$A$9:$A$508,"<>")>0,"Check trades","OK")))) -> OK | S11: =IF(NOT(_EngineCycles!A11<>""),"",IF(NOT($R11="OK"),"",IF(AND(_EngineCycles!E11="Open",IFERROR(LOOKUP(2,1/((_EngineTrades!$AU$9:$AU$508=_EngineCycles!A11)),_EngineTrades!$AQ$9:$AQ$508),0)>0),IFERROR(LOOKUP(2,1/((_EngineTrades!$AU$9:$AU$508=_EngineCycles!A11)*(_EngineTrades!$AI$9:$AI$508>0)),_EngineTrades!$P$9:$P$508),0),""))) | T11: =IF(NOT(_EngineCycles!A11<>""),"",IF(NOT($R11="OK"),"",_EngineCycles!W11)) -> 28 | Y11: =IF(AND($C11=Overview!$P$2,$Q11="Open",$R11="OK"),COUNTIFS($C$9:$C11,Overview!$P$2,$Q$9:$Q11,"Open",$R$9:$R11,"OK"),"")
A12: =IF(_EngineCycles!A12="","",_EngineCycles!B12&IF(_EngineCycles!C12>1," / "&_EngineCycles!C12,"")) -> demo-eur | B12: =IF(_EngineCycles!A12="","",_EngineCycles!D12) -> EURX | C12: =IF(_EngineCycles!A12="","",IFERROR(INDEX(Trades!$D$9:$D$508,_EngineCycles!AG12-8),"")) -> EUR | D12: =IF(_EngineCycles!A12="","",IF($R12<>"OK","Review",IF(_EngineCycles!E12="Closed","Closed",IF(_EngineCycles!P12>0,IF(IFERROR(LOOKUP(2,1/((_EngineTrades!$AU$9:$AU$508=_EngineCycles!A12)),_EngineTrades!$AQ$9:$AQ$508),0)>0,"Covered Call","Shares Held"),"Cash-Secured Put")))) -> Closed | E12: =IF(NOT(_EngineCycles!A12<>""),"",IF(NOT($R12="OK"),"",_EngineCycles!P12)) -> 0 | F12: =IF(NOT(_EngineCycles!A12<>""),"",IF(NOT($R12="OK"),"",IF(AND(_EngineCycles!E12="Open",IFERROR(LOOKUP(2,1/((_EngineTrades!$AU$9:$AU$508=_EngineCycles!A12)),_EngineTrades!$AQ$9:$AQ$508),0)>0),IFERROR(LOOKUP(2,1/((_EngineTrades!$AU$9:$AU$508=_EngineCycles!A12)*(_EngineTrades!$AI$9:$AI$508>0)),_EngineTrades!$AH$9:$AH$508),0),""))) | G12: =IF(NOT(_EngineCycles!A12<>""),"",IF(NOT($R12="OK"),"",_EngineCycles!Q12)) | H12: =IF(NOT(_EngineCycles!A12<>""),"",IF(NOT($R12="OK"),"",_EngineCycles!J12)) -> 60 | I12: =IF(NOT(_EngineCycles!A12<>""),"",IF(NOT($R12="OK"),"",_EngineCycles!I12)) -> 0 | J12: =IF(NOT(_EngineCycles!A12<>""),"",IF(NOT($R12="OK"),"",_EngineCycles!L12)) -> 0.65 | K12: =IF(NOT(_EngineCycles!A12<>""),"",IF(NOT($R12="OK"),"",_EngineCycles!U12)) | L12: =IF(NOT(_EngineCycles!A12<>""),"",IF(NOT($R12="OK"),"",_EngineCycles!AE12)) | M12: =IF(NOT(_EngineCycles!A12<>""),"",IF(NOT($R12="OK"),"",_EngineCycles!O12)) -> 59.35 | N12: =IF(NOT(_EngineCycles!A12<>""),"",IF(NOT($R12="OK"),"",IF(_EngineCycles!E12="Closed",_EngineCycles!O12,""))) -> 59.35 | O12: =IF(NOT(_EngineCycles!A12<>""),"",IF(NOT($R12="OK"),"",_EngineCycles!Y12)) -> 0.221048 | P12: =IF(NOT(_EngineCycles!A12<>""),"",IF(NOT($R12="OK"),"",_EngineCycles!S12)) -> 0 | Q12: =IF(_EngineCycles!A12="","",IF($R12<>"OK","Review",IF(_EngineCycles!E12="Closed","Closed","Open"))) -> Closed | R12: =IF(_EngineCycles!A12="","",IF(COUNTIFS(Trades!$B$9:$B$508,_EngineCycles!B12,Trades!$C$9:$C$508,"<>"&$B12,Trades!$A$9:$A$508,"<>")>0,"Ticker mismatch",IF(COUNTIFS(Trades!$B$9:$B$508,_EngineCycles!B12,Trades!$D$9:$D$508,"<>"&$C12,Trades!$A$9:$A$508,"<>")>0,"Currency mismatch",IF(COUNTIFS(Trades!$B$9:$B$508,_EngineCycles!B12,Trades!$S$9:$S$508,"<>OK",Trades!$A$9:$A$508,"<>")>0,"Check trades","OK")))) -> OK | S12: =IF(NOT(_EngineCycles!A12<>""),"",IF(NOT($R12="OK"),"",IF(AND(_EngineCycles!E12="Open",IFERROR(LOOKUP(2,1/((_EngineTrades!$AU$9:$AU$508=_EngineCycles!A12)),_EngineTrades!$AQ$9:$AQ$508),0)>0),IFERROR(LOOKUP(2,1/((_EngineTrades!$AU$9:$AU$508=_EngineCycles!A12)*(_EngineTrades!$AI$9:$AI$508>0)),_EngineTrades!$P$9:$P$508),0),""))) | T12: =IF(NOT(_EngineCycles!A12<>""),"",IF(NOT($R12="OK"),"",_EngineCycles!W12)) -> 28 | Y12: =IF(AND($C12=Overview!$P$2,$Q12="Open",$R12="OK"),COUNTIFS($C$9:$C12,Overview!$P$2,$Q$9:$Q12,"Open",$R$9:$R12,"OK"),"")
A13: =IF(_EngineCycles!A13="","",_EngineCycles!B13&IF(_EngineCycles!C13>1," / "&_EngineCycles!C13,"")) -> sample-abc | B13: =IF(_EngineCycles!A13="","",_EngineCycles!D13) -> ABC | C13: =IF(_EngineCycles!A13="","",IFERROR(INDEX(Trades!$D$9:$D$508,_EngineCycles!AG13-8),"")) -> USD | D13: =IF(_EngineCycles!A13="","",IF($R13<>"OK","Review",IF(_EngineCycles!E13="Closed","Closed",IF(_EngineCycles!P13>0,IF(IFERROR(LOOKUP(2,1/((_EngineTrades!$AU$9:$AU$508=_EngineCycles!A13)),_EngineTrades!$AQ$9:$AQ$508),0)>0,"Covered Call","Shares Held"),"Cash-Secured Put")))) -> Closed | E13: =IF(NOT(_EngineCycles!A13<>""),"",IF(NOT($R13="OK"),"",_EngineCycles!P13)) -> 0 | F13: =IF(NOT(_EngineCycles!A13<>""),"",IF(NOT($R13="OK"),"",IF(AND(_EngineCycles!E13="Open",IFERROR(LOOKUP(2,1/((_EngineTrades!$AU$9:$AU$508=_EngineCycles!A13)),_EngineTrades!$AQ$9:$AQ$508),0)>0),IFERROR(LOOKUP(2,1/((_EngineTrades!$AU$9:$AU$508=_EngineCycles!A13)*(_EngineTrades!$AI$9:$AI$508>0)),_EngineTrades!$AH$9:$AH$508),0),""))) | G13: =IF(NOT(_EngineCycles!A13<>""),"",IF(NOT($R13="OK"),"",_EngineCycles!Q13)) | H13: =IF(NOT(_EngineCycles!A13<>""),"",IF(NOT($R13="OK"),"",_EngineCycles!J13)) -> 70 | I13: =IF(NOT(_EngineCycles!A13<>""),"",IF(NOT($R13="OK"),"",_EngineCycles!I13)) -> 20 | J13: =IF(NOT(_EngineCycles!A13<>""),"",IF(NOT($R13="OK"),"",_EngineCycles!L13)) -> 2.6 | K13: =IF(NOT(_EngineCycles!A13<>""),"",IF(NOT($R13="OK"),"",_EngineCycles!U13)) | L13: =IF(NOT(_EngineCycles!A13<>""),"",IF(NOT($R13="OK"),"",_EngineCycles!AE13)) | M13: =IF(NOT(_EngineCycles!A13<>""),"",IF(NOT($R13="OK"),"",_EngineCycles!O13)) -> 67.4 | N13: =IF(NOT(_EngineCycles!A13<>""),"",IF(NOT($R13="OK"),"",IF(_EngineCycles!E13="Closed",_EngineCycles!O13,""))) -> 67.4 | O13: =IF(NOT(_EngineCycles!A13<>""),"",IF(NOT($R13="OK"),"",_EngineCycles!Y13)) -> 0.323697 | P13: =IF(NOT(_EngineCycles!A13<>""),"",IF(NOT($R13="OK"),"",_EngineCycles!S13)) -> 0 | Q13: =IF(_EngineCycles!A13="","",IF($R13<>"OK","Review",IF(_EngineCycles!E13="Closed","Closed","Open"))) -> Closed | R13: =IF(_EngineCycles!A13="","",IF(COUNTIFS(Trades!$B$9:$B$508,_EngineCycles!B13,Trades!$C$9:$C$508,"<>"&$B13,Trades!$A$9:$A$508,"<>")>0,"Ticker mismatch",IF(COUNTIFS(Trades!$B$9:$B$508,_EngineCycles!B13,Trades!$D$9:$D$508,"<>"&$C13,Trades!$A$9:$A$508,"<>")>0,"Currency mismatch",IF(COUNTIFS(Trades!$B$9:$B$508,_EngineCycles!B13,Trades!$S$9:$S$508,"<>OK",Trades!$A$9:$A$508,"<>")>0,"Check trades","OK")))) -> OK | S13: =IF(NOT(_EngineCycles!A13<>""),"",IF(NOT($R13="OK"),"",IF(AND(_EngineCycles!E13="Open",IFERROR(LOOKUP(2,1/((_EngineTrades!$AU$9:$AU$508=_EngineCycles!A13)),_EngineTrades!$AQ$9:$AQ$508),0)>0),IFERROR(LOOKUP(2,1/((_EngineTrades!$AU$9:$AU$508=_EngineCycles!A13)*(_EngineTrades!$AI$9:$AI$508>0)),_EngineTrades!$P$9:$P$508),0),""))) | T13: =IF(NOT(_EngineCycles!A13<>""),"",IF(NOT($R13="OK"),"",_EngineCycles!W13)) -> 19 | Y13: =IF(AND($C13=Overview!$P$2,$Q13="Open",$R13="OK"),COUNTIFS($C$9:$C13,Overview!$P$2,$Q$9:$Q13,"Open",$R$9:$R13,"OK"),"")
A14: =IF(_EngineCycles!A14="","",_EngineCycles!B14&IF(_EngineCycles!C14>1," / "&_EngineCycles!C14,"")) -> demo-held | B14: =IF(_EngineCycles!A14="","",_EngineCycles!D14) -> GHI | C14: =IF(_EngineCycles!A14="","",IFERROR(INDEX(Trades!$D$9:$D$508,_EngineCycles!AG14-8),"")) -> USD | D14: =IF(_EngineCycles!A14="","",IF($R14<>"OK","Review",IF(_EngineCycles!E14="Closed","Closed",IF(_EngineCycles!P14>0,IF(IFERROR(LOOKUP(2,1/((_EngineTrades!$AU$9:$AU$508=_EngineCycles!A14)),_EngineTrades!$AQ$9:$AQ$508),0)>0,"Covered Call","Shares Held"),"Cash-Secured Put")))) -> Shares Held | E14: =IF(NOT(_EngineCycles!A14<>""),"",IF(NOT($R14="OK"),"",_EngineCycles!P14)) -> 100 | F14: =IF(NOT(_EngineCycles!A14<>""),"",IF(NOT($R14="OK"),"",IF(AND(_EngineCycles!E14="Open",IFERROR(LOOKUP(2,1/((_EngineTrades!$AU$9:$AU$508=_EngineCycles!A14)),_EngineTrades!$AQ$9:$AQ$508),0)>0),IFERROR(LOOKUP(2,1/((_EngineTrades!$AU$9:$AU$508=_EngineCycles!A14)*(_EngineTrades!$AI$9:$AI$508>0)),_EngineTrades!$AH$9:$AH$508),0),""))) | G14: =IF(NOT(_EngineCycles!A14<>""),"",IF(NOT($R14="OK"),"",_EngineCycles!Q14)) -> 30 | H14: =IF(NOT(_EngineCycles!A14<>""),"",IF(NOT($R14="OK"),"",_EngineCycles!J14)) -> 80 | I14: =IF(NOT(_EngineCycles!A14<>""),"",IF(NOT($R14="OK"),"",_EngineCycles!I14)) -> 0 | J14: =IF(NOT(_EngineCycles!A14<>""),"",IF(NOT($R14="OK"),"",_EngineCycles!L14)) -> 1.3 | K14: =IF(NOT(_EngineCycles!A14<>""),"",IF(NOT($R14="OK"),"",_EngineCycles!U14)) -> 29.213 | L14: =IF(NOT(_EngineCycles!A14<>""),"",IF(NOT($R14="OK"),"",_EngineCycles!AE14)) -> 29.213 | M14: =IF(NOT(_EngineCycles!A14<>""),"",IF(NOT($R14="OK"),"",_EngineCycles!O14)) -> -2921.3 | N14: =IF(NOT(_EngineCycles!A14<>""),"",IF(NOT($R14="OK"),"",IF(_EngineCycles!E14="Closed",_EngineCycles!O14,""))) | O14: =IF(NOT(_EngineCycles!A14<>""),"",IF(NOT($R14="OK"),"",_EngineCycles!Y14)) -> 0.319172 | P14: =IF(NOT(_EngineCycles!A14<>""),"",IF(NOT($R14="OK"),"",_EngineCycles!S14)) -> 3000 | Q14: =IF(_EngineCycles!A14="","",IF($R14<>"OK","Review",IF(_EngineCycles!E14="Closed","Closed","Open"))) -> Open | R14: =IF(_EngineCycles!A14="","",IF(COUNTIFS(Trades!$B$9:$B$508,_EngineCycles!B14,Trades!$C$9:$C$508,"<>"&$B14,Trades!$A$9:$A$508,"<>")>0,"Ticker mismatch",IF(COUNTIFS(Trades!$B$9:$B$508,_EngineCycles!B14,Trades!$D$9:$D$508,"<>"&$C14,Trades!$A$9:$A$508,"<>")>0,"Currency mismatch",IF(COUNTIFS(Trades!$B$9:$B$508,_EngineCycles!B14,Trades!$S$9:$S$508,"<>OK",Trades!$A$9:$A$508,"<>")>0,"Check trades","OK")))) -> OK | S14: =IF(NOT(_EngineCycles!A14<>""),"",IF(NOT($R14="OK"),"",IF(AND(_EngineCycles!E14="Open",IFERROR(LOOKUP(2,1/((_EngineTrades!$AU$9:$AU$508=_EngineCycles!A14)),_EngineTrades!$AQ$9:$AQ$508),0)>0),IFERROR(LOOKUP(2,1/((_EngineTrades!$AU$9:$AU$508=_EngineCycles!A14)*(_EngineTrades!$AI$9:$AI$508>0)),_EngineTrades!$P$9:$P$508),0),""))) | T14: =IF(NOT(_EngineCycles!A14<>""),"",IF(NOT($R14="OK"),"",_EngineCycles!W14)) -> 30 | Y14: =IF(AND($C14=Overview!$P$2,$Q14="Open",$R14="OK"),COUNTIFS($C$9:$C14,Overview!$P$2,$Q$9:$Q14,"Open",$R$9:$R14,"OK"),"") -> 1
A15: =IF(_EngineCycles!A15="","",_EngineCycles!B15&IF(_EngineCycles!C15>1," / "&_EngineCycles!C15,"")) -> sample-xyz / 2 | B15: =IF(_EngineCycles!A15="","",_EngineCycles!D15) -> XYZ | C15: =IF(_EngineCycles!A15="","",IFERROR(INDEX(Trades!$D$9:$D$508,_EngineCycles!AG15-8),"")) -> USD | D15: =IF(_EngineCycles!A15="","",IF($R15<>"OK","Review",IF(_EngineCycles!E15="Closed","Closed",IF(_EngineCycles!P15>0,IF(IFERROR(LOOKUP(2,1/((_EngineTrades!$AU$9:$AU$508=_EngineCycles!A15)),_EngineTrades!$AQ$9:$AQ$508),0)>0,"Covered Call","Shares Held"),"Cash-Secured Put")))) -> Cash-Secured Put | E15: =IF(NOT(_EngineCycles!A15<>""),"",IF(NOT($R15="OK"),"",_EngineCycles!P15)) -> 0 | F15: =IF(NOT(_EngineCycles!A15<>""),"",IF(NOT($R15="OK"),"",IF(AND(_EngineCycles!E15="Open",IFERROR(LOOKUP(2,1/((_EngineTrades!$AU$9:$AU$508=_EngineCycles!A15)),_EngineTrades!$AQ$9:$AQ$508),0)>0),IFERROR(LOOKUP(2,1/((_EngineTrades!$AU$9:$AU$508=_EngineCycles!A15)*(_EngineTrades!$AI$9:$AI$508>0)),_EngineTrades!$AH$9:$AH$508),0),""))) -> 48 | G15: =IF(NOT(_EngineCycles!A15<>""),"",IF(NOT($R15="OK"),"",_EngineCycles!Q15)) | H15: =IF(NOT(_EngineCycles!A15<>""),"",IF(NOT($R15="OK"),"",_EngineCycles!J15)) -> 180 | I15: =IF(NOT(_EngineCycles!A15<>""),"",IF(NOT($R15="OK"),"",_EngineCycles!I15)) -> 90 | J15: =IF(NOT(_EngineCycles!A15<>""),"",IF(NOT($R15="OK"),"",_EngineCycles!L15)) -> 1.95 | K15: =IF(NOT(_EngineCycles!A15<>""),"",IF(NOT($R15="OK"),"",_EngineCycles!U15)) | L15: =IF(NOT(_EngineCycles!A15<>""),"",IF(NOT($R15="OK"),"",_EngineCycles!AE15)) | M15: =IF(NOT(_EngineCycles!A15<>""),"",IF(NOT($R15="OK"),"",_EngineCycles!O15)) -> 178.05 | N15: =IF(NOT(_EngineCycles!A15<>""),"",IF(NOT($R15="OK"),"",IF(_EngineCycles!E15="Closed",_EngineCycles!O15,""))) | O15: =IF(NOT(_EngineCycles!A15<>""),"",IF(NOT($R15="OK"),"",_EngineCycles!Y15)) -> 0.530516 | P15: =IF(NOT(_EngineCycles!A15<>""),"",IF(NOT($R15="OK"),"",_EngineCycles!S15)) -> 4800 | Q15: =IF(_EngineCycles!A15="","",IF($R15<>"OK","Review",IF(_EngineCycles!E15="Closed","Closed","Open"))) -> Open | R15: =IF(_EngineCycles!A15="","",IF(COUNTIFS(Trades!$B$9:$B$508,_EngineCycles!B15,Trades!$C$9:$C$508,"<>"&$B15,Trades!$A$9:$A$508,"<>")>0,"Ticker mismatch",IF(COUNTIFS(Trades!$B$9:$B$508,_EngineCycles!B15,Trades!$D$9:$D$508,"<>"&$C15,Trades!$A$9:$A$508,"<>")>0,"Currency mismatch",IF(COUNTIFS(Trades!$B$9:$B$508,_EngineCycles!B15,Trades!$S$9:$S$508,"<>OK",Trades!$A$9:$A$508,"<>")>0,"Check trades","OK")))) -> OK | S15: =IF(NOT(_EngineCycles!A15<>""),"",IF(NOT($R15="OK"),"",IF(AND(_EngineCycles!E15="Open",IFERROR(LOOKUP(2,1/((_EngineTrades!$AU$9:$AU$508=_EngineCycles!A15)),_EngineTrades!$AQ$9:$AQ$508),0)>0),IFERROR(LOOKUP(2,1/((_EngineTrades!$AU$9:$AU$508=_EngineCycles!A15)*(_EngineTrades!$AI$9:$AI$508>0)),_EngineTrades!$P$9:$P$508),0),""))) -> 46337 | T15: =IF(NOT(_EngineCycles!A15<>""),"",IF(NOT($R15="OK"),"",_EngineCycles!W15)) -> 25 | Y15: =IF(AND($C15=Overview!$P$2,$Q15="Open",$R15="OK"),COUNTIFS($C$9:$C15,Overview!$P$2,$Q$9:$Q15,"Open",$R$9:$R15,"OK"),"") -> 2
A16: =IF(_EngineCycles!A16="","",_EngineCycles!B16&IF(_EngineCycles!C16>1," / "&_EngineCycles!C16,"")) -> demo-covered | B16: =IF(_EngineCycles!A16="","",_EngineCycles!D16) -> JKL | C16: =IF(_EngineCycles!A16="","",IFERROR(INDEX(Trades!$D$9:$D$508,_EngineCycles!AG16-8),"")) -> USD | D16: =IF(_EngineCycles!A16="","",IF($R16<>"OK","Review",IF(_EngineCycles!E16="Closed","Closed",IF(_EngineCycles!P16>0,IF(IFERROR(LOOKUP(2,1/((_EngineTrades!$AU$9:$AU$508=_EngineCycles!A16)),_EngineTrades!$AQ$9:$AQ$508),0)>0,"Covered Call","Shares Held"),"Cash-Secured Put")))) -> Covered Call | E16: =IF(NOT(_EngineCycles!A16<>""),"",IF(NOT($R16="OK"),"",_EngineCycles!P16)) -> 100 | F16: =IF(NOT(_EngineCycles!A16<>""),"",IF(NOT($R16="OK"),"",IF(AND(_EngineCycles!E16="Open",IFERROR(LOOKUP(2,1/((_EngineTrades!$AU$9:$AU$508=_EngineCycles!A16)),_EngineTrades!$AQ$9:$AQ$508),0)>0),IFERROR(LOOKUP(2,1/((_EngineTrades!$AU$9:$AU$508=_EngineCycles!A16)*(_EngineTrades!$AI$9:$AI$508>0)),_EngineTrades!$AH$9:$AH$508),0),""))) -> 48 | G16: =IF(NOT(_EngineCycles!A16<>""),"",IF(NOT($R16="OK"),"",_EngineCycles!Q16)) -> 45 | H16: =IF(NOT(_EngineCycles!A16<>""),"",IF(NOT($R16="OK"),"",_EngineCycles!J16)) -> 110 | I16: =IF(NOT(_EngineCycles!A16<>""),"",IF(NOT($R16="OK"),"",_EngineCycles!I16)) -> 0 | J16: =IF(NOT(_EngineCycles!A16<>""),"",IF(NOT($R16="OK"),"",_EngineCycles!L16)) -> 1.65 | K16: =IF(NOT(_EngineCycles!A16<>""),"",IF(NOT($R16="OK"),"",_EngineCycles!U16)) -> 43.9165 | L16: =IF(NOT(_EngineCycles!A16<>""),"",IF(NOT($R16="OK"),"",_EngineCycles!AE16)) -> 43.9165 | M16: =IF(NOT(_EngineCycles!A16<>""),"",IF(NOT($R16="OK"),"",_EngineCycles!O16)) -> -4391.65 | N16: =IF(NOT(_EngineCycles!A16<>""),"",IF(NOT($R16="OK"),"",IF(_EngineCycles!E16="Closed",_EngineCycles!O16,""))) | O16: =IF(NOT(_EngineCycles!A16<>""),"",IF(NOT($R16="OK"),"",_EngineCycles!Y16)) -> 0.488244 | P16: =IF(NOT(_EngineCycles!A16<>""),"",IF(NOT($R16="OK"),"",_EngineCycles!S16)) -> 4500 | Q16: =IF(_EngineCycles!A16="","",IF($R16<>"OK","Review",IF(_EngineCycles!E16="Closed","Closed","Open"))) -> Open | R16: =IF(_EngineCycles!A16="","",IF(COUNTIFS(Trades!$B$9:$B$508,_EngineCycles!B16,Trades!$C$9:$C$508,"<>"&$B16,Trades!$A$9:$A$508,"<>")>0,"Ticker mismatch",IF(COUNTIFS(Trades!$B$9:$B$508,_EngineCycles!B16,Trades!$D$9:$D$508,"<>"&$C16,Trades!$A$9:$A$508,"<>")>0,"Currency mismatch",IF(COUNTIFS(Trades!$B$9:$B$508,_EngineCycles!B16,Trades!$S$9:$S$508,"<>OK",Trades!$A$9:$A$508,"<>")>0,"Check trades","OK")))) -> OK | S16: =IF(NOT(_EngineCycles!A16<>""),"",IF(NOT($R16="OK"),"",IF(AND(_EngineCycles!E16="Open",IFERROR(LOOKUP(2,1/((_EngineTrades!$AU$9:$AU$508=_EngineCycles!A16)),_EngineTrades!$AQ$9:$AQ$508),0)>0),IFERROR(LOOKUP(2,1/((_EngineTrades!$AU$9:$AU$508=_EngineCycles!A16)*(_EngineTrades!$AI$9:$AI$508>0)),_EngineTrades!$P$9:$P$508),0),""))) -> 46323 | T16: =IF(NOT(_EngineCycles!A16<>""),"",IF(NOT($R16="OK"),"",_EngineCycles!W16)) -> 18 | Y16: =IF(AND($C16=Overview!$P$2,$Q16="Open",$R16="OK"),COUNTIFS($C$9:$C16,Overview!$P$2,$Q$9:$Q16,"Open",$R$9:$R16,"OK"),"") -> 3
A17: =IF(_EngineCycles!A17="","",_EngineCycles!B17&IF(_EngineCycles!C17>1," / "&_EngineCycles!C17,"")) -> sample-abc / 2 | B17: =IF(_EngineCycles!A17="","",_EngineCycles!D17) -> ABC | C17: =IF(_EngineCycles!A17="","",IFERROR(INDEX(Trades!$D$9:$D$508,_EngineCycles!AG17-8),"")) -> USD | D17: =IF(_EngineCycles!A17="","",IF($R17<>"OK","Review",IF(_EngineCycles!E17="Closed","Closed",IF(_EngineCycles!P17>0,IF(IFERROR(LOOKUP(2,1/((_EngineTrades!$AU$9:$AU$508=_EngineCycles!A17)),_EngineTrades!$AQ$9:$AQ$508),0)>0,"Covered Call","Shares Held"),"Cash-Secured Put")))) -> Cash-Secured Put | E17: =IF(NOT(_EngineCycles!A17<>""),"",IF(NOT($R17="OK"),"",_EngineCycles!P17)) -> 0 | F17: =IF(NOT(_EngineCycles!A17<>""),"",IF(NOT($R17="OK"),"",IF(AND(_EngineCycles!E17="Open",IFERROR(LOOKUP(2,1/((_EngineTrades!$AU$9:$AU$508=_EngineCycles!A17)),_EngineTrades!$AQ$9:$AQ$508),0)>0),IFERROR(LOOKUP(2,1/((_EngineTrades!$AU$9:$AU$508=_EngineCycles!A17)*(_EngineTrades!$AI$9:$AI$508>0)),_EngineTrades!$AH$9:$AH$508),0),""))) -> 19 | G17: =IF(NOT(_EngineCycles!A17<>""),"",IF(NOT($R17="OK"),"",_EngineCycles!Q17)) | H17: =IF(NOT(_EngineCycles!A17<>""),"",IF(NOT($R17="OK"),"",_EngineCycles!J17)) -> 100 | I17: =IF(NOT(_EngineCycles!A17<>""),"",IF(NOT($R17="OK"),"",_EngineCycles!I17)) -> 0 | J17: =IF(NOT(_EngineCycles!A17<>""),"",IF(NOT($R17="OK"),"",_EngineCycles!L17)) -> 1.3 | K17: =IF(NOT(_EngineCycles!A17<>""),"",IF(NOT($R17="OK"),"",_EngineCycles!U17)) | L17: =IF(NOT(_EngineCycles!A17<>""),"",IF(NOT($R17="OK"),"",_EngineCycles!AE17)) | M17: =IF(NOT(_EngineCycles!A17<>""),"",IF(NOT($R17="OK"),"",_EngineCycles!O17)) -> 98.7 | N17: =IF(NOT(_EngineCycles!A17<>""),"",IF(NOT($R17="OK"),"",IF(_EngineCycles!E17="Closed",_EngineCycles!O17,""))) | O17: =IF(NOT(_EngineCycles!A17<>""),"",IF(NOT($R17="OK"),"",_EngineCycles!Y17)) -> 3.160132 | P17: =IF(NOT(_EngineCycles!A17<>""),"",IF(NOT($R17="OK"),"",_EngineCycles!S17)) -> 3800 | Q17: =IF(_EngineCycles!A17="","",IF($R17<>"OK","Review",IF(_EngineCycles!E17="Closed","Closed","Open"))) -> Open | R17: =IF(_EngineCycles!A17="","",IF(COUNTIFS(Trades!$B$9:$B$508,_EngineCycles!B17,Trades!$C$9:$C$508,"<>"&$B17,Trades!$A$9:$A$508,"<>")>0,"Ticker mismatch",IF(COUNTIFS(Trades!$B$9:$B$508,_EngineCycles!B17,Trades!$D$9:$D$508,"<>"&$C17,Trades!$A$9:$A$508,"<>")>0,"Currency mismatch",IF(COUNTIFS(Trades!$B$9:$B$508,_EngineCycles!B17,Trades!$S$9:$S$508,"<>OK",Trades!$A$9:$A$508,"<>")>0,"Check trades","OK")))) -> OK | S17: =IF(NOT(_EngineCycles!A17<>""),"",IF(NOT($R17="OK"),"",IF(AND(_EngineCycles!E17="Open",IFERROR(LOOKUP(2,1/((_EngineTrades!$AU$9:$AU$508=_EngineCycles!A17)),_EngineTrades!$AQ$9:$AQ$508),0)>0),IFERROR(LOOKUP(2,1/((_EngineTrades!$AU$9:$AU$508=_EngineCycles!A17)*(_EngineTrades!$AI$9:$AI$508>0)),_EngineTrades!$P$9:$P$508),0),""))) -> 46338 | T17: =IF(NOT(_EngineCycles!A17<>""),"",IF(NOT($R17="OK"),"",_EngineCycles!W17)) -> 3 | Y17: =IF(AND($C17=Overview!$P$2,$Q17="Open",$R17="OK"),COUNTIFS($C$9:$C17,Overview!$P$2,$Q$9:$Q17,"Open",$R$9:$R17,"OK"),"") -> 4
A18: =IF(_EngineCycles!A18="","",_EngineCycles!B18&IF(_EngineCycles!C18>1," / "&_EngineCycles!C18,"")) | B18: =IF(_EngineCycles!A18="","",_EngineCycles!D18) | C18: =IF(_EngineCycles!A18="","",IFERROR(INDEX(Trades!$D$9:$D$508,_EngineCycles!AG18-8),"")) | D18: =IF(_EngineCycles!A18="","",IF($R18<>"OK","Review",IF(_EngineCycles!E18="Closed","Closed",IF(_EngineCycles!P18>0,IF(IFERROR(LOOKUP(2,1/((_EngineTrades!$AU$9:$AU$508=_EngineCycles!A18)),_EngineTrades!$AQ$9:$AQ$508),0)>0,"Covered Call","Shares Held"),"Cash-Secured Put")))) | E18: =IF(NOT(_EngineCycles!A18<>""),"",IF(NOT($R18="OK"),"",_EngineCycles!P18)) | F18: =IF(NOT(_EngineCycles!A18<>""),"",IF(NOT($R18="OK"),"",IF(AND(_EngineCycles!E18="Open",IFERROR(LOOKUP(2,1/((_EngineTrades!$AU$9:$AU$508=_EngineCycles!A18)),_EngineTrades!$AQ$9:$AQ$508),0)>0),IFERROR(LOOKUP(2,1/((_EngineTrades!$AU$9:$AU$508=_EngineCycles!A18)*(_EngineTrades!$AI$9:$AI$508>0)),_EngineTrades!$AH$9:$AH$508),0),""))) | G18: =IF(NOT(_EngineCycles!A18<>""),"",IF(NOT($R18="OK"),"",_EngineCycles!Q18)) | H18: =IF(NOT(_EngineCycles!A18<>""),"",IF(NOT($R18="OK"),"",_EngineCycles!J18)) | I18: =IF(NOT(_EngineCycles!A18<>""),"",IF(NOT($R18="OK"),"",_EngineCycles!I18)) | J18: =IF(NOT(_EngineCycles!A18<>""),"",IF(NOT($R18="OK"),"",_EngineCycles!L18)) | K18: =IF(NOT(_EngineCycles!A18<>""),"",IF(NOT($R18="OK"),"",_EngineCycles!U18)) | L18: =IF(NOT(_EngineCycles!A18<>""),"",IF(NOT($R18="OK"),"",_EngineCycles!AE18)) | M18: =IF(NOT(_EngineCycles!A18<>""),"",IF(NOT($R18="OK"),"",_EngineCycles!O18)) | N18: =IF(NOT(_EngineCycles!A18<>""),"",IF(NOT($R18="OK"),"",IF(_EngineCycles!E18="Closed",_EngineCycles!O18,""))) | O18: =IF(NOT(_EngineCycles!A18<>""),"",IF(NOT($R18="OK"),"",_EngineCycles!Y18)) | P18: =IF(NOT(_EngineCycles!A18<>""),"",IF(NOT($R18="OK"),"",_EngineCycles!S18)) | Q18: =IF(_EngineCycles!A18="","",IF($R18<>"OK","Review",IF(_EngineCycles!E18="Closed","Closed","Open"))) | R18: =IF(_EngineCycles!A18="","",IF(COUNTIFS(Trades!$B$9:$B$508,_EngineCycles!B18,Trades!$C$9:$C$508,"<>"&$B18,Trades!$A$9:$A$508,"<>")>0,"Ticker mismatch",IF(COUNTIFS(Trades!$B$9:$B$508,_EngineCycles!B18,Trades!$D$9:$D$508,"<>"&$C18,Trades!$A$9:$A$508,"<>")>0,"Currency mismatch",IF(COUNTIFS(Trades!$B$9:$B$508,_EngineCycles!B18,Trades!$S$9:$S$508,"<>OK",Trades!$A$9:$A$508,"<>")>0,"Check trades","OK")))) | S18: =IF(NOT(_EngineCycles!A18<>""),"",IF(NOT($R18="OK"),"",IF(AND(_EngineCycles!E18="Open",IFERROR(LOOKUP(2,1/((_EngineTrades!$AU$9:$AU$508=_EngineCycles!A18)),_EngineTrades!$AQ$9:$AQ$508),0)>0),IFERROR(LOOKUP(2,1/((_EngineTrades!$AU$9:$AU$508=_EngineCycles!A18)*(_EngineTrades!$AI$9:$AI$508>0)),_EngineTrades!$P$9:$P$508),0),""))) | T18: =IF(NOT(_EngineCycles!A18<>""),"",IF(NOT($R18="OK"),"",_EngineCycles!W18)) | Y18: =IF(AND($C18=Overview!$P$2,$Q18="Open",$R18="OK"),COUNTIFS($C$9:$C18,Overview!$P$2,$Q$9:$Q18,"Open",$R$9:$R18,"OK"),"")
A19: =IF(_EngineCycles!A19="","",_EngineCycles!B19&IF(_EngineCycles!C19>1," / "&_EngineCycles!C19,"")) | B19: =IF(_EngineCycles!A19="","",_EngineCycles!D19) | C19: =IF(_EngineCycles!A19="","",IFERROR(INDEX(Trades!$D$9:$D$508,_EngineCycles!AG19-8),"")) | D19: =IF(_EngineCycles!A19="","",IF($R19<>"OK","Review",IF(_EngineCycles!E19="Closed","Closed",IF(_EngineCycles!P19>0,IF(IFERROR(LOOKUP(2,1/((_EngineTrades!$AU$9:$AU$508=_EngineCycles!A19)),_EngineTrades!$AQ$9:$AQ$508),0)>0,"Covered Call","Shares Held"),"Cash-Secured Put")))) | E19: =IF(NOT(_EngineCycles!A19<>""),"",IF(NOT($R19="OK"),"",_EngineCycles!P19)) | F19: =IF(NOT(_EngineCycles!A19<>""),"",IF(NOT($R19="OK"),"",IF(AND(_EngineCycles!E19="Open",IFERROR(LOOKUP(2,1/((_EngineTrades!$AU$9:$AU$508=_EngineCycles!A19)),_EngineTrades!$AQ$9:$AQ$508),0)>0),IFERROR(LOOKUP(2,1/((_EngineTrades!$AU$9:$AU$508=_EngineCycles!A19)*(_EngineTrades!$AI$9:$AI$508>0)),_EngineTrades!$AH$9:$AH$508),0),""))) | G19: =IF(NOT(_EngineCycles!A19<>""),"",IF(NOT($R19="OK"),"",_EngineCycles!Q19)) | H19: =IF(NOT(_EngineCycles!A19<>""),"",IF(NOT($R19="OK"),"",_EngineCycles!J19)) | I19: =IF(NOT(_EngineCycles!A19<>""),"",IF(NOT($R19="OK"),"",_EngineCycles!I19)) | J19: =IF(NOT(_EngineCycles!A19<>""),"",IF(NOT($R19="OK"),"",_EngineCycles!L19)) | K19: =IF(NOT(_EngineCycles!A19<>""),"",IF(NOT($R19="OK"),"",_EngineCycles!U19)) | L19: =IF(NOT(_EngineCycles!A19<>""),"",IF(NOT($R19="OK"),"",_EngineCycles!AE19)) | M19: =IF(NOT(_EngineCycles!A19<>""),"",IF(NOT($R19="OK"),"",_EngineCycles!O19)) | N19: =IF(NOT(_EngineCycles!A19<>""),"",IF(NOT($R19="OK"),"",IF(_EngineCycles!E19="Closed",_EngineCycles!O19,""))) | O19: =IF(NOT(_EngineCycles!A19<>""),"",IF(NOT($R19="OK"),"",_EngineCycles!Y19)) | P19: =IF(NOT(_EngineCycles!A19<>""),"",IF(NOT($R19="OK"),"",_EngineCycles!S19)) | Q19: =IF(_EngineCycles!A19="","",IF($R19<>"OK","Review",IF(_EngineCycles!E19="Closed","Closed","Open"))) | R19: =IF(_EngineCycles!A19="","",IF(COUNTIFS(Trades!$B$9:$B$508,_EngineCycles!B19,Trades!$C$9:$C$508,"<>"&$B19,Trades!$A$9:$A$508,"<>")>0,"Ticker mismatch",IF(COUNTIFS(Trades!$B$9:$B$508,_EngineCycles!B19,Trades!$D$9:$D$508,"<>"&$C19,Trades!$A$9:$A$508,"<>")>0,"Currency mismatch",IF(COUNTIFS(Trades!$B$9:$B$508,_EngineCycles!B19,Trades!$S$9:$S$508,"<>OK",Trades!$A$9:$A$508,"<>")>0,"Check trades","OK")))) | S19: =IF(NOT(_EngineCycles!A19<>""),"",IF(NOT($R19="OK"),"",IF(AND(_EngineCycles!E19="Open",IFERROR(LOOKUP(2,1/((_EngineTrades!$AU$9:$AU$508=_EngineCycles!A19)),_EngineTrades!$AQ$9:$AQ$508),0)>0),IFERROR(LOOKUP(2,1/((_EngineTrades!$AU$9:$AU$508=_EngineCycles!A19)*(_EngineTrades!$AI$9:$AI$508>0)),_EngineTrades!$P$9:$P$508),0),""))) | T19: =IF(NOT(_EngineCycles!A19<>""),"",IF(NOT($R19="OK"),"",_EngineCycles!W19)) | Y19: =IF(AND($C19=Overview!$P$2,$Q19="Open",$R19="OK"),COUNTIFS($C$9:$C19,Overview!$P$2,$Q$9:$Q19,"Open",$R$9:$R19,"OK"),"")
A20: =IF(_EngineCycles!A20="","",_EngineCycles!B20&IF(_EngineCycles!C20>1," / "&_EngineCycles!C20,"")) | B20: =IF(_EngineCycles!A20="","",_EngineCycles!D20) | C20: =IF(_EngineCycles!A20="","",IFERROR(INDEX(Trades!$D$9:$D$508,_EngineCycles!AG20-8),"")) | D20: =IF(_EngineCycles!A20="","",IF($R20<>"OK","Review",IF(_EngineCycles!E20="Closed","Closed",IF(_EngineCycles!P20>0,IF(IFERROR(LOOKUP(2,1/((_EngineTrades!$AU$9:$AU$508=_EngineCycles!A20)),_EngineTrades!$AQ$9:$AQ$508),0)>0,"Covered Call","Shares Held"),"Cash-Secured Put")))) | E20: =IF(NOT(_EngineCycles!A20<>""),"",IF(NOT($R20="OK"),"",_EngineCycles!P20)) | F20: =IF(NOT(_EngineCycles!A20<>""),"",IF(NOT($R20="OK"),"",IF(AND(_EngineCycles!E20="Open",IFERROR(LOOKUP(2,1/((_EngineTrades!$AU$9:$AU$508=_EngineCycles!A20)),_EngineTrades!$AQ$9:$AQ$508),0)>0),IFERROR(LOOKUP(2,1/((_EngineTrades!$AU$9:$AU$508=_EngineCycles!A20)*(_EngineTrades!$AI$9:$AI$508>0)),_EngineTrades!$AH$9:$AH$508),0),""))) | G20: =IF(NOT(_EngineCycles!A20<>""),"",IF(NOT($R20="OK"),"",_EngineCycles!Q20)) | H20: =IF(NOT(_EngineCycles!A20<>""),"",IF(NOT($R20="OK"),"",_EngineCycles!J20)) | I20: =IF(NOT(_EngineCycles!A20<>""),"",IF(NOT($R20="OK"),"",_EngineCycles!I20)) | J20: =IF(NOT(_EngineCycles!A20<>""),"",IF(NOT($R20="OK"),"",_EngineCycles!L20)) | K20: =IF(NOT(_EngineCycles!A20<>""),"",IF(NOT($R20="OK"),"",_EngineCycles!U20)) | L20: =IF(NOT(_EngineCycles!A20<>""),"",IF(NOT($R20="OK"),"",_EngineCycles!AE20)) | M20: =IF(NOT(_EngineCycles!A20<>""),"",IF(NOT($R20="OK"),"",_EngineCycles!O20)) | N20: =IF(NOT(_EngineCycles!A20<>""),"",IF(NOT($R20="OK"),"",IF(_EngineCycles!E20="Closed",_EngineCycles!O20,""))) | O20: =IF(NOT(_EngineCycles!A20<>""),"",IF(NOT($R20="OK"),"",_EngineCycles!Y20)) | P20: =IF(NOT(_EngineCycles!A20<>""),"",IF(NOT($R20="OK"),"",_EngineCycles!S20)) | Q20: =IF(_EngineCycles!A20="","",IF($R20<>"OK","Review",IF(_EngineCycles!E20="Closed","Closed","Open"))) | R20: =IF(_EngineCycles!A20="","",IF(COUNTIFS(Trades!$B$9:$B$508,_EngineCycles!B20,Trades!$C$9:$C$508,"<>"&$B20,Trades!$A$9:$A$508,"<>")>0,"Ticker mismatch",IF(COUNTIFS(Trades!$B$9:$B$508,_EngineCycles!B20,Trades!$D$9:$D$508,"<>"&$C20,Trades!$A$9:$A$508,"<>")>0,"Currency mismatch",IF(COUNTIFS(Trades!$B$9:$B$508,_EngineCycles!B20,Trades!$S$9:$S$508,"<>OK",Trades!$A$9:$A$508,"<>")>0,"Check trades","OK")))) | S20: =IF(NOT(_EngineCycles!A20<>""),"",IF(NOT($R20="OK"),"",IF(AND(_EngineCycles!E20="Open",IFERROR(LOOKUP(2,1/((_EngineTrades!$AU$9:$AU$508=_EngineCycles!A20)),_EngineTrades!$AQ$9:$AQ$508),0)>0),IFERROR(LOOKUP(2,1/((_EngineTrades!$AU$9:$AU$508=_EngineCycles!A20)*(_EngineTrades!$AI$9:$AI$508>0)),_EngineTrades!$P$9:$P$508),0),""))) | T20: =IF(NOT(_EngineCycles!A20<>""),"",IF(NOT($R20="OK"),"",_EngineCycles!W20)) | Y20: =IF(AND($C20=Overview!$P$2,$Q20="Open",$R20="OK"),COUNTIFS($C$9:$C20,Overview!$P$2,$Q$9:$Q20,"Open",$R$9:$R20,"OK"),"")
... A208: =IF(_EngineCycles!A208="","",_EngineCycles!B208&IF(_EngineCycles!C208>1," / "&_EngineCycles!C208,"")) | B208: =IF(_EngineCycles!A208="","",_EngineCycles!D208) | C208: =IF(_EngineCycles!A208="","",IFERROR(INDEX(Trades!$D$9:$D$508,_EngineCycles!AG208-8),"")) | D208: =IF(_EngineCycles!A208="","",IF($R208<>"OK","Review",IF(_EngineCycles!E208="Closed","Closed",IF(_EngineCycles!P208>0,IF(IFERROR(LOOKUP(2,1/((_EngineTrades!$AU$9:$AU$508=_EngineCycles!A208)),_EngineTrades!$AQ$9:$AQ$508),0)>0,"Covered Call","Shares Held"),"Cash-Secured Put")))) | E208: =IF(NOT(_EngineCycles!A208<>""),"",IF(NOT($R208="OK"),"",_EngineCycles!P208)) | F208: =IF(NOT(_EngineCycles!A208<>""),"",IF(NOT($R208="OK"),"",IF(AND(_EngineCycles!E208="Open",IFERROR(LOOKUP(2,1/((_EngineTrades!$AU$9:$AU$508=_EngineCycles!A208)),_EngineTrades!$AQ$9:$AQ$508),0)>0),IFERROR(LOOKUP(2,1/((_EngineTrades!$AU$9:$AU$508=_EngineCycles!A208)*(_EngineTrades!$AI$9:$AI$508>0)),_EngineTrades!$AH$9:$AH$508),0),""))) | G208: =IF(NOT(_EngineCycles!A208<>""),"",IF(NOT($R208="OK"),"",_EngineCycles!Q208)) | H208: =IF(NOT(_EngineCycles!A208<>""),"",IF(NOT($R208="OK"),"",_EngineCycles!J208)) | I208: =IF(NOT(_EngineCycles!A208<>""),"",IF(NOT($R208="OK"),"",_EngineCycles!I208)) | J208: =IF(NOT(_EngineCycles!A208<>""),"",IF(NOT($R208="OK"),"",_EngineCycles!L208)) | K208: =IF(NOT(_EngineCycles!A208<>""),"",IF(NOT($R208="OK"),"",_EngineCycles!U208)) | L208: =IF(NOT(_EngineCycles!A208<>""),"",IF(NOT($R208="OK"),"",_EngineCycles!AE208)) | M208: =IF(NOT(_EngineCycles!A208<>""),"",IF(NOT($R208="OK"),"",_EngineCycles!O208)) | N208: =IF(NOT(_EngineCycles!A208<>""),"",IF(NOT($R208="OK"),"",IF(_EngineCycles!E208="Closed",_EngineCycles!O208,""))) | O208: =IF(NOT(_EngineCycles!A208<>""),"",IF(NOT($R208="OK"),"",_EngineCycles!Y208)) | P208: =IF(NOT(_EngineCycles!A208<>""),"",IF(NOT($R208="OK"),"",_EngineCycles!S208)) | Q208: =IF(_EngineCycles!A208="","",IF($R208<>"OK","Review",IF(_EngineCycles!E208="Closed","Closed","Open"))) | R208: =IF(_EngineCycles!A208="","",IF(COUNTIFS(Trades!$B$9:$B$508,_EngineCycles!B208,Trades!$C$9:$C$508,"<>"&$B208,Trades!$A$9:$A$508,"<>")>0,"Ticker mismatch",IF(COUNTIFS(Trades!$B$9:$B$508,_EngineCycles!B208,Trades!$D$9:$D$508,"<>"&$C208,Trades!$A$9:$A$508,"<>")>0,"Currency mismatch",IF(COUNTIFS(Trades!$B$9:$B$508,_EngineCycles!B208,Trades!$S$9:$S$508,"<>OK",Trades!$A$9:$A$508,"<>")>0,"Check trades","OK")))) | S208: =IF(NOT(_EngineCycles!A208<>""),"",IF(NOT($R208="OK"),"",IF(AND(_EngineCycles!E208="Open",IFERROR(LOOKUP(2,1/((_EngineTrades!$AU$9:$AU$508=_EngineCycles!A208)),_EngineTrades!$AQ$9:$AQ$508),0)>0),IFERROR(LOOKUP(2,1/((_EngineTrades!$AU$9:$AU$508=_EngineCycles!A208)*(_EngineTrades!$AI$9:$AI$508>0)),_EngineTrades!$P$9:$P$508),0),""))) | T208: =IF(NOT(_EngineCycles!A208<>""),"",IF(NOT($R208="OK"),"",_EngineCycles!W208)) | Y208: =IF(AND($C208=Overview!$P$2,$Q208="Open",$R208="OK"),COUNTIFS($C$9:$C208,Overview!$P$2,$Q$9:$Q208,"Open",$R$9:$R208,"OK"),"")

Sheet Instructions
A1: BeInOptions · Instructions
A2: How to use the Wheel Strategy Tracker
A4: What does the tracker show?
A5: It records your Wheel trades and calculates premiums, capital committed, open cycles, and the result of closed cycles.
A7: Get started in four steps
A8: 1 Enter one row per event in Trades. Light blue cells are inputs; gray cells calculate automatically.
A9: 2 Choose a unique Cycle ID for a new Wheel sequence, such as AAPL-001. Use the same ID for every related trade.
A10: 3 Choose an action from the list. Quantity means option contracts for options and shares for stock trades. Check the contract multiplier (usually 100).
A11: 4 Enter option premium per share and fees as a total amount. For a close or assignment, select the opening trade's Lot ID. Cycles and Overview update automatically.
A13: Colors and calculations
A14: Light blue = input · Light gray = formula · Green = positive result · Red = negative result. Do not overwrite calculated cells.
A15: Overview shows the selected currency without conversion and the chosen reporting date. The demo has Sample Data; the download template starts empty.
... A28: This workbook is an educational tracking tool and does not replace financial or tax advice.

Sheet _EngineTrades
A1: BeInOptions | Wheel Strategy Tracker
A2: Yellow cells are inputs. Excel calculates formulas and cycles when the file opens.
A3: Currency (display only; no conversion) | B3: =Overview!$P$2 -> USD | D3: As of | E3: =Overview!$R$2 -> 46313
A4: Use one Position ID per ticker and multiplier. Enter each position in ascending date order. Lot ID refers to the Event ID that opened the option lot.
A5: Cycle: first event while flat through the return to zero shares and zero open short options. Dividends and fees after closure remain in the prior cycle.
A6: Excel formulas do not sort events automatically. Keep each position's events in date order; same-day events follow row order. Capacity: 500 trades / 200 cycles.
A8: Event ID | B8: Position ID | C8: Ticker | D8: Multiplier | E8: Trade date | F8: Action | G8: Lot ID (opening event) | H8: Contracts | I8: Strike | J8: Premium / buyback price | K8: Roll close price | L8: Shares | M8: Share price | N8: Amount (dividend/fee) | O8: Fees | P8: Expiration | Q8: Note | R8: Net premium | S8: Cash flow | T8: Cycle | U8: State | V8: Check | W8: Shares held | X8: Capital at risk
A9: =IF(Trades!$A9="","",Trades!O9) -> E0001 | B9: =IF(Trades!$A9="","",Trades!B9) -> sample-xyz | C9: =IF(Trades!$A9="","",Trades!C9) -> XYZ | D9: =IF(Trades!$A9="","",IF(Trades!$L9>0,Trades!$L9,Trades!$C$6)) -> 100 | E9: =IF(Trades!$A9="","",Trades!A9) -> 46193 | F9: =IF(Trades!$A9="","",IFERROR(INDEX(Trades!$V$2:$V$14,MATCH(Trades!$E9,Trades!$U$2:$U$14,0)),"")) -> sell_put | G9: =IF(Trades!$A9="","",Trades!N9) -> 0 | H9: =IF(Trades!$A9="","",Trades!F9) -> 1 | I9: =IF(Trades!$A9="","",Trades!G9) -> 50 | J9: =IF(Trades!$A9="","",Trades!I9) -> 1.5 | K9: =IF(Trades!$A9="","",Trades!Q9) -> 0 | L9: =IF(Trades!$A9="","",Trades!F9) -> 1 | M9: =IF(Trades!$A9="","",Trades!M9) -> 0 | N9: =IF(Trades!$A9="","",Trades!R9) -> 0 | O9: =IF(Trades!$A9="","",Trades!J9) -> 0.65 | P9: =IF(Trades!$A9="","",Trades!H9) -> 46218 | Q9: =IF(Trades!$A9="","",Trades!P9) -> Sample Data | R9: =IF($A9="","",$Y9-$Z9) -> 150 | S9: =IF($A9="","",$R9+$AA9-$AB9-$AC9+$AD9) -> 149.35 | T9: =IF(OR($A9="",$B9=""),"",IF(AND(1,NOT(AND(OR($F9="dividend",$F9="fee"),0>0))),0+1,0)) -> 1 | U9: =IF($A9="","",IF($AR9,"Flat / cycle closed",IF($AM9>0,"Shares held","Short option open"))) -> Short option open | V9: =IF($A9="","",IF(OR($B9="",$C9="",$D9="",$E9="",$F9=""),"Missing required field",IF(COUNTIFS($A$9:$A9,$A9,$B$9:$B9,$B9)>1,"Duplicate event ID",IF(AND($E9<>0,0>$E9),"Date out of order",IF(AND(OR($F9="buy_to_close",$F9="expire",$F9="roll",$F9="assignment",$F9="called_away"),$AF9=0),"Unknown lot",IF(OR(AND($F9="assignment",$AF9>0,""<>"put"),AND($F9="called_away",$AF9>0,""<>"call")),"Wrong option leg",IF(OR(AND(OR($F9="sell_put",$F9="sell_call"),OR($H9<=0,$I9<=0,$J9<0)),AND(OR($F9="buy_to_close",$F9="expire",$F9="assignment",$F9="called_away"),OR($H9<=0,$J9<0)),AND($F9="roll",OR($H9<=0,$I9<=0,$J9<0,$K9<0)),AND(OR($F9="buy_shares",$F9="sell_shares"),OR($L9<=0,$M9<0)),AND(OR($F9="dividend",$F9="fee"),$N9<0)),"Invalid value",IF(AND(OR($F9="sell_shares",$F9="called_away"),$AL9<IF($F9="called_away",$AE9*$D9,$L9)),"Insufficient shares (capped)",IF(AND(OR($F9="buy_to_close",$F9="expire",$F9="roll",$F9="assignment",$F9="called_away"),$AF9>0,$H9>0),"Close quantity capped","OK"))))))))) -> OK | W9: =IF($A9="","",$AM9) -> 0 | X9: =IF($A9="","",$AS9) -> 5000 | Y9: =IF($A9="","",IF(OR($F9="sell_put",$F9="sell_call"),$J9*$AE9*$D9,IF($F9="roll",$J9*$AE9*$D9,0))) -> 150 | Z9: =IF($A9="","",IF($F9="buy_to_close",$J9*$AE9*$D9,IF($F9="roll",$K9*$AE9*$D9,0))) -> 0 | AA9: =IF($A9="","",IF(AND($F9="dividend",$N9>=0),$N9,0)) -> 0 | AB9: =IF($A9="","",IF($O9>=0,$O9,0)+IF(AND($F9="fee",$N9>=0),$N9,0)) -> 0.65 | AC9: =IF($A9="","",IF($F9="assignment",0*$AE9*$D9,IF($F9="buy_shares",$M9*$AL9,0))) -> 0 | AD9: =IF($A9="","",IF($F9="called_away",0*$AL9,IF($F9="sell_shares",$M9*$AL9,0))) -> 0 | AE9: =IF($A9="","",IF(OR($F9="sell_put",$F9="sell_call"),IF(AND($H9>0,$I9>0,$J9>=0),$H9,0),IF(OR($F9="buy_to_close",$F9="expire",$F9="roll",$F9="assignment",$F9="called_away"),IF(AND($AF9>0,$H9>0,IF($F9="assignment",""="put",TRUE),IF($F9="called_away",""="call",TRUE)),MIN($H9,0),0),0))) -> 1 | AF9: =IF($A9="","",0) -> 0 | AG9: =IF($A9="","",IF($F9="sell_put","put",IF($F9="sell_call","call",IF($F9="roll",IF($AF9>0,"",""),IF($AF9>0,"",""))))) -> put | AH9: =IF($A9="","",IF(OR($F9="sell_put",$F9="sell_call",$F9="roll"),$I9,IF($AF9>0,0,0))) -> 50 | AI9: =IF($A9="","",IF(OR($F9="sell_put",$F9="sell_call"),IF(AND($H9>0,$I9>0,$J9>=0),$H9,0),IF($F9="roll",$AE9,0))) -> 1 | AJ9: =IF($A9="","",0) -> 0 | AK9: =IF($A9="","",0) -> 0 | AL9: =IF($A9="","",IF($F9="assignment",$AE9*$D9,IF($F9="called_away",MIN(MAX(0,$AE9*$D9),MAX(0,$AJ9)),IF($F9="buy_shares",IF(AND($L9>0,$M9>=0),$L9,0),IF($F9="sell_shares",IF(AND($L9>0,$M9>=0),MIN($L9,MAX(0,$AJ9)),0),0))))) -> 0 | AM9: =IF($A9="","",MAX(0,$AJ9+IF(OR($F9="assignment",$F9="buy_shares"),$AL9,-$AL9))) -> 0 | AN9: =IF($A9="","",IF($AM9<=0.000000001,0,MAX(0,$AK9+$AC9-IF(OR($F9="called_away",$F9="sell_shares"),IF($AJ9>0,$AK9/$AJ9*$AL9,0),0)))) -> 0 | AO9: =IF($A9="","",0+IF($F9="sell_put",$I9*$AE9*$D9,IF($F9="roll",IF($AG9="put",($I9-0)*$AE9*$D9,0),IF(AND(OR($F9="buy_to_close",$F9="expire",$F9="roll",$F9="assignment",$F9="called_away"),$F9<>"roll",$AG9="put"),0*$AE9*$D9,0)))) -> 5000 | AP9: =IF($A9="","",0+IF($F9="sell_put",$AE9*$D9,IF(AND(OR($F9="buy_to_close",$F9="expire",$F9="roll",$F9="assignment",$F9="called_away"),$F9<>"roll",$AG9="put"),-$AE9*$D9,0))) -> 100 | AQ9: =IF($A9="","",0+IF(OR($F9="sell_put",$F9="sell_call"),$AE9,0)-IF(AND(OR($F9="buy_to_close",$F9="expire",$F9="roll",$F9="assignment",$F9="called_away"),$F9<>"roll"),$AE9,0)) -> 1 | AR9: =IF($A9="","",AND($AM9<=0.000000001,$AQ9<=0.000000001)) -> FALSE | AS9: =IF($A9="","",$AO9+$AN9) -> 5000 | AT9: =IF($A9="","",MAX(IF($T9=0,0,0),$AS9)) -> 5000 | AU9: =IF(OR($A9="",$B9="",$T9=""),"",$B9&"¦"&$T9) -> sample-xyz¦1 | AV9: =IF($AU9="",0,IF(AND(1,NOT(AND(OR($F9="dividend",$F9="fee"),0>0))),ROW(),0)) -> 9 | AW9: =IF($A9="",0,IF($AV9>0,0+1,0)) -> 1 | AX9: =IF($AU9="",0,IF(AND($AR9,OR(NOT(1),0=0)),ROW(),0)) -> 0 | AY9: =IF(OR($A9="",$B9=""),"",LEN($B9)&":"&$B9&$A9) -> 10:sample-xyzE0001
A10: =IF(Trades!$A10="","",Trades!O10) -> E0002 | B10: =IF(Trades!$A10="","",Trades!B10) -> sample-xyz | C10: =IF(Trades!$A10="","",Trades!C10) -> XYZ | D10: =IF(Trades!$A10="","",IF(Trades!$L10>0,Trades!$L10,Trades!$C$6)) -> 100 | E10: =IF(Trades!$A10="","",Trades!A10) -> 46218 | F10: =IF(Trades!$A10="","",IFERROR(INDEX(Trades!$V$2:$V$14,MATCH(Trades!$E10,Trades!$U$2:$U$14,0)),"")) -> assignment | G10: =IF(Trades!$A10="","",Trades!N10) -> E0001 | H10: =IF(Trades!$A10="","",Trades!F10) -> 1 | I10: =IF(Trades!$A10="","",Trades!G10) -> 0 | J10: =IF(Trades!$A10="","",Trades!I10) -> 0 | K10: =IF(Trades!$A10="","",Trades!Q10) -> 0 | L10: =IF(Trades!$A10="","",Trades!F10) -> 1 | M10: =IF(Trades!$A10="","",Trades!M10) -> 0 | N10: =IF(Trades!$A10="","",Trades!R10) -> 0 | O10: =IF(Trades!$A10="","",Trades!J10) -> 0 | P10: =IF(Trades!$A10="","",Trades!H10) -> 0 | Q10: =IF(Trades!$A10="","",Trades!P10) -> Sample Data | R10: =IF($A10="","",$Y10-$Z10) -> 0 | S10: =IF($A10="","",$R10+$AA10-$AB10-$AC10+$AD10) -> -5000 | T10: =IF(OR($A10="",$B10=""),"",IF(AND(IFERROR(LOOKUP(2,1/($B$9:$B$9=$B10),$AR$9:$AR9),1),NOT(AND(OR($F10="dividend",$F10="fee"),IFERROR(LOOKUP(2,1/($B$9:$B$9=$B10),$T$9:$T9),0)>0))),IFERROR(LOOKUP(2,1/($B$9:$B$9=$B10),$T$9:$T9),0)+1,IFERROR(LOOKUP(2,1/($B$9:$B$9=$B10),$T$9:$T9),0))) -> 1 | U10: =IF($A10="","",IF($AR10,"Flat / cycle closed",IF($AM10>0,"Shares held","Short option open"))) -> Shares held | V10: =IF($A10="","",IF(OR($B10="",$C10="",$D10="",$E10="",$F10=""),"Missing required field",IF(COUNTIFS($A$9:$A10,$A10,$B$9:$B10,$B10)>1,"Duplicate event ID",IF(AND($E10<>IFERROR(LOOKUP(2,1/($B$9:$B$9=$B10),$E$9:$E9),0),IFERROR(LOOKUP(2,1/($B$9:$B$9=$B10),$E$9:$E9),0)>$E10),"Date out of order",IF(AND(OR($F10="buy_to_close",$F10="expire",$F10="roll",$F10="assignment",$F10="called_away"),$AF10=0),"Unknown lot",IF(OR(AND($F10="assignment",$AF10>0,IF($AF10>0,INDEX($AG$9:$AG$9,$AF10),"")<>"put"),AND($F10="called_away",$AF10>0,IF($AF10>0,INDEX($AG$9:$AG$9,$AF10),"")<>"call")),"Wrong option leg",IF(OR(AND(OR($F10="sell_put",$F10="sell_call"),OR($H10<=0,$I10<=0,$J10<0)),AND(OR($F10="buy_to_close",$F10="expire",$F10="assignment",$F10="called_away"),OR($H10<=0,$J10<0)),AND($F10="roll",OR($H10<=0,$I10<=0,$J10<0,$K10<0)),AND(OR($F10="buy_shares",$F10="sell_shares"),OR($L10<=0,$M10<0)),AND(OR($F10="dividend",$F10="fee"),$N10<0)),"Invalid value",IF(AND(OR($F10="sell_shares",$F10="called_away"),$AL10<IF($F10="called_away",$AE10*$D10,$L10)),"Insufficient shares (capped)",IF(AND(OR($F10="buy_to_close",$F10="expire",$F10="roll",$F10="assignment",$F10="called_away"),$AF10>0,$H10>IF($AF10>0,MAX(0,INDEX($AI$9:$AI$9,$AF10)-SUMIFS($AE$9:$AE$9,$G$9:$G$9,$G10,$B$9:$B$9,$B10)),0)),"Close quantity capped","OK"))))))))) -> OK | W10: =IF($A10="","",$AM10) -> 100 | X10: =IF($A10="","",$AS10) -> 5000 | Y10: =IF($A10="","",IF(OR($F10="sell_put",$F10="sell_call"),$J10*$AE10*$D10,IF($F10="roll",$J10*$AE10*$D10,0))) -> 0 | Z10: =IF($A10="","",IF($F10="buy_to_close",$J10*$AE10*$D10,IF($F10="roll",$K10*$AE10*$D10,0))) -> 0 | AA10: =IF($A10="","",IF(AND($F10="dividend",$N10>=0),$N10,0)) -> 0 | AB10: =IF($A10="","",IF($O10>=0,$O10,0)+IF(AND($F10="fee",$N10>=0),$N10,0)) -> 0 | AC10: =IF($A10="","",IF($F10="assignment",IF($AF10>0,INDEX($AH$9:$AH$9,$AF10),0)*$AE10*$D10,IF($F10="buy_shares",$M10*$AL10,0))) -> 5000 | AD10: =IF($A10="","",IF($F10="called_away",IF($AF10>0,INDEX($AH$9:$AH$9,$AF10),0)*$AL10,IF($F10="sell_shares",$M10*$AL10,0))) -> 0 | AE10: =IF($A10="","",IF(OR($F10="sell_put",$F10="sell_call"),IF(AND($H10>0,$I10>0,$J10>=0),$H10,0),IF(OR($F10="buy_to_close",$F10="expire",$F10="roll",$F10="assignment",$F10="called_away"),IF(AND($AF10>0,$H10>0,IF($F10="assignment",IF($AF10>0,INDEX($AG$9:$AG$9,$AF10),"")="put",TRUE),IF($F10="called_away",IF($AF10>0,INDEX($AG$9:$AG$9,$AF10),"")="call",TRUE)),MIN($H10,IF($AF10>0,MAX(0,INDEX($AI$9:$AI$9,$AF10)-SUMIFS($AE$9:$AE$9,$G$9:$G$9,$G10,$B$9:$B$9,$B10)),0)),0),0))) -> 1 | AF10: =IF($A10="","",IFERROR(MATCH(LEN($B10)&":"&$B10&$G10,$AY$9:$AY$9,0),0)) -> 1 | AG10: =IF($A10="","",IF($F10="sell_put","put",IF($F10="sell_call","call",IF($F10="roll",IF($AF10>0,IF($AF10>0,INDEX($AG$9:$AG$9,$AF10),""),""),IF($AF10>0,IF($AF10>0,INDEX($AG$9:$AG$9,$AF10),""),""))))) -> put | AH10: =IF($A10="","",IF(OR($F10="sell_put",$F10="sell_call",$F10="roll"),$I10,IF($AF10>0,IF($AF10>0,INDEX($AH$9:$AH$9,$AF10),0),0))) -> 50 | AI10: =IF($A10="","",IF(OR($F10="sell_put",$F10="sell_call"),IF(AND($H10>0,$I10>0,$J10>=0),$H10,0),IF($F10="roll",$AE10,0))) -> 0 | AJ10: =IF($A10="","",IFERROR(LOOKUP(2,1/($B$9:$B$9=$B10),$AM$9:$AM9),0)) -> 0 | AK10: =IF($A10="","",IFERROR(LOOKUP(2,1/($B$9:$B$9=$B10),$AN$9:$AN9),0)) -> 0 | AL10: =IF($A10="","",IF($F10="assignment",$AE10*$D10,IF($F10="called_away",MIN(MAX(0,$AE10*$D10),MAX(0,$AJ10)),IF($F10="buy_shares",IF(AND($L10>0,$M10>=0),$L10,0),IF($F10="sell_shares",IF(AND($L10>0,$M10>=0),MIN($L10,MAX(0,$AJ10)),0),0))))) -> 100 | AM10: =IF($A10="","",MAX(0,$AJ10+IF(OR($F10="assignment",$F10="buy_shares"),$AL10,-$AL10))) -> 100 | AN10: =IF($A10="","",IF($AM10<=0.000000001,0,MAX(0,$AK10+$AC10-IF(OR($F10="called_away",$F10="sell_shares"),IF($AJ10>0,$AK10/$AJ10*$AL10,0),0)))) -> 5000 | AO10: =IF($A10="","",IFERROR(LOOKUP(2,1/($B$9:$B$9=$B10),$AO$9:$AO9),0)+IF($F10="sell_put",$I10*$AE10*$D10,IF($F10="roll",IF($AG10="put",($I10-IF($AF10>0,INDEX($AH$9:$AH$9,$AF10),0))*$AE10*$D10,0),IF(AND(OR($F10="buy_to_close",$F10="expire",$F10="roll",$F10="assignment",$F10="called_away"),$F10<>"roll",$AG10="put"),-IF($AF10>0,INDEX($AH$9:$AH$9,$AF10),0)*$AE10*$D10,0)))) -> 0 | AP10: =IF($A10="","",IFERROR(LOOKUP(2,1/($B$9:$B$9=$B10),$AP$9:$AP9),0)+IF($F10="sell_put",$AE10*$D10,IF(AND(OR($F10="buy_to_close",$F10="expire",$F10="roll",$F10="assignment",$F10="called_away"),$F10<>"roll",$AG10="put"),-$AE10*$D10,0))) -> 0 | AQ10: =IF($A10="","",IFERROR(LOOKUP(2,1/($B$9:$B$9=$B10),$AQ$9:$AQ9),0)+IF(OR($F10="sell_put",$F10="sell_call"),$AE10,0)-IF(AND(OR($F10="buy_to_close",$F10="expire",$F10="roll",$F10="assignment",$F10="called_away"),$F10<>"roll"),$AE10,0)) -> 0 | AR10: =IF($A10="","",AND($AM10<=0.000000001,$AQ10<=0.000000001)) -> FALSE | AS10: =IF($A10="","",$AO10+$AN10) -> 5000 | AT10: =IF($A10="","",MAX(IF($T10=IFERROR(LOOKUP(2,1/($B$9:$B$9=$B10),$T$9:$T9),0),IFERROR(LOOKUP(2,1/($B$9:$B$9=$B10),$AT$9:$AT9),0),0),$AS10)) -> 5000 | AU10: =IF(OR($A10="",$B10="",$T10=""),"",$B10&"¦"&$T10) -> sample-xyz¦1 | AV10: =IF($AU10="",0,IF(AND(IFERROR(LOOKUP(2,1/($B$9:$B$9=$B10),$AR$9:$AR9),1),NOT(AND(OR($F10="dividend",$F10="fee"),IFERROR(LOOKUP(2,1/($B$9:$B$9=$B10),$T$9:$T9),0)>0))),ROW(),0)) -> 0 | AW10: =IF($A10="",0,IF($AV10>0,MAX($AW$9:$AW$9)+1,MAX($AW$9:$AW$9))) -> 1 | AX10: =IF($AU10="",0,IF(AND($AR10,OR(NOT(IFERROR(LOOKUP(2,1/($B$9:$B$9=$B10),$AR$9:$AR9),1)),IFERROR(LOOKUP(2,1/($B$9:$B$9=$B10),$T$9:$T9),0)=0)),ROW(),0)) -> 0 | AY10: =IF(OR($A10="",$B10=""),"",LEN($B10)&":"&$B10&$A10) -> 10:sample-xyzE0002
A11: =IF(Trades!$A11="","",Trades!O11) -> E0003 | B11: =IF(Trades!$A11="","",Trades!B11) -> sample-xyz | C11: =IF(Trades!$A11="","",Trades!C11) -> XYZ | D11: =IF(Trades!$A11="","",IF(Trades!$L11>0,Trades!$L11,Trades!$C$6)) -> 100 | E11: =IF(Trades!$A11="","",Trades!A11) -> 46221 | F11: =IF(Trades!$A11="","",IFERROR(INDEX(Trades!$V$2:$V$14,MATCH(Trades!$E11,Trades!$U$2:$U$14,0)),"")) -> sell_call | G11: =IF(Trades!$A11="","",Trades!N11) -> 0 | H11: =IF(Trades!$A11="","",Trades!F11) -> 1 | I11: =IF(Trades!$A11="","",Trades!G11) -> 52 | J11: =IF(Trades!$A11="","",Trades!I11) -> 1 | K11: =IF(Trades!$A11="","",Trades!Q11) -> 0 | L11: =IF(Trades!$A11="","",Trades!F11) -> 1 | M11: =IF(Trades!$A11="","",Trades!M11) -> 0 | N11: =IF(Trades!$A11="","",Trades!R11) -> 0 | O11: =IF(Trades!$A11="","",Trades!J11) -> 0.65 | P11: =IF(Trades!$A11="","",Trades!H11) -> 46246 | Q11: =IF(Trades!$A11="","",Trades!P11) -> Sample Data | R11: =IF($A11="","",$Y11-$Z11) -> 100 | S11: =IF($A11="","",$R11+$AA11-$AB11-$AC11+$AD11) -> 99.35 | T11: =IF(OR($A11="",$B11=""),"",IF(AND(IFERROR(LOOKUP(2,1/($B$9:$B$10=$B11),$AR$9:$AR10),1),NOT(AND(OR($F11="dividend",$F11="fee"),IFERROR(LOOKUP(2,1/($B$9:$B$10=$B11),$T$9:$T10),0)>0))),IFERROR(LOOKUP(2,1/($B$9:$B$10=$B11),$T$9:$T10),0)+1,IFERROR(LOOKUP(2,1/($B$9:$B$10=$B11),$T$9:$T10),0))) -> 1 | U11: =IF($A11="","",IF($AR11,"Flat / cycle closed",IF($AM11>0,"Shares held","Short option open"))) -> Shares held | V11: =IF($A11="","",IF(OR($B11="",$C11="",$D11="",$E11="",$F11=""),"Missing required field",IF(COUNTIFS($A$9:$A11,$A11,$B$9:$B11,$B11)>1,"Duplicate event ID",IF(AND($E11<>IFERROR(LOOKUP(2,1/($B$9:$B$10=$B11),$E$9:$E10),0),IFERROR(LOOKUP(2,1/($B$9:$B$10=$B11),$E$9:$E10),0)>$E11),"Date out of order",IF(AND(OR($F11="buy_to_close",$F11="expire",$F11="roll",$F11="assignment",$F11="called_away"),$AF11=0),"Unknown lot",IF(OR(AND($F11="assignment",$AF11>0,IF($AF11>0,INDEX($AG$9:$AG$10,$AF11),"")<>"put"),AND($F11="called_away",$AF11>0,IF($AF11>0,INDEX($AG$9:$AG$10,$AF11),"")<>"call")),"Wrong option leg",IF(OR(AND(OR($F11="sell_put",$F11="sell_call"),OR($H11<=0,$I11<=0,$J11<0)),AND(OR($F11="buy_to_close",$F11="expire",$F11="assignment",$F11="called_away"),OR($H11<=0,$J11<0)),AND($F11="roll",OR($H11<=0,$I11<=0,$J11<0,$K11<0)),AND(OR($F11="buy_shares",$F11="sell_shares"),OR($L11<=0,$M11<0)),AND(OR($F11="dividend",$F11="fee"),$N11<0)),"Invalid value",IF(AND(OR($F11="sell_shares",$F11="called_away"),$AL11<IF($F11="called_away",$AE11*$D11,$L11)),"Insufficient shares (capped)",IF(AND(OR($F11="buy_to_close",$F11="expire",$F11="roll",$F11="assignment",$F11="called_away"),$AF11>0,$H11>IF($AF11>0,MAX(0,INDEX($AI$9:$AI$10,$AF11)-SUMIFS($AE$9:$AE$10,$G$9:$G$10,$G11,$B$9:$B$10,$B11)),0)),"Close quantity capped","OK"))))))))) -> OK | W11: =IF($A11="","",$AM11) -> 100 | X11: =IF($A11="","",$AS11) -> 5000 | Y11: =IF($A11="","",IF(OR($F11="sell_put",$F11="sell_call"),$J11*$AE11*$D11,IF($F11="roll",$J11*$AE11*$D11,0))) -> 100 | Z11: =IF($A11="","",IF($F11="buy_to_close",$J11*$AE11*$D11,IF($F11="roll",$K11*$AE11*$D11,0))) -> 0 | AA11: =IF($A11="","",IF(AND($F11="dividend",$N11>=0),$N11,0)) -> 0 | AB11: =IF($A11="","",IF($O11>=0,$O11,0)+IF(AND($F11="fee",$N11>=0),$N11,0)) -> 0.65 | AC11: =IF($A11="","",IF($F11="assignment",IF($AF11>0,INDEX($AH$9:$AH$10,$AF11),0)*$AE11*$D11,IF($F11="buy_shares",$M11*$AL11,0))) -> 0 | AD11: =IF($A11="","",IF($F11="called_away",IF($AF11>0,INDEX($AH$9:$AH$10,$AF11),0)*$AL11,IF($F11="sell_shares",$M11*$AL11,0))) -> 0 | AE11: =IF($A11="","",IF(OR($F11="sell_put",$F11="sell_call"),IF(AND($H11>0,$I11>0,$J11>=0),$H11,0),IF(OR($F11="buy_to_close",$F11="expire",$F11="roll",$F11="assignment",$F11="called_away"),IF(AND($AF11>0,$H11>0,IF($F11="assignment",IF($AF11>0,INDEX($AG$9:$AG$10,$AF11),"")="put",TRUE),IF($F11="called_away",IF($AF11>0,INDEX($AG$9:$AG$10,$AF11),"")="call",TRUE)),MIN($H11,IF($AF11>0,MAX(0,INDEX($AI$9:$AI$10,$AF11)-SUMIFS($AE$9:$AE$10,$G$9:$G$10,$G11,$B$9:$B$10,$B11)),0)),0),0))) -> 1 | AF11: =IF($A11="","",IFERROR(MATCH(LEN($B11)&":"&$B11&$G11,$AY$9:$AY$10,0),0)) -> 0 | AG11: =IF($A11="","",IF($F11="sell_put","put",IF($F11="sell_call","call",IF($F11="roll",IF($AF11>0,IF($AF11>0,INDEX($AG$9:$AG$10,$AF11),""),""),IF($AF11>0,IF($AF11>0,INDEX($AG$9:$AG$10,$AF11),""),""))))) -> call | AH11: =IF($A11="","",IF(OR($F11="sell_put",$F11="sell_call",$F11="roll"),$I11,IF($AF11>0,IF($AF11>0,INDEX($AH$9:$AH$10,$AF11),0),0))) -> 52 | AI11: =IF($A11="","",IF(OR($F11="sell_put",$F11="sell_call"),IF(AND($H11>0,$I11>0,$J11>=0),$H11,0),IF($F11="roll",$AE11,0))) -> 1 | AJ11: =IF($A11="","",IFERROR(LOOKUP(2,1/($B$9:$B$10=$B11),$AM$9:$AM10),0)) -> 100 | AK11: =IF($A11="","",IFERROR(LOOKUP(2,1/($B$9:$B$10=$B11),$AN$9:$AN10),0)) -> 5000 | AL11: =IF($A11="","",IF($F11="assignment",$AE11*$D11,IF($F11="called_away",MIN(MAX(0,$AE11*$D11),MAX(0,$AJ11)),IF($F11="buy_shares",IF(AND($L11>0,$M11>=0),$L11,0),IF($F11="sell_shares",IF(AND($L11>0,$M11>=0),MIN($L11,MAX(0,$AJ11)),0),0))))) -> 0 | AM11: =IF($A11="","",MAX(0,$AJ11+IF(OR($F11="assignment",$F11="buy_shares"),$AL11,-$AL11))) -> 100 | AN11: =IF($A11="","",IF($AM11<=0.000000001,0,MAX(0,$AK11+$AC11-IF(OR($F11="called_away",$F11="sell_shares"),IF($AJ11>0,$AK11/$AJ11*$AL11,0),0)))) -> 5000 | AO11: =IF($A11="","",IFERROR(LOOKUP(2,1/($B$9:$B$10=$B11),$AO$9:$AO10),0)+IF($F11="sell_put",$I11*$AE11*$D11,IF($F11="roll",IF($AG11="put",($I11-IF($AF11>0,INDEX($AH$9:$AH$10,$AF11),0))*$AE11*$D11,0),IF(AND(OR($F11="buy_to_close",$F11="expire",$F11="roll",$F11="assignment",$F11="called_away"),$F11<>"roll",$AG11="put"),-IF($AF11>0,INDEX($AH$9:$AH$10,$AF11),0)*$AE11*$D11,0)))) -> 0 | AP11: =IF($A11="","",IFERROR(LOOKUP(2,1/($B$9:$B$10=$B11),$AP$9:$AP10),0)+IF($F11="sell_put",$AE11*$D11,IF(AND(OR($F11="buy_to_close",$F11="expire",$F11="roll",$F11="assignment",$F11="called_away"),$F11<>"roll",$AG11="put"),-$AE11*$D11,0))) -> 0 | AQ11: =IF($A11="","",IFERROR(LOOKUP(2,1/($B$9:$B$10=$B11),$AQ$9:$AQ10),0)+IF(OR($F11="sell_put",$F11="sell_call"),$AE11,0)-IF(AND(OR($F11="buy_to_close",$F11="expire",$F11="roll",$F11="assignment",$F11="called_away"),$F11<>"roll"),$AE11,0)) -> 1 | AR11: =IF($A11="","",AND($AM11<=0.000000001,$AQ11<=0.000000001)) -> FALSE | AS11: =IF($A11="","",$AO11+$AN11) -> 5000 | AT11: =IF($A11="","",MAX(IF($T11=IFERROR(LOOKUP(2,1/($B$9:$B$10=$B11),$T$9:$T10),0),IFERROR(LOOKUP(2,1/($B$9:$B$10=$B11),$AT$9:$AT10),0),0),$AS11)) -> 5000 | AU11: =IF(OR($A11="",$B11="",$T11=""),"",$B11&"¦"&$T11) -> sample-xyz¦1 | AV11: =IF($AU11="",0,IF(AND(IFERROR(LOOKUP(2,1/($B$9:$B$10=$B11),$AR$9:$AR10),1),NOT(AND(OR($F11="dividend",$F11="fee"),IFERROR(LOOKUP(2,1/($B$9:$B$10=$B11),$T$9:$T10),0)>0))),ROW(),0)) -> 0 | AW11: =IF($A11="",0,IF($AV11>0,MAX($AW$9:$AW$10)+1,MAX($AW$9:$AW$10))) -> 1 | AX11: =IF($AU11="",0,IF(AND($AR11,OR(NOT(IFERROR(LOOKUP(2,1/($B$9:$B$10=$B11),$AR$9:$AR10),1)),IFERROR(LOOKUP(2,1/($B$9:$B$10=$B11),$T$9:$T10),0)=0)),ROW(),0)) -> 0 | AY11: =IF(OR($A11="",$B11=""),"",LEN($B11)&":"&$B11&$A11) -> 10:sample-xyzE0003
A12: =IF(Trades!$A12="","",Trades!O12) -> E0004 | B12: =IF(Trades!$A12="","",Trades!B12) -> demo-loss | C12: =IF(Trades!$A12="","",Trades!C12) -> MNO | D12: =IF(Trades!$A12="","",IF(Trades!$L12>0,Trades!$L12,Trades!$C$6)) -> 100 | E12: =IF(Trades!$A12="","",Trades!A12) -> 46228 | F12: =IF(Trades!$A12="","",IFERROR(INDEX(Trades!$V$2:$V$14,MATCH(Trades!$E12,Trades!$U$2:$U$14,0)),"")) -> buy_shares | G12: =IF(Trades!$A12="","",Trades!N12) -> 0 | H12: =IF(Trades!$A12="","",Trades!F12) -> 100 | I12: =IF(Trades!$A12="","",Trades!G12) -> 0 | J12: =IF(Trades!$A12="","",Trades!I12) -> 0 | K12: =IF(Trades!$A12="","",Trades!Q12) -> 0 | L12: =IF(Trades!$A12="","",Trades!F12) -> 100 | M12: =IF(Trades!$A12="","",Trades!M12) -> 40 | N12: =IF(Trades!$A12="","",Trades!R12) -> 0 | O12: =IF(Trades!$A12="","",Trades!J12) -> 1 | P12: =IF(Trades!$A12="","",Trades!H12) -> 0 | Q12: =IF(Trades!$A12="","",Trades!P12) -> Sample Data | R12: =IF($A12="","",$Y12-$Z12) -> 0 | S12: =IF($A12="","",$R12+$AA12-$AB12-$AC12+$AD12) -> -4001 | T12: =IF(OR($A12="",$B12=""),"",IF(AND(IFERROR(LOOKUP(2,1/($B$9:$B$11=$B12),$AR$9:$AR11),1),NOT(AND(OR($F12="dividend",$F12="fee"),IFERROR(LOOKUP(2,1/($B$9:$B$11=$B12),$T$9:$T11),0)>0))),IFERROR(LOOKUP(2,1/($B$9:$B$11=$B12),$T$9:$T11),0)+1,IFERROR(LOOKUP(2,1/($B$9:$B$11=$B12),$T$9:$T11),0))) -> 1 | U12: =IF($A12="","",IF($AR12,"Flat / cycle closed",IF($AM12>0,"Shares held","Short option open"))) -> Shares held | V12: =IF($A12="","",IF(OR($B12="",$C12="",$D12="",$E12="",$F12=""),"Missing required field",IF(COUNTIFS($A$9:$A12,$A12,$B$9:$B12,$B12)>1,"Duplicate event ID",IF(AND($E12<>IFERROR(LOOKUP(2,1/($B$9:$B$11=$B12),$E$9:$E11),0),IFERROR(LOOKUP(2,1/($B$9:$B$11=$B12),$E$9:$E11),0)>$E12),"Date out of order",IF(AND(OR($F12="buy_to_close",$F12="expire",$F12="roll",$F12="assignment",$F12="called_away"),$AF12=0),"Unknown lot",IF(OR(AND($F12="assignment",$AF12>0,IF($AF12>0,INDEX($AG$9:$AG$11,$AF12),"")<>"put"),AND($F12="called_away",$AF12>0,IF($AF12>0,INDEX($AG$9:$AG$11,$AF12),"")<>"call")),"Wrong option leg",IF(OR(AND(OR($F12="sell_put",$F12="sell_call"),OR($H12<=0,$I12<=0,$J12<0)),AND(OR($F12="buy_to_close",$F12="expire",$F12="assignment",$F12="called_away"),OR($H12<=0,$J12<0)),AND($F12="roll",OR($H12<=0,$I12<=0,$J12<0,$K12<0)),AND(OR($F12="buy_shares",$F12="sell_shares"),OR($L12<=0,$M12<0)),AND(OR($F12="dividend",$F12="fee"),$N12<0)),"Invalid value",IF(AND(OR($F12="sell_shares",$F12="called_away"),$AL12<IF($F12="called_away",$AE12*$D12,$L12)),"Insufficient shares (capped)",IF(AND(OR($F12="buy_to_close",$F12="expire",$F12="roll",$F12="assignment",$F12="called_away"),$AF12>0,$H12>IF($AF12>0,MAX(0,INDEX($AI$9:$AI$11,$AF12)-SUMIFS($AE$9:$AE$11,$G$9:$G$11,$G12,$B$9:$B$11,$B12)),0)),"Close quantity capped","OK"))))))))) -> OK | W12: =IF($A12="","",$AM12) -> 100 | X12: =IF($A12="","",$AS12) -> 4000 | Y12: =IF($A12="","",IF(OR($F12="sell_put",$F12="sell_call"),$J12*$AE12*$D12,IF($F12="roll",$J12*$AE12*$D12,0))) -> 0 | Z12: =IF($A12="","",IF($F12="buy_to_close",$J12*$AE12*$D12,IF($F12="roll",$K12*$AE12*$D12,0))) -> 0 | AA12: =IF($A12="","",IF(AND($F12="dividend",$N12>=0),$N12,0)) -> 0 | AB12: =IF($A12="","",IF($O12>=0,$O12,0)+IF(AND($F12="fee",$N12>=0),$N12,0)) -> 1 | AC12: =IF($A12="","",IF($F12="assignment",IF($AF12>0,INDEX($AH$9:$AH$11,$AF12),0)*$AE12*$D12,IF($F12="buy_shares",$M12*$AL12,0))) -> 4000 | AD12: =IF($A12="","",IF($F12="called_away",IF($AF12>0,INDEX($AH$9:$AH$11,$AF12),0)*$AL12,IF($F12="sell_shares",$M12*$AL12,0))) -> 0 | AE12: =IF($A12="","",IF(OR($F12="sell_put",$F12="sell_call"),IF(AND($H12>0,$I12>0,$J12>=0),$H12,0),IF(OR($F12="buy_to_close",$F12="expire",$F12="roll",$F12="assignment",$F12="called_away"),IF(AND($AF12>0,$H12>0,IF($F12="assignment",IF($AF12>0,INDEX($AG$9:$AG$11,$AF12),"")="put",TRUE),IF($F12="called_away",IF($AF12>0,INDEX($AG$9:$AG$11,$AF12),"")="call",TRUE)),MIN($H12,IF($AF12>0,MAX(0,INDEX($AI$9:$AI$11,$AF12)-SUMIFS($AE$9:$AE$11,$G$9:$G$11,$G12,$B$9:$B$11,$B12)),0)),0),0))) -> 0 | AF12: =IF($A12="","",IFERROR(MATCH(LEN($B12)&":"&$B12&$G12,$AY$9:$AY$11,0),0)) -> 0 | AG12: =IF($A12="","",IF($F12="sell_put","put",IF($F12="sell_call","call",IF($F12="roll",IF($AF12>0,IF($AF12>0,INDEX($AG$9:$AG$11,$AF12),""),""),IF($AF12>0,IF($AF12>0,INDEX($AG$9:$AG$11,$AF12),""),""))))) | AH12: =IF($A12="","",IF(OR($F12="sell_put",$F12="sell_call",$F12="roll"),$I12,IF($AF12>0,IF($AF12>0,INDEX($AH$9:$AH$11,$AF12),0),0))) -> 0 | AI12: =IF($A12="","",IF(OR($F12="sell_put",$F12="sell_call"),IF(AND($H12>0,$I12>0,$J12>=0),$H12,0),IF($F12="roll",$AE12,0))) -> 0 | AJ12: =IF($A12="","",IFERROR(LOOKUP(2,1/($B$9:$B$11=$B12),$AM$9:$AM11),0)) -> 0 | AK12: =IF($A12="","",IFERROR(LOOKUP(2,1/($B$9:$B$11=$B12),$AN$9:$AN11),0)) -> 0 | AL12: =IF($A12="","",IF($F12="assignment",$AE12*$D12,IF($F12="called_away",MIN(MAX(0,$AE12*$D12),MAX(0,$AJ12)),IF($F12="buy_shares",IF(AND($L12>0,$M12>=0),$L12,0),IF($F12="sell_shares",IF(AND($L12>0,$M12>=0),MIN($L12,MAX(0,$AJ12)),0),0))))) -> 100 | AM12: =IF($A12="","",MAX(0,$AJ12+IF(OR($F12="assignment",$F12="buy_shares"),$AL12,-$AL12))) -> 100 | AN12: =IF($A12="","",IF($AM12<=0.000000001,0,MAX(0,$AK12+$AC12-IF(OR($F12="called_away",$F12="sell_shares"),IF($AJ12>0,$AK12/$AJ12*$AL12,0),0)))) -> 4000 | AO12: =IF($A12="","",IFERROR(LOOKUP(2,1/($B$9:$B$11=$B12),$AO$9:$AO11),0)+IF($F12="sell_put",$I12*$AE12*$D12,IF($F12="roll",IF($AG12="put",($I12-IF($AF12>0,INDEX($AH$9:$AH$11,$AF12),0))*$AE12*$D12,0),IF(AND(OR($F12="buy_to_close",$F12="expire",$F12="roll",$F12="assignment",$F12="called_away"),$F12<>"roll",$AG12="put"),-IF($AF12>0,INDEX($AH$9:$AH$11,$AF12),0)*$AE12*$D12,0)))) -> 0 | AP12: =IF($A12="","",IFERROR(LOOKUP(2,1/($B$9:$B$11=$B12),$AP$9:$AP11),0)+IF($F12="sell_put",$AE12*$D12,IF(AND(OR($F12="buy_to_close",$F12="expire",$F12="roll",$F12="assignment",$F12="called_away"),$F12<>"roll",$AG12="put"),-$AE12*$D12,0))) -> 0 | AQ12: =IF($A12="","",IFERROR(LOOKUP(2,1/($B$9:$B$11=$B12),$AQ$9:$AQ11),0)+IF(OR($F12="sell_put",$F12="sell_call"),$AE12,0)-IF(AND(OR($F12="buy_to_close",$F12="expire",$F12="roll",$F12="assignment",$F12="called_away"),$F12<>"roll"),$AE12,0)) -> 0 | AR12: =IF($A12="","",AND($AM12<=0.000000001,$AQ12<=0.000000001)) -> FALSE | AS12: =IF($A12="","",$AO12+$AN12) -> 4000 | AT12: =IF($A12="","",MAX(IF($T12=IFERROR(LOOKUP(2,1/($B$9:$B$11=$B12),$T$9:$T11),0),IFERROR(LOOKUP(2,1/($B$9:$B$11=$B12),$AT$9:$AT11),0),0),$AS12)) -> 4000 | AU12: =IF(OR($A12="",$B12="",$T12=""),"",$B12&"¦"&$T12) -> demo-loss¦1 | AV12: =IF($AU12="",0,IF(AND(IFERROR(LOOKUP(2,1/($B$9:$B$11=$B12),$AR$9:$AR11),1),NOT(AND(OR($F12="dividend",$F12="fee"),IFERROR(LOOKUP(2,1/($B$9:$B$11=$B12),$T$9:$T11),0)>0))),ROW(),0)) -> 12 | AW12: =IF($A12="",0,IF($AV12>0,MAX($AW$9:$AW$11)+1,MAX($AW$9:$AW$11))) -> 2 | AX12: =IF($AU12="",0,IF(AND($AR12,OR(NOT(IFERROR(LOOKUP(2,1/($B$9:$B$11=$B12),$AR$9:$AR11),1)),IFERROR(LOOKUP(2,1/($B$9:$B$11=$B12),$T$9:$T11),0)=0)),ROW(),0)) -> 0 | AY12: =IF(OR($A12="",$B12=""),"",LEN($B12)&":"&$B12&$A12) -> 9:demo-lossE0004
A13: =IF(Trades!$A13="","",Trades!O13) -> E0005 | B13: =IF(Trades!$A13="","",Trades!B13) -> demo-loss | C13: =IF(Trades!$A13="","",Trades!C13) -> MNO | D13: =IF(Trades!$A13="","",IF(Trades!$L13>0,Trades!$L13,Trades!$C$6)) -> 100 | E13: =IF(Trades!$A13="","",Trades!A13) -> 46231 | F13: =IF(Trades!$A13="","",IFERROR(INDEX(Trades!$V$2:$V$14,MATCH(Trades!$E13,Trades!$U$2:$U$14,0)),"")) -> sell_call | G13: =IF(Trades!$A13="","",Trades!N13) -> 0 | H13: =IF(Trades!$A13="","",Trades!F13) -> 1 | I13: =IF(Trades!$A13="","",Trades!G13) -> 39 | J13: =IF(Trades!$A13="","",Trades!I13) -> 0.2 | K13: =IF(Trades!$A13="","",Trades!Q13) -> 0 | L13: =IF(Trades!$A13="","",Trades!F13) -> 1 | M13: =IF(Trades!$A13="","",Trades!M13) -> 0 | N13: =IF(Trades!$A13="","",Trades!R13) -> 0 | O13: =IF(Trades!$A13="","",Trades!J13) -> 0.65 | P13: =IF(Trades!$A13="","",Trades!H13) -> 46255 | Q13: =IF(Trades!$A13="","",Trades!P13) -> Sample Data | R13: =IF($A13="","",$Y13-$Z13) -> 20 | S13: =IF($A13="","",$R13+$AA13-$AB13-$AC13+$AD13) -> 19.35 | T13: =IF(OR($A13="",$B13=""),"",IF(AND(IFERROR(LOOKUP(2,1/($B$9:$B$12=$B13),$AR$9:$AR12),1),NOT(AND(OR($F13="dividend",$F13="fee"),IFERROR(LOOKUP(2,1/($B$9:$B$12=$B13),$T$9:$T12),0)>0))),IFERROR(LOOKUP(2,1/($B$9:$B$12=$B13),$T$9:$T12),0)+1,IFERROR(LOOKUP(2,1/($B$9:$B$12=$B13),$T$9:$T12),0))) -> 1 | U13: =IF($A13="","",IF($AR13,"Flat / cycle closed",IF($AM13>0,"Shares held","Short option open"))) -> Shares held | V13: =IF($A13="","",IF(OR($B13="",$C13="",$D13="",$E13="",$F13=""),"Missing required field",IF(COUNTIFS($A$9:$A13,$A13,$B$9:$B13,$B13)>1,"Duplicate event ID",IF(AND($E13<>IFERROR(LOOKUP(2,1/($B$9:$B$12=$B13),$E$9:$E12),0),IFERROR(LOOKUP(2,1/($B$9:$B$12=$B13),$E$9:$E12),0)>$E13),"Date out of order",IF(AND(OR($F13="buy_to_close",$F13="expire",$F13="roll",$F13="assignment",$F13="called_away"),$AF13=0),"Unknown lot",IF(OR(AND($F13="assignment",$AF13>0,IF($AF13>0,INDEX($AG$9:$AG$12,$AF13),"")<>"put"),AND($F13="called_away",$AF13>0,IF($AF13>0,INDEX($AG$9:$AG$12,$AF13),"")<>"call")),"Wrong option leg",IF(OR(AND(OR($F13="sell_put",$F13="sell_call"),OR($H13<=0,$I13<=0,$J13<0)),AND(OR($F13="buy_to_close",$F13="expire",$F13="assignment",$F13="called_away"),OR($H13<=0,$J13<0)),AND($F13="roll",OR($H13<=0,$I13<=0,$J13<0,$K13<0)),AND(OR($F13="buy_shares",$F13="sell_shares"),OR($L13<=0,$M13<0)),AND(OR($F13="dividend",$F13="fee"),$N13<0)),"Invalid value",IF(AND(OR($F13="sell_shares",$F13="called_away"),$AL13<IF($F13="called_away",$AE13*$D13,$L13)),"Insufficient shares (capped)",IF(AND(OR($F13="buy_to_close",$F13="expire",$F13="roll",$F13="assignment",$F13="called_away"),$AF13>0,$H13>IF($AF13>0,MAX(0,INDEX($AI$9:$AI$12,$AF13)-SUMIFS($AE$9:$AE$12,$G$9:$G$12,$G13,$B$9:$B$12,$B13)),0)),"Close quantity capped","OK"))))))))) -> OK | W13: =IF($A13="","",$AM13) -> 100 | X13: =IF($A13="","",$AS13) -> 4000 | Y13: =IF($A13="","",IF(OR($F13="sell_put",$F13="sell_call"),$J13*$AE13*$D13,IF($F13="roll",$J13*$AE13*$D13,0))) -> 20 | Z13: =IF($A13="","",IF($F13="buy_to_close",$J13*$AE13*$D13,IF($F13="roll",$K13*$AE13*$D13,0))) -> 0 | AA13: =IF($A13="","",IF(AND($F13="dividend",$N13>=0),$N13,0)) -> 0 | AB13: =IF($A13="","",IF($O13>=0,$O13,0)+IF(AND($F13="fee",$N13>=0),$N13,0)) -> 0.65 | AC13: =IF($A13="","",IF($F13="assignment",IF($AF13>0,INDEX($AH$9:$AH$12,$AF13),0)*$AE13*$D13,IF($F13="buy_shares",$M13*$AL13,0))) -> 0 | AD13: =IF($A13="","",IF($F13="called_away",IF($AF13>0,INDEX($AH$9:$AH$12,$AF13),0)*$AL13,IF($F13="sell_shares",$M13*$AL13,0))) -> 0 | AE13: =IF($A13="","",IF(OR($F13="sell_put",$F13="sell_call"),IF(AND($H13>0,$I13>0,$J13>=0),$H13,0),IF(OR($F13="buy_to_close",$F13="expire",$F13="roll",$F13="assignment",$F13="called_away"),IF(AND($AF13>0,$H13>0,IF($F13="assignment",IF($AF13>0,INDEX($AG$9:$AG$12,$AF13),"")="put",TRUE),IF($F13="called_away",IF($AF13>0,INDEX($AG$9:$AG$12,$AF13),"")="call",TRUE)),MIN($H13,IF($AF13>0,MAX(0,INDEX($AI$9:$AI$12,$AF13)-SUMIFS($AE$9:$AE$12,$G$9:$G$12,$G13,$B$9:$B$12,$B13)),0)),0),0))) -> 1 | AF13: =IF($A13="","",IFERROR(MATCH(LEN($B13)&":"&$B13&$G13,$AY$9:$AY$12,0),0)) -> 0 | AG13: =IF($A13="","",IF($F13="sell_put","put",IF($F13="sell_call","call",IF($F13="roll",IF($AF13>0,IF($AF13>0,INDEX($AG$9:$AG$12,$AF13),""),""),IF($AF13>0,IF($AF13>0,INDEX($AG$9:$AG$12,$AF13),""),""))))) -> call | AH13: =IF($A13="","",IF(OR($F13="sell_put",$F13="sell_call",$F13="roll"),$I13,IF($AF13>0,IF($AF13>0,INDEX($AH$9:$AH$12,$AF13),0),0))) -> 39 | AI13: =IF($A13="","",IF(OR($F13="sell_put",$F13="sell_call"),IF(AND($H13>0,$I13>0,$J13>=0),$H13,0),IF($F13="roll",$AE13,0))) -> 1 | AJ13: =IF($A13="","",IFERROR(LOOKUP(2,1/($B$9:$B$12=$B13),$AM$9:$AM12),0)) -> 100 | AK13: =IF($A13="","",IFERROR(LOOKUP(2,1/($B$9:$B$12=$B13),$AN$9:$AN12),0)) -> 4000 | AL13: =IF($A13="","",IF($F13="assignment",$AE13*$D13,IF($F13="called_away",MIN(MAX(0,$AE13*$D13),MAX(0,$AJ13)),IF($F13="buy_shares",IF(AND($L13>0,$M13>=0),$L13,0),IF($F13="sell_shares",IF(AND($L13>0,$M13>=0),MIN($L13,MAX(0,$AJ13)),0),0))))) -> 0 | AM13: =IF($A13="","",MAX(0,$AJ13+IF(OR($F13="assignment",$F13="buy_shares"),$AL13,-$AL13))) -> 100 | AN13: =IF($A13="","",IF($AM13<=0.000000001,0,MAX(0,$AK13+$AC13-IF(OR($F13="called_away",$F13="sell_shares"),IF($AJ13>0,$AK13/$AJ13*$AL13,0),0)))) -> 4000 | AO13: =IF($A13="","",IFERROR(LOOKUP(2,1/($B$9:$B$12=$B13),$AO$9:$AO12),0)+IF($F13="sell_put",$I13*$AE13*$D13,IF($F13="roll",IF($AG13="put",($I13-IF($AF13>0,INDEX($AH$9:$AH$12,$AF13),0))*$AE13*$D13,0),IF(AND(OR($F13="buy_to_close",$F13="expire",$F13="roll",$F13="assignment",$F13="called_away"),$F13<>"roll",$AG13="put"),-IF($AF13>0,INDEX($AH$9:$AH$12,$AF13),0)*$AE13*$D13,0)))) -> 0 | AP13: =IF($A13="","",IFERROR(LOOKUP(2,1/($B$9:$B$12=$B13),$AP$9:$AP12),0)+IF($F13="sell_put",$AE13*$D13,IF(AND(OR($F13="buy_to_close",$F13="expire",$F13="roll",$F13="assignment",$F13="called_away"),$F13<>"roll",$AG13="put"),-$AE13*$D13,0))) -> 0 | AQ13: =IF($A13="","",IFERROR(LOOKUP(2,1/($B$9:$B$12=$B13),$AQ$9:$AQ12),0)+IF(OR($F13="sell_put",$F13="sell_call"),$AE13,0)-IF(AND(OR($F13="buy_to_close",$F13="expire",$F13="roll",$F13="assignment",$F13="called_away"),$F13<>"roll"),$AE13,0)) -> 1 | AR13: =IF($A13="","",AND($AM13<=0.000000001,$AQ13<=0.000000001)) -> FALSE | AS13: =IF($A13="","",$AO13+$AN13) -> 4000 | AT13: =IF($A13="","",MAX(IF($T13=IFERROR(LOOKUP(2,1/($B$9:$B$12=$B13),$T$9:$T12),0),IFERROR(LOOKUP(2,1/($B$9:$B$12=$B13),$AT$9:$AT12),0),0),$AS13)) -> 4000 | AU13: =IF(OR($A13="",$B13="",$T13=""),"",$B13&"¦"&$T13) -> demo-loss¦1 | AV13: =IF($AU13="",0,IF(AND(IFERROR(LOOKUP(2,1/($B$9:$B$12=$B13),$AR$9:$AR12),1),NOT(AND(OR($F13="dividend",$F13="fee"),IFERROR(LOOKUP(2,1/($B$9:$B$12=$B13),$T$9:$T12),0)>0))),ROW(),0)) -> 0 | AW13: =IF($A13="",0,IF($AV13>0,MAX($AW$9:$AW$12)+1,MAX($AW$9:$AW$12))) -> 2 | AX13: =IF($AU13="",0,IF(AND($AR13,OR(NOT(IFERROR(LOOKUP(2,1/($B$9:$B$12=$B13),$AR$9:$AR12),1)),IFERROR(LOOKUP(2,1/($B$9:$B$12=$B13),$T$9:$T12),0)=0)),ROW(),0)) -> 0 | AY13: =IF(OR($A13="",$B13=""),"",LEN($B13)&":"&$B13&$A13) -> 9:demo-lossE0005
A14: =IF(Trades!$A14="","",Trades!O14) -> E0006 | B14: =IF(Trades!$A14="","",Trades!B14) -> demo-direct | C14: =IF(Trades!$A14="","",Trades!C14) -> DEF | D14: =IF(Trades!$A14="","",IF(Trades!$L14>0,Trades!$L14,Trades!$C$6)) -> 100 | E14: =IF(Trades!$A14="","",Trades!A14) -> 46243 | F14: =IF(Trades!$A14="","",IFERROR(INDEX(Trades!$V$2:$V$14,MATCH(Trades!$E14,Trades!$U$2:$U$14,0)),"")) -> buy_shares | G14: =IF(Trades!$A14="","",Trades!N14) -> 0 | H14: =IF(Trades!$A14="","",Trades!F14) -> 100 | I14: =IF(Trades!$A14="","",Trades!G14) -> 0 | J14: =IF(Trades!$A14="","",Trades!I14) -> 0 | K14: =IF(Trades!$A14="","",Trades!Q14) -> 0 | L14: =IF(Trades!$A14="","",Trades!F14) -> 100 | M14: =IF(Trades!$A14="","",Trades!M14) -> 25 | N14: =IF(Trades!$A14="","",Trades!R14) -> 0 | O14: =IF(Trades!$A14="","",Trades!J14) -> 1 | P14: =IF(Trades!$A14="","",Trades!H14) -> 0 | Q14: =IF(Trades!$A14="","",Trades!P14) -> Sample Data | R14: =IF($A14="","",$Y14-$Z14) -> 0 | S14: =IF($A14="","",$R14+$AA14-$AB14-$AC14+$AD14) -> -2501 | T14: =IF(OR($A14="",$B14=""),"",IF(AND(IFERROR(LOOKUP(2,1/($B$9:$B$13=$B14),$AR$9:$AR13),1),NOT(AND(OR($F14="dividend",$F14="fee"),IFERROR(LOOKUP(2,1/($B$9:$B$13=$B14),$T$9:$T13),0)>0))),IFERROR(LOOKUP(2,1/($B$9:$B$13=$B14),$T$9:$T13),0)+1,IFERROR(LOOKUP(2,1/($B$9:$B$13=$B14),$T$9:$T13),0))) -> 1 | U14: =IF($A14="","",IF($AR14,"Flat / cycle closed",IF($AM14>0,"Shares held","Short option open"))) -> Shares held | V14: =IF($A14="","",IF(OR($B14="",$C14="",$D14="",$E14="",$F14=""),"Missing required field",IF(COUNTIFS($A$9:$A14,$A14,$B$9:$B14,$B14)>1,"Duplicate event ID",IF(AND($E14<>IFERROR(LOOKUP(2,1/($B$9:$B$13=$B14),$E$9:$E13),0),IFERROR(LOOKUP(2,1/($B$9:$B$13=$B14),$E$9:$E13),0)>$E14),"Date out of order",IF(AND(OR($F14="buy_to_close",$F14="expire",$F14="roll",$F14="assignment",$F14="called_away"),$AF14=0),"Unknown lot",IF(OR(AND($F14="assignment",$AF14>0,IF($AF14>0,INDEX($AG$9:$AG$13,$AF14),"")<>"put"),AND($F14="called_away",$AF14>0,IF($AF14>0,INDEX($AG$9:$AG$13,$AF14),"")<>"call")),"Wrong option leg",IF(OR(AND(OR($F14="sell_put",$F14="sell_call"),OR($H14<=0,$I14<=0,$J14<0)),AND(OR($F14="buy_to_close",$F14="expire",$F14="assignment",$F14="called_away"),OR($H14<=0,$J14<0)),AND($F14="roll",OR($H14<=0,$I14<=0,$J14<0,$K14<0)),AND(OR($F14="buy_shares",$F14="sell_shares"),OR($L14<=0,$M14<0)),AND(OR($F14="dividend",$F14="fee"),$N14<0)),"Invalid value",IF(AND(OR($F14="sell_shares",$F14="called_away"),$AL14<IF($F14="called_away",$AE14*$D14,$L14)),"Insufficient shares (capped)",IF(AND(OR($F14="buy_to_close",$F14="expire",$F14="roll",$F14="assignment",$F14="called_away"),$AF14>0,$H14>IF($AF14>0,MAX(0,INDEX($AI$9:$AI$13,$AF14)-SUMIFS($AE$9:$AE$13,$G$9:$G$13,$G14,$B$9:$B$13,$B14)),0)),"Close quantity capped","OK"))))))))) -> OK | W14: =IF($A14="","",$AM14) -> 100 | X14: =IF($A14="","",$AS14) -> 2500 | Y14: =IF($A14="","",IF(OR($F14="sell_put",$F14="sell_call"),$J14*$AE14*$D14,IF($F14="roll",$J14*$AE14*$D14,0))) -> 0 | Z14: =IF($A14="","",IF($F14="buy_to_close",$J14*$AE14*$D14,IF($F14="roll",$K14*$AE14*$D14,0))) -> 0 | AA14: =IF($A14="","",IF(AND($F14="dividend",$N14>=0),$N14,0)) -> 0 | AB14: =IF($A14="","",IF($O14>=0,$O14,0)+IF(AND($F14="fee",$N14>=0),$N14,0)) -> 1 | AC14: =IF($A14="","",IF($F14="assignment",IF($AF14>0,INDEX($AH$9:$AH$13,$AF14),0)*$AE14*$D14,IF($F14="buy_shares",$M14*$AL14,0))) -> 2500 | AD14: =IF($A14="","",IF($F14="called_away",IF($AF14>0,INDEX($AH$9:$AH$13,$AF14),0)*$AL14,IF($F14="sell_shares",$M14*$AL14,0))) -> 0 | AE14: =IF($A14="","",IF(OR($F14="sell_put",$F14="sell_call"),IF(AND($H14>0,$I14>0,$J14>=0),$H14,0),IF(OR($F14="buy_to_close",$F14="expire",$F14="roll",$F14="assignment",$F14="called_away"),IF(AND($AF14>0,$H14>0,IF($F14="assignment",IF($AF14>0,INDEX($AG$9:$AG$13,$AF14),"")="put",TRUE),IF($F14="called_away",IF($AF14>0,INDEX($AG$9:$AG$13,$AF14),"")="call",TRUE)),MIN($H14,IF($AF14>0,MAX(0,INDEX($AI$9:$AI$13,$AF14)-SUMIFS($AE$9:$AE$13,$G$9:$G$13,$G14,$B$9:$B$13,$B14)),0)),0),0))) -> 0 | AF14: =IF($A14="","",IFERROR(MATCH(LEN($B14)&":"&$B14&$G14,$AY$9:$AY$13,0),0)) -> 0 | AG14: =IF($A14="","",IF($F14="sell_put","put",IF($F14="sell_call","call",IF($F14="roll",IF($AF14>0,IF($AF14>0,INDEX($AG$9:$AG$13,$AF14),""),""),IF($AF14>0,IF($AF14>0,INDEX($AG$9:$AG$13,$AF14),""),""))))) | AH14: =IF($A14="","",IF(OR($F14="sell_put",$F14="sell_call",$F14="roll"),$I14,IF($AF14>0,IF($AF14>0,INDEX($AH$9:$AH$13,$AF14),0),0))) -> 0 | AI14: =IF($A14="","",IF(OR($F14="sell_put",$F14="sell_call"),IF(AND($H14>0,$I14>0,$J14>=0),$H14,0),IF($F14="roll",$AE14,0))) -> 0 | AJ14: =IF($A14="","",IFERROR(LOOKUP(2,1/($B$9:$B$13=$B14),$AM$9:$AM13),0)) -> 0 | AK14: =IF($A14="","",IFERROR(LOOKUP(2,1/($B$9:$B$13=$B14),$AN$9:$AN13),0)) -> 0 | AL14: =IF($A14="","",IF($F14="assignment",$AE14*$D14,IF($F14="called_away",MIN(MAX(0,$AE14*$D14),MAX(0,$AJ14)),IF($F14="buy_shares",IF(AND($L14>0,$M14>=0),$L14,0),IF($F14="sell_shares",IF(AND($L14>0,$M14>=0),MIN($L14,MAX(0,$AJ14)),0),0))))) -> 100 | AM14: =IF($A14="","",MAX(0,$AJ14+IF(OR($F14="assignment",$F14="buy_shares"),$AL14,-$AL14))) -> 100 | AN14: =IF($A14="","",IF($AM14<=0.000000001,0,MAX(0,$AK14+$AC14-IF(OR($F14="called_away",$F14="sell_shares"),IF($AJ14>0,$AK14/$AJ14*$AL14,0),0)))) -> 2500 | AO14: =IF($A14="","",IFERROR(LOOKUP(2,1/($B$9:$B$13=$B14),$AO$9:$AO13),0)+IF($F14="sell_put",$I14*$AE14*$D14,IF($F14="roll",IF($AG14="put",($I14-IF($AF14>0,INDEX($AH$9:$AH$13,$AF14),0))*$AE14*$D14,0),IF(AND(OR($F14="buy_to_close",$F14="expire",$F14="roll",$F14="assignment",$F14="called_away"),$F14<>"roll",$AG14="put"),-IF($AF14>0,INDEX($AH$9:$AH$13,$AF14),0)*$AE14*$D14,0)))) -> 0 | AP14: =IF($A14="","",IFERROR(LOOKUP(2,1/($B$9:$B$13=$B14),$AP$9:$AP13),0)+IF($F14="sell_put",$AE14*$D14,IF(AND(OR($F14="buy_to_close",$F14="expire",$F14="roll",$F14="assignment",$F14="called_away"),$F14<>"roll",$AG14="put"),-$AE14*$D14,0))) -> 0 | AQ14: =IF($A14="","",IFERROR(LOOKUP(2,1/($B$9:$B$13=$B14),$AQ$9:$AQ13),0)+IF(OR($F14="sell_put",$F14="sell_call"),$AE14,0)-IF(AND(OR($F14="buy_to_close",$F14="expire",$F14="roll",$F14="assignment",$F14="called_away"),$F14<>"roll"),$AE14,0)) -> 0 | AR14: =IF($A14="","",AND($AM14<=0.000000001,$AQ14<=0.000000001)) -> FALSE | AS14: =IF($A14="","",$AO14+$AN14) -> 2500 | AT14: =IF($A14="","",MAX(IF($T14=IFERROR(LOOKUP(2,1/($B$9:$B$13=$B14),$T$9:$T13),0),IFERROR(LOOKUP(2,1/($B$9:$B$13=$B14),$AT$9:$AT13),0),0),$AS14)) -> 2500 | AU14: =IF(OR($A14="",$B14="",$T14=""),"",$B14&"¦"&$T14) -> demo-direct¦1 | AV14: =IF($AU14="",0,IF(AND(IFERROR(LOOKUP(2,1/($B$9:$B$13=$B14),$AR$9:$AR13),1),NOT(AND(OR($F14="dividend",$F14="fee"),IFERROR(LOOKUP(2,1/($B$9:$B$13=$B14),$T$9:$T13),0)>0))),ROW(),0)) -> 14 | AW14: =IF($A14="",0,IF($AV14>0,MAX($AW$9:$AW$13)+1,MAX($AW$9:$AW$13))) -> 3 | AX14: =IF($AU14="",0,IF(AND($AR14,OR(NOT(IFERROR(LOOKUP(2,1/($B$9:$B$13=$B14),$AR$9:$AR13),1)),IFERROR(LOOKUP(2,1/($B$9:$B$13=$B14),$T$9:$T13),0)=0)),ROW(),0)) -> 0 | AY14: =IF(OR($A14="",$B14=""),"",LEN($B14)&":"&$B14&$A14) -> 11:demo-directE0006
A15: =IF(Trades!$A15="","",Trades!O15) -> E0007 | B15: =IF(Trades!$A15="","",Trades!B15) -> demo-direct | C15: =IF(Trades!$A15="","",Trades!C15) -> DEF | D15: =IF(Trades!$A15="","",IF(Trades!$L15>0,Trades!$L15,Trades!$C$6)) -> 100 | E15: =IF(Trades!$A15="","",Trades!A15) -> 46245 | F15: =IF(Trades!$A15="","",IFERROR(INDEX(Trades!$V$2:$V$14,MATCH(Trades!$E15,Trades!$U$2:$U$14,0)),"")) -> sell_call | G15: =IF(Trades!$A15="","",Trades!N15) -> 0 | H15: =IF(Trades!$A15="","",Trades!F15) -> 1 | I15: =IF(Trades!$A15="","",Trades!G15) -> 27 | J15: =IF(Trades!$A15="","",Trades!I15) -> 0.5 | K15: =IF(Trades!$A15="","",Trades!Q15) -> 0 | L15: =IF(Trades!$A15="","",Trades!F15) -> 1 | M15: =IF(Trades!$A15="","",Trades!M15) -> 0 | N15: =IF(Trades!$A15="","",Trades!R15) -> 0 | O15: =IF(Trades!$A15="","",Trades!J15) -> 0.65 | P15: =IF(Trades!$A15="","",Trades!H15) -> 46268 | Q15: =IF(Trades!$A15="","",Trades!P15) -> Sample Data | R15: =IF($A15="","",$Y15-$Z15) -> 50 | S15: =IF($A15="","",$R15+$AA15-$AB15-$AC15+$AD15) -> 49.35 | T15: =IF(OR($A15="",$B15=""),"",IF(AND(IFERROR(LOOKUP(2,1/($B$9:$B$14=$B15),$AR$9:$AR14),1),NOT(AND(OR($F15="dividend",$F15="fee"),IFERROR(LOOKUP(2,1/($B$9:$B$14=$B15),$T$9:$T14),0)>0))),IFERROR(LOOKUP(2,1/($B$9:$B$14=$B15),$T$9:$T14),0)+1,IFERROR(LOOKUP(2,1/($B$9:$B$14=$B15),$T$9:$T14),0))) -> 1 | U15: =IF($A15="","",IF($AR15,"Flat / cycle closed",IF($AM15>0,"Shares held","Short option open"))) -> Shares held | V15: =IF($A15="","",IF(OR($B15="",$C15="",$D15="",$E15="",$F15=""),"Missing required field",IF(COUNTIFS($A$9:$A15,$A15,$B$9:$B15,$B15)>1,"Duplicate event ID",IF(AND($E15<>IFERROR(LOOKUP(2,1/($B$9:$B$14=$B15),$E$9:$E14),0),IFERROR(LOOKUP(2,1/($B$9:$B$14=$B15),$E$9:$E14),0)>$E15),"Date out of order",IF(AND(OR($F15="buy_to_close",$F15="expire",$F15="roll",$F15="assignment",$F15="called_away"),$AF15=0),"Unknown lot",IF(OR(AND($F15="assignment",$AF15>0,IF($AF15>0,INDEX($AG$9:$AG$14,$AF15),"")<>"put"),AND($F15="called_away",$AF15>0,IF($AF15>0,INDEX($AG$9:$AG$14,$AF15),"")<>"call")),"Wrong option leg",IF(OR(AND(OR($F15="sell_put",$F15="sell_call"),OR($H15<=0,$I15<=0,$J15<0)),AND(OR($F15="buy_to_close",$F15="expire",$F15="assignment",$F15="called_away"),OR($H15<=0,$J15<0)),AND($F15="roll",OR($H15<=0,$I15<=0,$J15<0,$K15<0)),AND(OR($F15="buy_shares",$F15="sell_shares"),OR($L15<=0,$M15<0)),AND(OR($F15="dividend",$F15="fee"),$N15<0)),"Invalid value",IF(AND(OR($F15="sell_shares",$F15="called_away"),$AL15<IF($F15="called_away",$AE15*$D15,$L15)),"Insufficient shares (capped)",IF(AND(OR($F15="buy_to_close",$F15="expire",$F15="roll",$F15="assignment",$F15="called_away"),$AF15>0,$H15>IF($AF15>0,MAX(0,INDEX($AI$9:$AI$14,$AF15)-SUMIFS($AE$9:$AE$14,$G$9:$G$14,$G15,$B$9:$B$14,$B15)),0)),"Close quantity capped","OK"))))))))) -> OK | W15: =IF($A15="","",$AM15) -> 100 | X15: =IF($A15="","",$AS15) -> 2500 | Y15: =IF($A15="","",IF(OR($F15="sell_put",$F15="sell_call"),$J15*$AE15*$D15,IF($F15="roll",$J15*$AE15*$D15,0))) -> 50 | Z15: =IF($A15="","",IF($F15="buy_to_close",$J15*$AE15*$D15,IF($F15="roll",$K15*$AE15*$D15,0))) -> 0 | AA15: =IF($A15="","",IF(AND($F15="dividend",$N15>=0),$N15,0)) -> 0 | AB15: =IF($A15="","",IF($O15>=0,$O15,0)+IF(AND($F15="fee",$N15>=0),$N15,0)) -> 0.65 | AC15: =IF($A15="","",IF($F15="assignment",IF($AF15>0,INDEX($AH$9:$AH$14,$AF15),0)*$AE15*$D15,IF($F15="buy_shares",$M15*$AL15,0))) -> 0 | AD15: =IF($A15="","",IF($F15="called_away",IF($AF15>0,INDEX($AH$9:$AH$14,$AF15),0)*$AL15,IF($F15="sell_shares",$M15*$AL15,0))) -> 0 | AE15: =IF($A15="","",IF(OR($F15="sell_put",$F15="sell_call"),IF(AND($H15>0,$I15>0,$J15>=0),$H15,0),IF(OR($F15="buy_to_close",$F15="expire",$F15="roll",$F15="assignment",$F15="called_away"),IF(AND($AF15>0,$H15>0,IF($F15="assignment",IF($AF15>0,INDEX($AG$9:$AG$14,$AF15),"")="put",TRUE),IF($F15="called_away",IF($AF15>0,INDEX($AG$9:$AG$14,$AF15),"")="call",TRUE)),MIN($H15,IF($AF15>0,MAX(0,INDEX($AI$9:$AI$14,$AF15)-SUMIFS($AE$9:$AE$14,$G$9:$G$14,$G15,$B$9:$B$14,$B15)),0)),0),0))) -> 1 | AF15: =IF($A15="","",IFERROR(MATCH(LEN($B15)&":"&$B15&$G15,$AY$9:$AY$14,0),0)) -> 0 | AG15: =IF($A15="","",IF($F15="sell_put","put",IF($F15="sell_call","call",IF($F15="roll",IF($AF15>0,IF($AF15>0,INDEX($AG$9:$AG$14,$AF15),""),""),IF($AF15>0,IF($AF15>0,INDEX($AG$9:$AG$14,$AF15),""),""))))) -> call | AH15: =IF($A15="","",IF(OR($F15="sell_put",$F15="sell_call",$F15="roll"),$I15,IF($AF15>0,IF($AF15>0,INDEX($AH$9:$AH$14,$AF15),0),0))) -> 27 | AI15: =IF($A15="","",IF(OR($F15="sell_put",$F15="sell_call"),IF(AND($H15>0,$I15>0,$J15>=0),$H15,0),IF($F15="roll",$AE15,0))) -> 1 | AJ15: =IF($A15="","",IFERROR(LOOKUP(2,1/($B$9:$B$14=$B15),$AM$9:$AM14),0)) -> 100 | AK15: =IF($A15="","",IFERROR(LOOKUP(2,1/($B$9:$B$14=$B15),$AN$9:$AN14),0)) -> 2500 | AL15: =IF($A15="","",IF($F15="assignment",$AE15*$D15,IF($F15="called_away",MIN(MAX(0,$AE15*$D15),MAX(0,$AJ15)),IF($F15="buy_shares",IF(AND($L15>0,$M15>=0),$L15,0),IF($F15="sell_shares",IF(AND($L15>0,$M15>=0),MIN($L15,MAX(0,$AJ15)),0),0))))) -> 0 | AM15: =IF($A15="","",MAX(0,$AJ15+IF(OR($F15="assignment",$F15="buy_shares"),$AL15,-$AL15))) -> 100 | AN15: =IF($A15="","",IF($AM15<=0.000000001,0,MAX(0,$AK15+$AC15-IF(OR($F15="called_away",$F15="sell_shares"),IF($AJ15>0,$AK15/$AJ15*$AL15,0),0)))) -> 2500 | AO15: =IF($A15="","",IFERROR(LOOKUP(2,1/($B$9:$B$14=$B15),$AO$9:$AO14),0)+IF($F15="sell_put",$I15*$AE15*$D15,IF($F15="roll",IF($AG15="put",($I15-IF($AF15>0,INDEX($AH$9:$AH$14,$AF15),0))*$AE15*$D15,0),IF(AND(OR($F15="buy_to_close",$F15="expire",$F15="roll",$F15="assignment",$F15="called_away"),$F15<>"roll",$AG15="put"),-IF($AF15>0,INDEX($AH$9:$AH$14,$AF15),0)*$AE15*$D15,0)))) -> 0 | AP15: =IF($A15="","",IFERROR(LOOKUP(2,1/($B$9:$B$14=$B15),$AP$9:$AP14),0)+IF($F15="sell_put",$AE15*$D15,IF(AND(OR($F15="buy_to_close",$F15="expire",$F15="roll",$F15="assignment",$F15="called_away"),$F15<>"roll",$AG15="put"),-$AE15*$D15,0))) -> 0 | AQ15: =IF($A15="","",IFERROR(LOOKUP(2,1/($B$9:$B$14=$B15),$AQ$9:$AQ14),0)+IF(OR($F15="sell_put",$F15="sell_call"),$AE15,0)-IF(AND(OR($F15="buy_to_close",$F15="expire",$F15="roll",$F15="assignment",$F15="called_away"),$F15<>"roll"),$AE15,0)) -> 1 | AR15: =IF($A15="","",AND($AM15<=0.000000001,$AQ15<=0.000000001)) -> FALSE | AS15: =IF($A15="","",$AO15+$AN15) -> 2500 | AT15: =IF($A15="","",MAX(IF($T15=IFERROR(LOOKUP(2,1/($B$9:$B$14=$B15),$T$9:$T14),0),IFERROR(LOOKUP(2,1/($B$9:$B$14=$B15),$AT$9:$AT14),0),0),$AS15)) -> 2500 | AU15: =IF(OR($A15="",$B15="",$T15=""),"",$B15&"¦"&$T15) -> demo-direct¦1 | AV15: =IF($AU15="",0,IF(AND(IFERROR(LOOKUP(2,1/($B$9:$B$14=$B15),$AR$9:$AR14),1),NOT(AND(OR($F15="dividend",$F15="fee"),IFERROR(LOOKUP(2,1/($B$9:$B$14=$B15),$T$9:$T14),0)>0))),ROW(),0)) -> 0 | AW15: =IF($A15="",0,IF($AV15>0,MAX($AW$9:$AW$14)+1,MAX($AW$9:$AW$14))) -> 3 | AX15: =IF($AU15="",0,IF(AND($AR15,OR(NOT(IFERROR(LOOKUP(2,1/($B$9:$B$14=$B15),$AR$9:$AR14),1)),IFERROR(LOOKUP(2,1/($B$9:$B$14=$B15),$T$9:$T14),0)=0)),ROW(),0)) -> 0 | AY15: =IF(OR($A15="",$B15=""),"",LEN($B15)&":"&$B15&$A15) -> 11:demo-directE0007
A16: =IF(Trades!$A16="","",Trades!O16) -> E0008 | B16: =IF(Trades!$A16="","",Trades!B16) -> sample-xyz | C16: =IF(Trades!$A16="","",Trades!C16) -> XYZ | D16: =IF(Trades!$A16="","",IF(Trades!$L16>0,Trades!$L16,Trades!$C$6)) -> 100 | E16: =IF(Trades!$A16="","",Trades!A16) -> 46246 | F16: =IF(Trades!$A16="","",IFERROR(INDEX(Trades!$V$2:$V$14,MATCH(Trades!$E16,Trades!$U$2:$U$14,0)),"")) -> expire | G16: =IF(Trades!$A16="","",Trades!N16) -> E0003 | H16: =IF(Trades!$A16="","",Trades!F16) -> 1 | I16: =IF(Trades!$A16="","",Trades!G16) -> 0 | J16: =IF(Trades!$A16="","",Trades!I16) -> 0 | K16: =IF(Trades!$A16="","",Trades!Q16) -> 0 | L16: =IF(Trades!$A16="","",Trades!F16) -> 1 | M16: =IF(Trades!$A16="","",Trades!M16) -> 0 | N16: =IF(Trades!$A16="","",Trades!R16) -> 0 | O16: =IF(Trades!$A16="","",Trades!J16) -> 0 | P16: =IF(Trades!$A16="","",Trades!H16) -> 0 | Q16: =IF(Trades!$A16="","",Trades!P16) -> Sample Data | R16: =IF($A16="","",$Y16-$Z16) -> 0 | S16: =IF($A16="","",$R16+$AA16-$AB16-$AC16+$AD16) -> 0 | T16: =IF(OR($A16="",$B16=""),"",IF(AND(IFERROR(LOOKUP(2,1/($B$9:$B$15=$B16),$AR$9:$AR15),1),NOT(AND(OR($F16="dividend",$F16="fee"),IFERROR(LOOKUP(2,1/($B$9:$B$15=$B16),$T$9:$T15),0)>0))),IFERROR(LOOKUP(2,1/($B$9:$B$15=$B16),$T$9:$T15),0)+1,IFERROR(LOOKUP(2,1/($B$9:$B$15=$B16),$T$9:$T15),0))) -> 1 | U16: =IF($A16="","",IF($AR16,"Flat / cycle closed",IF($AM16>0,"Shares held","Short option open"))) -> Shares held | V16: =IF($A16="","",IF(OR($B16="",$C16="",$D16="",$E16="",$F16=""),"Missing required field",IF(COUNTIFS($A$9:$A16,$A16,$B$9:$B16,$B16)>1,"Duplicate event ID",IF(AND($E16<>IFERROR(LOOKUP(2,1/($B$9:$B$15=$B16),$E$9:$E15),0),IFERROR(LOOKUP(2,1/($B$9:$B$15=$B16),$E$9:$E15),0)>$E16),"Date out of order",IF(AND(OR($F16="buy_to_close",$F16="expire",$F16="roll",$F16="assignment",$F16="called_away"),$AF16=0),"Unknown lot",IF(OR(AND($F16="assignment",$AF16>0,IF($AF16>0,INDEX($AG$9:$AG$15,$AF16),"")<>"put"),AND($F16="called_away",$AF16>0,IF($AF16>0,INDEX($AG$9:$AG$15,$AF16),"")<>"call")),"Wrong option leg",IF(OR(AND(OR($F16="sell_put",$F16="sell_call"),OR($H16<=0,$I16<=0,$J16<0)),AND(OR($F16="buy_to_close",$F16="expire",$F16="assignment",$F16="called_away"),OR($H16<=0,$J16<0)),AND($F16="roll",OR($H16<=0,$I16<=0,$J16<0,$K16<0)),AND(OR($F16="buy_shares",$F16="sell_shares"),OR($L16<=0,$M16<0)),AND(OR($F16="dividend",$F16="fee"),$N16<0)),"Invalid value",IF(AND(OR($F16="sell_shares",$F16="called_away"),$AL16<IF($F16="called_away",$AE16*$D16,$L16)),"Insufficient shares (capped)",IF(AND(OR($F16="buy_to_close",$F16="expire",$F16="roll",$F16="assignment",$F16="called_away"),$AF16>0,$H16>IF($AF16>0,MAX(0,INDEX($AI$9:$AI$15,$AF16)-SUMIFS($AE$9:$AE$15,$G$9:$G$15,$G16,$B$9:$B$15,$B16)),0)),"Close quantity capped","OK"))))))))) -> OK | W16: =IF($A16="","",$AM16) -> 100 | X16: =IF($A16="","",$AS16) -> 5000 | Y16: =IF($A16="","",IF(OR($F16="sell_put",$F16="sell_call"),$J16*$AE16*$D16,IF($F16="roll",$J16*$AE16*$D16,0))) -> 0 | Z16: =IF($A16="","",IF($F16="buy_to_close",$J16*$AE16*$D16,IF($F16="roll",$K16*$AE16*$D16,0))) -> 0 | AA16: =IF($A16="","",IF(AND($F16="dividend",$N16>=0),$N16,0)) -> 0 | AB16: =IF($A16="","",IF($O16>=0,$O16,0)+IF(AND($F16="fee",$N16>=0),$N16,0)) -> 0 | AC16: =IF($A16="","",IF($F16="assignment",IF($AF16>0,INDEX($AH$9:$AH$15,$AF16),0)*$AE16*$D16,IF($F16="buy_shares",$M16*$AL16,0))) -> 0 | AD16: =IF($A16="","",IF($F16="called_away",IF($AF16>0,INDEX($AH$9:$AH$15,$AF16),0)*$AL16,IF($F16="sell_shares",$M16*$AL16,0))) -> 0 | AE16: =IF($A16="","",IF(OR($F16="sell_put",$F16="sell_call"),IF(AND($H16>0,$I16>0,$J16>=0),$H16,0),IF(OR($F16="buy_to_close",$F16="expire",$F16="roll",$F16="assignment",$F16="called_away"),IF(AND($AF16>0,$H16>0,IF($F16="assignment",IF($AF16>0,INDEX($AG$9:$AG$15,$AF16),"")="put",TRUE),IF($F16="called_away",IF($AF16>0,INDEX($AG$9:$AG$15,$AF16),"")="call",TRUE)),MIN($H16,IF($AF16>0,MAX(0,INDEX($AI$9:$AI$15,$AF16)-SUMIFS($AE$9:$AE$15,$G$9:$G$15,$G16,$B$9:$B$15,$B16)),0)),0),0))) -> 1 | AF16: =IF($A16="","",IFERROR(MATCH(LEN($B16)&":"&$B16&$G16,$AY$9:$AY$15,0),0)) -> 3 | AG16: =IF($A16="","",IF($F16="sell_put","put",IF($F16="sell_call","call",IF($F16="roll",IF($AF16>0,IF($AF16>0,INDEX($AG$9:$AG$15,$AF16),""),""),IF($AF16>0,IF($AF16>0,INDEX($AG$9:$AG$15,$AF16),""),""))))) -> call | AH16: =IF($A16="","",IF(OR($F16="sell_put",$F16="sell_call",$F16="roll"),$I16,IF($AF16>0,IF($AF16>0,INDEX($AH$9:$AH$15,$AF16),0),0))) -> 52 | AI16: =IF($A16="","",IF(OR($F16="sell_put",$F16="sell_call"),IF(AND($H16>0,$I16>0,$J16>=0),$H16,0),IF($F16="roll",$AE16,0))) -> 0 | AJ16: =IF($A16="","",IFERROR(LOOKUP(2,1/($B$9:$B$15=$B16),$AM$9:$AM15),0)) -> 100 | AK16: =IF($A16="","",IFERROR(LOOKUP(2,1/($B$9:$B$15=$B16),$AN$9:$AN15),0)) -> 5000 | AL16: =IF($A16="","",IF($F16="assignment",$AE16*$D16,IF($F16="called_away",MIN(MAX(0,$AE16*$D16),MAX(0,$AJ16)),IF($F16="buy_shares",IF(AND($L16>0,$M16>=0),$L16,0),IF($F16="sell_shares",IF(AND($L16>0,$M16>=0),MIN($L16,MAX(0,$AJ16)),0),0))))) -> 0 | AM16: =IF($A16="","",MAX(0,$AJ16+IF(OR($F16="assignment",$F16="buy_shares"),$AL16,-$AL16))) -> 100 | AN16: =IF($A16="","",IF($AM16<=0.000000001,0,MAX(0,$AK16+$AC16-IF(OR($F16="called_away",$F16="sell_shares"),IF($AJ16>0,$AK16/$AJ16*$AL16,0),0)))) -> 5000 | AO16: =IF($A16="","",IFERROR(LOOKUP(2,1/($B$9:$B$15=$B16),$AO$9:$AO15),0)+IF($F16="sell_put",$I16*$AE16*$D16,IF($F16="roll",IF($AG16="put",($I16-IF($AF16>0,INDEX($AH$9:$AH$15,$AF16),0))*$AE16*$D16,0),IF(AND(OR($F16="buy_to_close",$F16="expire",$F16="roll",$F16="assignment",$F16="called_away"),$F16<>"roll",$AG16="put"),-IF($AF16>0,INDEX($AH$9:$AH$15,$AF16),0)*$AE16*$D16,0)))) -> 0 | AP16: =IF($A16="","",IFERROR(LOOKUP(2,1/($B$9:$B$15=$B16),$AP$9:$AP15),0)+IF($F16="sell_put",$AE16*$D16,IF(AND(OR($F16="buy_to_close",$F16="expire",$F16="roll",$F16="assignment",$F16="called_away"),$F16<>"roll",$AG16="put"),-$AE16*$D16,0))) -> 0 | AQ16: =IF($A16="","",IFERROR(LOOKUP(2,1/($B$9:$B$15=$B16),$AQ$9:$AQ15),0)+IF(OR($F16="sell_put",$F16="sell_call"),$AE16,0)-IF(AND(OR($F16="buy_to_close",$F16="expire",$F16="roll",$F16="assignment",$F16="called_away"),$F16<>"roll"),$AE16,0)) -> 0 | AR16: =IF($A16="","",AND($AM16<=0.000000001,$AQ16<=0.000000001)) -> FALSE | AS16: =IF($A16="","",$AO16+$AN16) -> 5000 | AT16: =IF($A16="","",MAX(IF($T16=IFERROR(LOOKUP(2,1/($B$9:$B$15=$B16),$T$9:$T15),0),IFERROR(LOOKUP(2,1/($B$9:$B$15=$B16),$AT$9:$AT15),0),0),$AS16)) -> 5000 | AU16: =IF(OR($A16="",$B16="",$T16=""),"",$B16&"¦"&$T16) -> sample-xyz¦1 | AV16: =IF($AU16="",0,IF(AND(IFERROR(LOOKUP(2,1/($B$9:$B$15=$B16),$AR$9:$AR15),1),NOT(AND(OR($F16="dividend",$F16="fee"),IFERROR(LOOKUP(2,1/($B$9:$B$15=$B16),$T$9:$T15),0)>0))),ROW(),0)) -> 0 | AW16: =IF($A16="",0,IF($AV16>0,MAX($AW$9:$AW$15)+1,MAX($AW$9:$AW$15))) -> 3 | AX16: =IF($AU16="",0,IF(AND($AR16,OR(NOT(IFERROR(LOOKUP(2,1/($B$9:$B$15=$B16),$AR$9:$AR15),1)),IFERROR(LOOKUP(2,1/($B$9:$B$15=$B16),$T$9:$T15),0)=0)),ROW(),0)) -> 0 | AY16: =IF(OR($A16="",$B16=""),"",LEN($B16)&":"&$B16&$A16) -> 10:sample-xyzE0008
A17: =IF(Trades!$A17="","",Trades!O17) -> E0009 | B17: =IF(Trades!$A17="","",Trades!B17) -> sample-xyz | C17: =IF(Trades!$A17="","",Trades!C17) -> XYZ | D17: =IF(Trades!$A17="","",IF(Trades!$L17>0,Trades!$L17,Trades!$C$6)) -> 100 | E17: =IF(Trades!$A17="","",Trades!A17) -> 46249 | F17: =IF(Trades!$A17="","",IFERROR(INDEX(Trades!$V$2:$V$14,MATCH(Trades!$E17,Trades!$U$2:$U$14,0)),"")) -> sell_call | G17: =IF(Trades!$A17="","",Trades!N17) -> 0 | H17: =IF(Trades!$A17="","",Trades!F17) -> 1 | I17: =IF(Trades!$A17="","",Trades!G17) -> 51 | J17: =IF(Trades!$A17="","",Trades!I17) -> 1.2 | K17: =IF(Trades!$A17="","",Trades!Q17) -> 0 | L17: =IF(Trades!$A17="","",Trades!F17) -> 1 | M17: =IF(Trades!$A17="","",Trades!M17) -> 0 | N17: =IF(Trades!$A17="","",Trades!R17) -> 0 | O17: =IF(Trades!$A17="","",Trades!J17) -> 0.65 | P17: =IF(Trades!$A17="","",Trades!H17) -> 46274 | Q17: =IF(Trades!$A17="","",Trades!P17) -> Sample Data | R17: =IF($A17="","",$Y17-$Z17) -> 120 | S17: =IF($A17="","",$R17+$AA17-$AB17-$AC17+$AD17) -> 119.35 | T17: =IF(OR($A17="",$B17=""),"",IF(AND(IFERROR(LOOKUP(2,1/($B$9:$B$16=$B17),$AR$9:$AR16),1),NOT(AND(OR($F17="dividend",$F17="fee"),IFERROR(LOOKUP(2,1/($B$9:$B$16=$B17),$T$9:$T16),0)>0))),IFERROR(LOOKUP(2,1/($B$9:$B$16=$B17),$T$9:$T16),0)+1,IFERROR(LOOKUP(2,1/($B$9:$B$16=$B17),$T$9:$T16),0))) -> 1 | U17: =IF($A17="","",IF($AR17,"Flat / cycle closed",IF($AM17>0,"Shares held","Short option open"))) -> Shares held | V17: =IF($A17="","",IF(OR($B17="",$C17="",$D17="",$E17="",$F17=""),"Missing required field",IF(COUNTIFS($A$9:$A17,$A17,$B$9:$B17,$B17)>1,"Duplicate event ID",IF(AND($E17<>IFERROR(LOOKUP(2,1/($B$9:$B$16=$B17),$E$9:$E16),0),IFERROR(LOOKUP(2,1/($B$9:$B$16=$B17),$E$9:$E16),0)>$E17),"Date out of order",IF(AND(OR($F17="buy_to_close",$F17="expire",$F17="roll",$F17="assignment",$F17="called_away"),$AF17=0),"Unknown lot",IF(OR(AND($F17="assignment",$AF17>0,IF($AF17>0,INDEX($AG$9:$AG$16,$AF17),"")<>"put"),AND($F17="called_away",$AF17>0,IF($AF17>0,INDEX($AG$9:$AG$16,$AF17),"")<>"call")),"Wrong option leg",IF(OR(AND(OR($F17="sell_put",$F17="sell_call"),OR($H17<=0,$I17<=0,$J17<0)),AND(OR($F17="buy_to_close",$F17="expire",$F17="assignment",$F17="called_away"),OR($H17<=0,$J17<0)),AND($F17="roll",OR($H17<=0,$I17<=0,$J17<0,$K17<0)),AND(OR($F17="buy_shares",$F17="sell_shares"),OR($L17<=0,$M17<0)),AND(OR($F17="dividend",$F17="fee"),$N17<0)),"Invalid value",IF(AND(OR($F17="sell_shares",$F17="called_away"),$AL17<IF($F17="called_away",$AE17*$D17,$L17)),"Insufficient shares (capped)",IF(AND(OR($F17="buy_to_close",$F17="expire",$F17="roll",$F17="assignment",$F17="called_away"),$AF17>0,$H17>IF($AF17>0,MAX(0,INDEX($AI$9:$AI$16,$AF17)-SUMIFS($AE$9:$AE$16,$G$9:$G$16,$G17,$B$9:$B$16,$B17)),0)),"Close quantity capped","OK"))))))))) -> OK | W17: =IF($A17="","",$AM17) -> 100 | X17: =IF($A17="","",$AS17) -> 5000 | Y17: =IF($A17="","",IF(OR($F17="sell_put",$F17="sell_call"),$J17*$AE17*$D17,IF($F17="roll",$J17*$AE17*$D17,0))) -> 120 | Z17: =IF($A17="","",IF($F17="buy_to_close",$J17*$AE17*$D17,IF($F17="roll",$K17*$AE17*$D17,0))) -> 0 | AA17: =IF($A17="","",IF(AND($F17="dividend",$N17>=0),$N17,0)) -> 0 | AB17: =IF($A17="","",IF($O17>=0,$O17,0)+IF(AND($F17="fee",$N17>=0),$N17,0)) -> 0.65 | AC17: =IF($A17="","",IF($F17="assignment",IF($AF17>0,INDEX($AH$9:$AH$16,$AF17),0)*$AE17*$D17,IF($F17="buy_shares",$M17*$AL17,0))) -> 0 | AD17: =IF($A17="","",IF($F17="called_away",IF($AF17>0,INDEX($AH$9:$AH$16,$AF17),0)*$AL17,IF($F17="sell_shares",$M17*$AL17,0))) -> 0 | AE17: =IF($A17="","",IF(OR($F17="sell_put",$F17="sell_call"),IF(AND($H17>0,$I17>0,$J17>=0),$H17,0),IF(OR($F17="buy_to_close",$F17="expire",$F17="roll",$F17="assignment",$F17="called_away"),IF(AND($AF17>0,$H17>0,IF($F17="assignment",IF($AF17>0,INDEX($AG$9:$AG$16,$AF17),"")="put",TRUE),IF($F17="called_away",IF($AF17>0,INDEX($AG$9:$AG$16,$AF17),"")="call",TRUE)),MIN($H17,IF($AF17>0,MAX(0,INDEX($AI$9:$AI$16,$AF17)-SUMIFS($AE$9:$AE$16,$G$9:$G$16,$G17,$B$9:$B$16,$B17)),0)),0),0))) -> 1 | AF17: =IF($A17="","",IFERROR(MATCH(LEN($B17)&":"&$B17&$G17,$AY$9:$AY$16,0),0)) -> 0 | AG17: =IF($A17="","",IF($F17="sell_put","put",IF($F17="sell_call","call",IF($F17="roll",IF($AF17>0,IF($AF17>0,INDEX($AG$9:$AG$16,$AF17),""),""),IF($AF17>0,IF($AF17>0,INDEX($AG$9:$AG$16,$AF17),""),""))))) -> call | AH17: =IF($A17="","",IF(OR($F17="sell_put",$F17="sell_call",$F17="roll"),$I17,IF($AF17>0,IF($AF17>0,INDEX($AH$9:$AH$16,$AF17),0),0))) -> 51 | AI17: =IF($A17="","",IF(OR($F17="sell_put",$F17="sell_call"),IF(AND($H17>0,$I17>0,$J17>=0),$H17,0),IF($F17="roll",$AE17,0))) -> 1 | AJ17: =IF($A17="","",IFERROR(LOOKUP(2,1/($B$9:$B$16=$B17),$AM$9:$AM16),0)) -> 100 | AK17: =IF($A17="","",IFERROR(LOOKUP(2,1/($B$9:$B$16=$B17),$AN$9:$AN16),0)) -> 5000 | AL17: =IF($A17="","",IF($F17="assignment",$AE17*$D17,IF($F17="called_away",MIN(MAX(0,$AE17*$D17),MAX(0,$AJ17)),IF($F17="buy_shares",IF(AND($L17>0,$M17>=0),$L17,0),IF($F17="sell_shares",IF(AND($L17>0,$M17>=0),MIN($L17,MAX(0,$AJ17)),0),0))))) -> 0 | AM17: =IF($A17="","",MAX(0,$AJ17+IF(OR($F17="assignment",$F17="buy_shares"),$AL17,-$AL17))) -> 100 | AN17: =IF($A17="","",IF($AM17<=0.000000001,0,MAX(0,$AK17+$AC17-IF(OR($F17="called_away",$F17="sell_shares"),IF($AJ17>0,$AK17/$AJ17*$AL17,0),0)))) -> 5000 | AO17: =IF($A17="","",IFERROR(LOOKUP(2,1/($B$9:$B$16=$B17),$AO$9:$AO16),0)+IF($F17="sell_put",$I17*$AE17*$D17,IF($F17="roll",IF($AG17="put",($I17-IF($AF17>0,INDEX($AH$9:$AH$16,$AF17),0))*$AE17*$D17,0),IF(AND(OR($F17="buy_to_close",$F17="expire",$F17="roll",$F17="assignment",$F17="called_away"),$F17<>"roll",$AG17="put"),-IF($AF17>0,INDEX($AH$9:$AH$16,$AF17),0)*$AE17*$D17,0)))) -> 0 | AP17: =IF($A17="","",IFERROR(LOOKUP(2,1/($B$9:$B$16=$B17),$AP$9:$AP16),0)+IF($F17="sell_put",$AE17*$D17,IF(AND(OR($F17="buy_to_close",$F17="expire",$F17="roll",$F17="assignment",$F17="called_away"),$F17<>"roll",$AG17="put"),-$AE17*$D17,0))) -> 0 | AQ17: =IF($A17="","",IFERROR(LOOKUP(2,1/($B$9:$B$16=$B17),$AQ$9:$AQ16),0)+IF(OR($F17="sell_put",$F17="sell_call"),$AE17,0)-IF(AND(OR($F17="buy_to_close",$F17="expire",$F17="roll",$F17="assignment",$F17="called_away"),$F17<>"roll"),$AE17,0)) -> 1 | AR17: =IF($A17="","",AND($AM17<=0.000000001,$AQ17<=0.000000001)) -> FALSE | AS17: =IF($A17="","",$AO17+$AN17) -> 5000 | AT17: =IF($A17="","",MAX(IF($T17=IFERROR(LOOKUP(2,1/($B$9:$B$16=$B17),$T$9:$T16),0),IFERROR(LOOKUP(2,1/($B$9:$B$16=$B17),$AT$9:$AT16),0),0),$AS17)) -> 5000 | AU17: =IF(OR($A17="",$B17="",$T17=""),"",$B17&"¦"&$T17) -> sample-xyz¦1 | AV17: =IF($AU17="",0,IF(AND(IFERROR(LOOKUP(2,1/($B$9:$B$16=$B17),$AR$9:$AR16),1),NOT(AND(OR($F17="dividend",$F17="fee"),IFERROR(LOOKUP(2,1/($B$9:$B$16=$B17),$T$9:$T16),0)>0))),ROW(),0)) -> 0 | AW17: =IF($A17="",0,IF($AV17>0,MAX($AW$9:$AW$16)+1,MAX($AW$9:$AW$16))) -> 3 | AX17: =IF($AU17="",0,IF(AND($AR17,OR(NOT(IFERROR(LOOKUP(2,1/($B$9:$B$16=$B17),$AR$9:$AR16),1)),IFERROR(LOOKUP(2,1/($B$9:$B$16=$B17),$T$9:$T16),0)=0)),ROW(),0)) -> 0 | AY17: =IF(OR($A17="",$B17=""),"",LEN($B17)&":"&$B17&$A17) -> 10:sample-xyzE0009
A18: =IF(Trades!$A18="","",Trades!O18) -> E0010 | B18: =IF(Trades!$A18="","",Trades!B18) -> sample-xyz | C18: =IF(Trades!$A18="","",Trades!C18) -> XYZ | D18: =IF(Trades!$A18="","",IF(Trades!$L18>0,Trades!$L18,Trades!$C$6)) -> 100 | E18: =IF(Trades!$A18="","",Trades!A18) -> 46253 | F18: =IF(Trades!$A18="","",IFERROR(INDEX(Trades!$V$2:$V$14,MATCH(Trades!$E18,Trades!$U$2:$U$14,0)),"")) -> dividend | G18: =IF(Trades!$A18="","",Trades!N18) -> 0 | H18: =IF(Trades!$A18="","",Trades!F18) -> 0 | I18: =IF(Trades!$A18="","",Trades!G18) -> 0 | J18: =IF(Trades!$A18="","",Trades!I18) -> 0 | K18: =IF(Trades!$A18="","",Trades!Q18) -> 0 | L18: =IF(Trades!$A18="","",Trades!F18) -> 0 | M18: =IF(Trades!$A18="","",Trades!M18) -> 0 | N18: =IF(Trades!$A18="","",Trades!R18) -> 24 | O18: =IF(Trades!$A18="","",Trades!J18) -> 0 | P18: =IF(Trades!$A18="","",Trades!H18) -> 0 | Q18: =IF(Trades!$A18="","",Trades!P18) -> Sample Data | R18: =IF($A18="","",$Y18-$Z18) -> 0 | S18: =IF($A18="","",$R18+$AA18-$AB18-$AC18+$AD18) -> 24 | T18: =IF(OR($A18="",$B18=""),"",IF(AND(IFERROR(LOOKUP(2,1/($B$9:$B$17=$B18),$AR$9:$AR17),1),NOT(AND(OR($F18="dividend",$F18="fee"),IFERROR(LOOKUP(2,1/($B$9:$B$17=$B18),$T$9:$T17),0)>0))),IFERROR(LOOKUP(2,1/($B$9:$B$17=$B18),$T$9:$T17),0)+1,IFERROR(LOOKUP(2,1/($B$9:$B$17=$B18),$T$9:$T17),0))) -> 1 | U18: =IF($A18="","",IF($AR18,"Flat / cycle closed",IF($AM18>0,"Shares held","Short option open"))) -> Shares held | V18: =IF($A18="","",IF(OR($B18="",$C18="",$D18="",$E18="",$F18=""),"Missing required field",IF(COUNTIFS($A$9:$A18,$A18,$B$9:$B18,$B18)>1,"Duplicate event ID",IF(AND($E18<>IFERROR(LOOKUP(2,1/($B$9:$B$17=$B18),$E$9:$E17),0),IFERROR(LOOKUP(2,1/($B$9:$B$17=$B18),$E$9:$E17),0)>$E18),"Date out of order",IF(AND(OR($F18="buy_to_close",$F18="expire",$F18="roll",$F18="assignment",$F18="called_away"),$AF18=0),"Unknown lot",IF(OR(AND($F18="assignment",$AF18>0,IF($AF18>0,INDEX($AG$9:$AG$17,$AF18),"")<>"put"),AND($F18="called_away",$AF18>0,IF($AF18>0,INDEX($AG$9:$AG$17,$AF18),"")<>"call")),"Wrong option leg",IF(OR(AND(OR($F18="sell_put",$F18="sell_call"),OR($H18<=0,$I18<=0,$J18<0)),AND(OR($F18="buy_to_close",$F18="expire",$F18="assignment",$F18="called_away"),OR($H18<=0,$J18<0)),AND($F18="roll",OR($H18<=0,$I18<=0,$J18<0,$K18<0)),AND(OR($F18="buy_shares",$F18="sell_shares"),OR($L18<=0,$M18<0)),AND(OR($F18="dividend",$F18="fee"),$N18<0)),"Invalid value",IF(AND(OR($F18="sell_shares",$F18="called_away"),$AL18<IF($F18="called_away",$AE18*$D18,$L18)),"Insufficient shares (capped)",IF(AND(OR($F18="buy_to_close",$F18="expire",$F18="roll",$F18="assignment",$F18="called_away"),$AF18>0,$H18>IF($AF18>0,MAX(0,INDEX($AI$9:$AI$17,$AF18)-SUMIFS($AE$9:$AE$17,$G$9:$G$17,$G18,$B$9:$B$17,$B18)),0)),"Close quantity capped","OK"))))))))) -> OK | W18: =IF($A18="","",$AM18) -> 100 | X18: =IF($A18="","",$AS18) -> 5000 | Y18: =IF($A18="","",IF(OR($F18="sell_put",$F18="sell_call"),$J18*$AE18*$D18,IF($F18="roll",$J18*$AE18*$D18,0))) -> 0 | Z18: =IF($A18="","",IF($F18="buy_to_close",$J18*$AE18*$D18,IF($F18="roll",$K18*$AE18*$D18,0))) -> 0 | AA18: =IF($A18="","",IF(AND($F18="dividend",$N18>=0),$N18,0)) -> 24 | AB18: =IF($A18="","",IF($O18>=0,$O18,0)+IF(AND($F18="fee",$N18>=0),$N18,0)) -> 0 | AC18: =IF($A18="","",IF($F18="assignment",IF($AF18>0,INDEX($AH$9:$AH$17,$AF18),0)*$AE18*$D18,IF($F18="buy_shares",$M18*$AL18,0))) -> 0 | AD18: =IF($A18="","",IF($F18="called_away",IF($AF18>0,INDEX($AH$9:$AH$17,$AF18),0)*$AL18,IF($F18="sell_shares",$M18*$AL18,0))) -> 0 | AE18: =IF($A18="","",IF(OR($F18="sell_put",$F18="sell_call"),IF(AND($H18>0,$I18>0,$J18>=0),$H18,0),IF(OR($F18="buy_to_close",$F18="expire",$F18="roll",$F18="assignment",$F18="called_away"),IF(AND($AF18>0,$H18>0,IF($F18="assignment",IF($AF18>0,INDEX($AG$9:$AG$17,$AF18),"")="put",TRUE),IF($F18="called_away",IF($AF18>0,INDEX($AG$9:$AG$17,$AF18),"")="call",TRUE)),MIN($H18,IF($AF18>0,MAX(0,INDEX($AI$9:$AI$17,$AF18)-SUMIFS($AE$9:$AE$17,$G$9:$G$17,$G18,$B$9:$B$17,$B18)),0)),0),0))) -> 0 | AF18: =IF($A18="","",IFERROR(MATCH(LEN($B18)&":"&$B18&$G18,$AY$9:$AY$17,0),0)) -> 0 | AG18: =IF($A18="","",IF($F18="sell_put","put",IF($F18="sell_call","call",IF($F18="roll",IF($AF18>0,IF($AF18>0,INDEX($AG$9:$AG$17,$AF18),""),""),IF($AF18>0,IF($AF18>0,INDEX($AG$9:$AG$17,$AF18),""),""))))) | AH18: =IF($A18="","",IF(OR($F18="sell_put",$F18="sell_call",$F18="roll"),$I18,IF($AF18>0,IF($AF18>0,INDEX($AH$9:$AH$17,$AF18),0),0))) -> 0 | AI18: =IF($A18="","",IF(OR($F18="sell_put",$F18="sell_call"),IF(AND($H18>0,$I18>0,$J18>=0),$H18,0),IF($F18="roll",$AE18,0))) -> 0 | AJ18: =IF($A18="","",IFERROR(LOOKUP(2,1/($B$9:$B$17=$B18),$AM$9:$AM17),0)) -> 100 | AK18: =IF($A18="","",IFERROR(LOOKUP(2,1/($B$9:$B$17=$B18),$AN$9:$AN17),0)) -> 5000 | AL18: =IF($A18="","",IF($F18="assignment",$AE18*$D18,IF($F18="called_away",MIN(MAX(0,$AE18*$D18),MAX(0,$AJ18)),IF($F18="buy_shares",IF(AND($L18>0,$M18>=0),$L18,0),IF($F18="sell_shares",IF(AND($L18>0,$M18>=0),MIN($L18,MAX(0,$AJ18)),0),0))))) -> 0 | AM18: =IF($A18="","",MAX(0,$AJ18+IF(OR($F18="assignment",$F18="buy_shares"),$AL18,-$AL18))) -> 100 | AN18: =IF($A18="","",IF($AM18<=0.000000001,0,MAX(0,$AK18+$AC18-IF(OR($F18="called_away",$F18="sell_shares"),IF($AJ18>0,$AK18/$AJ18*$AL18,0),0)))) -> 5000 | AO18: =IF($A18="","",IFERROR(LOOKUP(2,1/($B$9:$B$17=$B18),$AO$9:$AO17),0)+IF($F18="sell_put",$I18*$AE18*$D18,IF($F18="roll",IF($AG18="put",($I18-IF($AF18>0,INDEX($AH$9:$AH$17,$AF18),0))*$AE18*$D18,0),IF(AND(OR($F18="buy_to_close",$F18="expire",$F18="roll",$F18="assignment",$F18="called_away"),$F18<>"roll",$AG18="put"),-IF($AF18>0,INDEX($AH$9:$AH$17,$AF18),0)*$AE18*$D18,0)))) -> 0 | AP18: =IF($A18="","",IFERROR(LOOKUP(2,1/($B$9:$B$17=$B18),$AP$9:$AP17),0)+IF($F18="sell_put",$AE18*$D18,IF(AND(OR($F18="buy_to_close",$F18="expire",$F18="roll",$F18="assignment",$F18="called_away"),$F18<>"roll",$AG18="put"),-$AE18*$D18,0))) -> 0 | AQ18: =IF($A18="","",IFERROR(LOOKUP(2,1/($B$9:$B$17=$B18),$AQ$9:$AQ17),0)+IF(OR($F18="sell_put",$F18="sell_call"),$AE18,0)-IF(AND(OR($F18="buy_to_close",$F18="expire",$F18="roll",$F18="assignment",$F18="called_away"),$F18<>"roll"),$AE18,0)) -> 1 | AR18: =IF($A18="","",AND($AM18<=0.000000001,$AQ18<=0.000000001)) -> FALSE | AS18: =IF($A18="","",$AO18+$AN18) -> 5000 | AT18: =IF($A18="","",MAX(IF($T18=IFERROR(LOOKUP(2,1/($B$9:$B$17=$B18),$T$9:$T17),0),IFERROR(LOOKUP(2,1/($B$9:$B$17=$B18),$AT$9:$AT17),0),0),$AS18)) -> 5000 | AU18: =IF(OR($A18="",$B18="",$T18=""),"",$B18&"¦"&$T18) -> sample-xyz¦1 | AV18: =IF($AU18="",0,IF(AND(IFERROR(LOOKUP(2,1/($B$9:$B$17=$B18),$AR$9:$AR17),1),NOT(AND(OR($F18="dividend",$F18="fee"),IFERROR(LOOKUP(2,1/($B$9:$B$17=$B18),$T$9:$T17),0)>0))),ROW(),0)) -> 0 | AW18: =IF($A18="",0,IF($AV18>0,MAX($AW$9:$AW$17)+1,MAX($AW$9:$AW$17))) -> 3 | AX18: =IF($AU18="",0,IF(AND($AR18,OR(NOT(IFERROR(LOOKUP(2,1/($B$9:$B$17=$B18),$AR$9:$AR17),1)),IFERROR(LOOKUP(2,1/($B$9:$B$17=$B18),$T$9:$T17),0)=0)),ROW(),0)) -> 0 | AY18: =IF(OR($A18="",$B18=""),"",LEN($B18)&":"&$B18&$A18) -> 10:sample-xyzE0010
A19: =IF(Trades!$A19="","",Trades!O19) -> E0011 | B19: =IF(Trades!$A19="","",Trades!B19) -> demo-loss | C19: =IF(Trades!$A19="","",Trades!C19) -> MNO | D19: =IF(Trades!$A19="","",IF(Trades!$L19>0,Trades!$L19,Trades!$C$6)) -> 100 | E19: =IF(Trades!$A19="","",Trades!A19) -> 46255 | F19: =IF(Trades!$A19="","",IFERROR(INDEX(Trades!$V$2:$V$14,MATCH(Trades!$E19,Trades!$U$2:$U$14,0)),"")) -> called_away | G19: =IF(Trades!$A19="","",Trades!N19) -> E0005 | H19: =IF(Trades!$A19="","",Trades!F19) -> 1 | I19: =IF(Trades!$A19="","",Trades!G19) -> 0 | J19: =IF(Trades!$A19="","",Trades!I19) -> 0 | K19: =IF(Trades!$A19="","",Trades!Q19) -> 0 | L19: =IF(Trades!$A19="","",Trades!F19) -> 1 | M19: =IF(Trades!$A19="","",Trades!M19) -> 0 | N19: =IF(Trades!$A19="","",Trades!R19) -> 0 | O19: =IF(Trades!$A19="","",Trades!J19) -> 0.65 | P19: =IF(Trades!$A19="","",Trades!H19) -> 0 | Q19: =IF(Trades!$A19="","",Trades!P19) -> Sample Data | R19: =IF($A19="","",$Y19-$Z19) -> 0 | S19: =IF($A19="","",$R19+$AA19-$AB19-$AC19+$AD19) -> 3899.35 | T19: =IF(OR($A19="",$B19=""),"",IF(AND(IFERROR(LOOKUP(2,1/($B$9:$B$18=$B19),$AR$9:$AR18),1),NOT(AND(OR($F19="dividend",$F19="fee"),IFERROR(LOOKUP(2,1/($B$9:$B$18=$B19),$T$9:$T18),0)>0))),IFERROR(LOOKUP(2,1/($B$9:$B$18=$B19),$T$9:$T18),0)+1,IFERROR(LOOKUP(2,1/($B$9:$B$18=$B19),$T$9:$T18),0))) -> 1 | U19: =IF($A19="","",IF($AR19,"Flat / cycle closed",IF($AM19>0,"Shares held","Short option open"))) -> Flat / cycle closed | V19: =IF($A19="","",IF(OR($B19="",$C19="",$D19="",$E19="",$F19=""),"Missing required field",IF(COUNTIFS($A$9:$A19,$A19,$B$9:$B19,$B19)>1,"Duplicate event ID",IF(AND($E19<>IFERROR(LOOKUP(2,1/($B$9:$B$18=$B19),$E$9:$E18),0),IFERROR(LOOKUP(2,1/($B$9:$B$18=$B19),$E$9:$E18),0)>$E19),"Date out of order",IF(AND(OR($F19="buy_to_close",$F19="expire",$F19="roll",$F19="assignment",$F19="called_away"),$AF19=0),"Unknown lot",IF(OR(AND($F19="assignment",$AF19>0,IF($AF19>0,INDEX($AG$9:$AG$18,$AF19),"")<>"put"),AND($F19="called_away",$AF19>0,IF($AF19>0,INDEX($AG$9:$AG$18,$AF19),"")<>"call")),"Wrong option leg",IF(OR(AND(OR($F19="sell_put",$F19="sell_call"),OR($H19<=0,$I19<=0,$J19<0)),AND(OR($F19="buy_to_close",$F19="expire",$F19="assignment",$F19="called_away"),OR($H19<=0,$J19<0)),AND($F19="roll",OR($H19<=0,$I19<=0,$J19<0,$K19<0)),AND(OR($F19="buy_shares",$F19="sell_shares"),OR($L19<=0,$M19<0)),AND(OR($F19="dividend",$F19="fee"),$N19<0)),"Invalid value",IF(AND(OR($F19="sell_shares",$F19="called_away"),$AL19<IF($F19="called_away",$AE19*$D19,$L19)),"Insufficient shares (capped)",IF(AND(OR($F19="buy_to_close",$F19="expire",$F19="roll",$F19="assignment",$F19="called_away"),$AF19>0,$H19>IF($AF19>0,MAX(0,INDEX($AI$9:$AI$18,$AF19)-SUMIFS($AE$9:$AE$18,$G$9:$G$18,$G19,$B$9:$B$18,$B19)),0)),"Close quantity capped","OK"))))))))) -> OK | W19: =IF($A19="","",$AM19) -> 0 | X19: =IF($A19="","",$AS19) -> 0 | Y19: =IF($A19="","",IF(OR($F19="sell_put",$F19="sell_call"),$J19*$AE19*$D19,IF($F19="roll",$J19*$AE19*$D19,0))) -> 0 | Z19: =IF($A19="","",IF($F19="buy_to_close",$J19*$AE19*$D19,IF($F19="roll",$K19*$AE19*$D19,0))) -> 0 | AA19: =IF($A19="","",IF(AND($F19="dividend",$N19>=0),$N19,0)) -> 0 | AB19: =IF($A19="","",IF($O19>=0,$O19,0)+IF(AND($F19="fee",$N19>=0),$N19,0)) -> 0.65 | AC19: =IF($A19="","",IF($F19="assignment",IF($AF19>0,INDEX($AH$9:$AH$18,$AF19),0)*$AE19*$D19,IF($F19="buy_shares",$M19*$AL19,0))) -> 0 | AD19: =IF($A19="","",IF($F19="called_away",IF($AF19>0,INDEX($AH$9:$AH$18,$AF19),0)*$AL19,IF($F19="sell_shares",$M19*$AL19,0))) -> 3900 | AE19: =IF($A19="","",IF(OR($F19="sell_put",$F19="sell_call"),IF(AND($H19>0,$I19>0,$J19>=0),$H19,0),IF(OR($F19="buy_to_close",$F19="expire",$F19="roll",$F19="assignment",$F19="called_away"),IF(AND($AF19>0,$H19>0,IF($F19="assignment",IF($AF19>0,INDEX($AG$9:$AG$18,$AF19),"")="put",TRUE),IF($F19="called_away",IF($AF19>0,INDEX($AG$9:$AG$18,$AF19),"")="call",TRUE)),MIN($H19,IF($AF19>0,MAX(0,INDEX($AI$9:$AI$18,$AF19)-SUMIFS($AE$9:$AE$18,$G$9:$G$18,$G19,$B$9:$B$18,$B19)),0)),0),0))) -> 1 | AF19: =IF($A19="","",IFERROR(MATCH(LEN($B19)&":"&$B19&$G19,$AY$9:$AY$18,0),0)) -> 5 | AG19: =IF($A19="","",IF($F19="sell_put","put",IF($F19="sell_call","call",IF($F19="roll",IF($AF19>0,IF($AF19>0,INDEX($AG$9:$AG$18,$AF19),""),""),IF($AF19>0,IF($AF19>0,INDEX($AG$9:$AG$18,$AF19),""),""))))) -> call | AH19: =IF($A19="","",IF(OR($F19="sell_put",$F19="sell_call",$F19="roll"),$I19,IF($AF19>0,IF($AF19>0,INDEX($AH$9:$AH$18,$AF19),0),0))) -> 39 | AI19: =IF($A19="","",IF(OR($F19="sell_put",$F19="sell_call"),IF(AND($H19>0,$I19>0,$J19>=0),$H19,0),IF($F19="roll",$AE19,0))) -> 0 | AJ19: =IF($A19="","",IFERROR(LOOKUP(2,1/($B$9:$B$18=$B19),$AM$9:$AM18),0)) -> 100 | AK19: =IF($A19="","",IFERROR(LOOKUP(2,1/($B$9:$B$18=$B19),$AN$9:$AN18),0)) -> 4000 | AL19: =IF($A19="","",IF($F19="assignment",$AE19*$D19,IF($F19="called_away",MIN(MAX(0,$AE19*$D19),MAX(0,$AJ19)),IF($F19="buy_shares",IF(AND($L19>0,$M19>=0),$L19,0),IF($F19="sell_shares",IF(AND($L19>0,$M19>=0),MIN($L19,MAX(0,$AJ19)),0),0))))) -> 100 | AM19: =IF($A19="","",MAX(0,$AJ19+IF(OR($F19="assignment",$F19="buy_shares"),$AL19,-$AL19))) -> 0 | AN19: =IF($A19="","",IF($AM19<=0.000000001,0,MAX(0,$AK19+$AC19-IF(OR($F19="called_away",$F19="sell_shares"),IF($AJ19>0,$AK19/$AJ19*$AL19,0),0)))) -> 0 | AO19: =IF($A19="","",IFERROR(LOOKUP(2,1/($B$9:$B$18=$B19),$AO$9:$AO18),0)+IF($F19="sell_put",$I19*$AE19*$D19,IF($F19="roll",IF($AG19="put",($I19-IF($AF19>0,INDEX($AH$9:$AH$18,$AF19),0))*$AE19*$D19,0),IF(AND(OR($F19="buy_to_close",$F19="expire",$F19="roll",$F19="assignment",$F19="called_away"),$F19<>"roll",$AG19="put"),-IF($AF19>0,INDEX($AH$9:$AH$18,$AF19),0)*$AE19*$D19,0)))) -> 0 | AP19: =IF($A19="","",IFERROR(LOOKUP(2,1/($B$9:$B$18=$B19),$AP$9:$AP18),0)+IF($F19="sell_put",$AE19*$D19,IF(AND(OR($F19="buy_to_close",$F19="expire",$F19="roll",$F19="assignment",$F19="called_away"),$F19<>"roll",$AG19="put"),-$AE19*$D19,0))) -> 0 | AQ19: =IF($A19="","",IFERROR(LOOKUP(2,1/($B$9:$B$18=$B19),$AQ$9:$AQ18),0)+IF(OR($F19="sell_put",$F19="sell_call"),$AE19,0)-IF(AND(OR($F19="buy_to_close",$F19="expire",$F19="roll",$F19="assignment",$F19="called_away"),$F19<>"roll"),$AE19,0)) -> 0 | AR19: =IF($A19="","",AND($AM19<=0.000000001,$AQ19<=0.000000001)) -> TRUE | AS19: =IF($A19="","",$AO19+$AN19) -> 0 | AT19: =IF($A19="","",MAX(IF($T19=IFERROR(LOOKUP(2,1/($B$9:$B$18=$B19),$T$9:$T18),0),IFERROR(LOOKUP(2,1/($B$9:$B$18=$B19),$AT$9:$AT18),0),0),$AS19)) -> 4000 | AU19: =IF(OR($A19="",$B19="",$T19=""),"",$B19&"¦"&$T19) -> demo-loss¦1 | AV19: =IF($AU19="",0,IF(AND(IFERROR(LOOKUP(2,1/($B$9:$B$18=$B19),$AR$9:$AR18),1),NOT(AND(OR($F19="dividend",$F19="fee"),IFERROR(LOOKUP(2,1/($B$9:$B$18=$B19),$T$9:$T18),0)>0))),ROW(),0)) -> 0 | AW19: =IF($A19="",0,IF($AV19>0,MAX($AW$9:$AW$18)+1,MAX($AW$9:$AW$18))) -> 3 | AX19: =IF($AU19="",0,IF(AND($AR19,OR(NOT(IFERROR(LOOKUP(2,1/($B$9:$B$18=$B19),$AR$9:$AR18),1)),IFERROR(LOOKUP(2,1/($B$9:$B$18=$B19),$T$9:$T18),0)=0)),ROW(),0)) -> 19 | AY19: =IF(OR($A19="",$B19=""),"",LEN($B19)&":"&$B19&$A19) -> 9:demo-lossE0011
A20: =IF(Trades!$A20="","",Trades!O20) -> E0012 | B20: =IF(Trades!$A20="","",Trades!B20) -> demo-eur | C20: =IF(Trades!$A20="","",Trades!C20) -> EURX | D20: =IF(Trades!$A20="","",IF(Trades!$L20>0,Trades!$L20,Trades!$C$6)) -> 100 | E20: =IF(Trades!$A20="","",Trades!A20) -> 46265 | F20: =IF(Trades!$A20="","",IFERROR(INDEX(Trades!$V$2:$V$14,MATCH(Trades!$E20,Trades!$U$2:$U$14,0)),"")) -> sell_put | G20: =IF(Trades!$A20="","",Trades!N20) -> 0 | H20: =IF(Trades!$A20="","",Trades!F20) -> 1 | I20: =IF(Trades!$A20="","",Trades!G20) -> 35 | J20: =IF(Trades!$A20="","",Trades!I20) -> 0.6 | K20: =IF(Trades!$A20="","",Trades!Q20) -> 0 | L20: =IF(Trades!$A20="","",Trades!F20) -> 1 | M20: =IF(Trades!$A20="","",Trades!M20) -> 0 | N20: =IF(Trades!$A20="","",Trades!R20) -> 0 | O20: =IF(Trades!$A20="","",Trades!J20) -> 0.65 | P20: =IF(Trades!$A20="","",Trades!H20) -> 46293 | Q20: =IF(Trades!$A20="","",Trades!P20) -> Sample Data | R20: =IF($A20="","",$Y20-$Z20) -> 60 | S20: =IF($A20="","",$R20+$AA20-$AB20-$AC20+$AD20) -> 59.35 | T20: =IF(OR($A20="",$B20=""),"",IF(AND(IFERROR(LOOKUP(2,1/($B$9:$B$19=$B20),$AR$9:$AR19),1),NOT(AND(OR($F20="dividend",$F20="fee"),IFERROR(LOOKUP(2,1/($B$9:$B$19=$B20),$T$9:$T19),0)>0))),IFERROR(LOOKUP(2,1/($B$9:$B$19=$B20),$T$9:$T19),0)+1,IFERROR(LOOKUP(2,1/($B$9:$B$19=$B20),$T$9:$T19),0))) -> 1 | U20: =IF($A20="","",IF($AR20,"Flat / cycle closed",IF($AM20>0,"Shares held","Short option open"))) -> Short option open | V20: =IF($A20="","",IF(OR($B20="",$C20="",$D20="",$E20="",$F20=""),"Missing required field",IF(COUNTIFS($A$9:$A20,$A20,$B$9:$B20,$B20)>1,"Duplicate event ID",IF(AND($E20<>IFERROR(LOOKUP(2,1/($B$9:$B$19=$B20),$E$9:$E19),0),IFERROR(LOOKUP(2,1/($B$9:$B$19=$B20),$E$9:$E19),0)>$E20),"Date out of order",IF(AND(OR($F20="buy_to_close",$F20="expire",$F20="roll",$F20="assignment",$F20="called_away"),$AF20=0),"Unknown lot",IF(OR(AND($F20="assignment",$AF20>0,IF($AF20>0,INDEX($AG$9:$AG$19,$AF20),"")<>"put"),AND($F20="called_away",$AF20>0,IF($AF20>0,INDEX($AG$9:$AG$19,$AF20),"")<>"call")),"Wrong option leg",IF(OR(AND(OR($F20="sell_put",$F20="sell_call"),OR($H20<=0,$I20<=0,$J20<0)),AND(OR($F20="buy_to_close",$F20="expire",$F20="assignment",$F20="called_away"),OR($H20<=0,$J20<0)),AND($F20="roll",OR($H20<=0,$I20<=0,$J20<0,$K20<0)),AND(OR($F20="buy_shares",$F20="sell_shares"),OR($L20<=0,$M20<0)),AND(OR($F20="dividend",$F20="fee"),$N20<0)),"Invalid value",IF(AND(OR($F20="sell_shares",$F20="called_away"),$AL20<IF($F20="called_away",$AE20*$D20,$L20)),"Insufficient shares (capped)",IF(AND(OR($F20="buy_to_close",$F20="expire",$F20="roll",$F20="assignment",$F20="called_away"),$AF20>0,$H20>IF($AF20>0,MAX(0,INDEX($AI$9:$AI$19,$AF20)-SUMIFS($AE$9:$AE$19,$G$9:$G$19,$G20,$B$9:$B$19,$B20)),0)),"Close quantity capped","OK"))))))))) -> OK | W20: =IF($A20="","",$AM20) -> 0 | X20: =IF($A20="","",$AS20) -> 3500 | Y20: =IF($A20="","",IF(OR($F20="sell_put",$F20="sell_call"),$J20*$AE20*$D20,IF($F20="roll",$J20*$AE20*$D20,0))) -> 60 | Z20: =IF($A20="","",IF($F20="buy_to_close",$J20*$AE20*$D20,IF($F20="roll",$K20*$AE20*$D20,0))) -> 0 | AA20: =IF($A20="","",IF(AND($F20="dividend",$N20>=0),$N20,0)) -> 0 | AB20: =IF($A20="","",IF($O20>=0,$O20,0)+IF(AND($F20="fee",$N20>=0),$N20,0)) -> 0.65 | AC20: =IF($A20="","",IF($F20="assignment",IF($AF20>0,INDEX($AH$9:$AH$19,$AF20),0)*$AE20*$D20,IF($F20="buy_shares",$M20*$AL20,0))) -> 0 | AD20: =IF($A20="","",IF($F20="called_away",IF($AF20>0,INDEX($AH$9:$AH$19,$AF20),0)*$AL20,IF($F20="sell_shares",$M20*$AL20,0))) -> 0 | AE20: =IF($A20="","",IF(OR($F20="sell_put",$F20="sell_call"),IF(AND($H20>0,$I20>0,$J20>=0),$H20,0),IF(OR($F20="buy_to_close",$F20="expire",$F20="roll",$F20="assignment",$F20="called_away"),IF(AND($AF20>0,$H20>0,IF($F20="assignment",IF($AF20>0,INDEX($AG$9:$AG$19,$AF20),"")="put",TRUE),IF($F20="called_away",IF($AF20>0,INDEX($AG$9:$AG$19,$AF20),"")="call",TRUE)),MIN($H20,IF($AF20>0,MAX(0,INDEX($AI$9:$AI$19,$AF20)-SUMIFS($AE$9:$AE$19,$G$9:$G$19,$G20,$B$9:$B$19,$B20)),0)),0),0))) -> 1 | AF20: =IF($A20="","",IFERROR(MATCH(LEN($B20)&":"&$B20&$G20,$AY$9:$AY$19,0),0)) -> 0 | AG20: =IF($A20="","",IF($F20="sell_put","put",IF($F20="sell_call","call",IF($F20="roll",IF($AF20>0,IF($AF20>0,INDEX($AG$9:$AG$19,$AF20),""),""),IF($AF20>0,IF($AF20>0,INDEX($AG$9:$AG$19,$AF20),""),""))))) -> put | AH20: =IF($A20="","",IF(OR($F20="sell_put",$F20="sell_call",$F20="roll"),$I20,IF($AF20>0,IF($AF20>0,INDEX($AH$9:$AH$19,$AF20),0),0))) -> 35 | AI20: =IF($A20="","",IF(OR($F20="sell_put",$F20="sell_call"),IF(AND($H20>0,$I20>0,$J20>=0),$H20,0),IF($F20="roll",$AE20,0))) -> 1 | AJ20: =IF($A20="","",IFERROR(LOOKUP(2,1/($B$9:$B$19=$B20),$AM$9:$AM19),0)) -> 0 | AK20: =IF($A20="","",IFERROR(LOOKUP(2,1/($B$9:$B$19=$B20),$AN$9:$AN19),0)) -> 0 | AL20: =IF($A20="","",IF($F20="assignment",$AE20*$D20,IF($F20="called_away",MIN(MAX(0,$AE20*$D20),MAX(0,$AJ20)),IF($F20="buy_shares",IF(AND($L20>0,$M20>=0),$L20,0),IF($F20="sell_shares",IF(AND($L20>0,$M20>=0),MIN($L20,MAX(0,$AJ20)),0),0))))) -> 0 | AM20: =IF($A20="","",MAX(0,$AJ20+IF(OR($F20="assignment",$F20="buy_shares"),$AL20,-$AL20))) -> 0 | AN20: =IF($A20="","",IF($AM20<=0.000000001,0,MAX(0,$AK20+$AC20-IF(OR($F20="called_away",$F20="sell_shares"),IF($AJ20>0,$AK20/$AJ20*$AL20,0),0)))) -> 0 | AO20: =IF($A20="","",IFERROR(LOOKUP(2,1/($B$9:$B$19=$B20),$AO$9:$AO19),0)+IF($F20="sell_put",$I20*$AE20*$D20,IF($F20="roll",IF($AG20="put",($I20-IF($AF20>0,INDEX($AH$9:$AH$19,$AF20),0))*$AE20*$D20,0),IF(AND(OR($F20="buy_to_close",$F20="expire",$F20="roll",$F20="assignment",$F20="called_away"),$F20<>"roll",$AG20="put"),-IF($AF20>0,INDEX($AH$9:$AH$19,$AF20),0)*$AE20*$D20,0)))) -> 3500 | AP20: =IF($A20="","",IFERROR(LOOKUP(2,1/($B$9:$B$19=$B20),$AP$9:$AP19),0)+IF($F20="sell_put",$AE20*$D20,IF(AND(OR($F20="buy_to_close",$F20="expire",$F20="roll",$F20="assignment",$F20="called_away"),$F20<>"roll",$AG20="put"),-$AE20*$D20,0))) -> 100 | AQ20: =IF($A20="","",IFERROR(LOOKUP(2,1/($B$9:$B$19=$B20),$AQ$9:$AQ19),0)+IF(OR($F20="sell_put",$F20="sell_call"),$AE20,0)-IF(AND(OR($F20="buy_to_close",$F20="expire",$F20="roll",$F20="assignment",$F20="called_away"),$F20<>"roll"),$AE20,0)) -> 1 | AR20: =IF($A20="","",AND($AM20<=0.000000001,$AQ20<=0.000000001)) -> FALSE | AS20: =IF($A20="","",$AO20+$AN20) -> 3500 | AT20: =IF($A20="","",MAX(IF($T20=IFERROR(LOOKUP(2,1/($B$9:$B$19=$B20),$T$9:$T19),0),IFERROR(LOOKUP(2,1/($B$9:$B$19=$B20),$AT$9:$AT19),0),0),$AS20)) -> 3500 | AU20: =IF(OR($A20="",$B20="",$T20=""),"",$B20&"¦"&$T20) -> demo-eur¦1 | AV20: =IF($AU20="",0,IF(AND(IFERROR(LOOKUP(2,1/($B$9:$B$19=$B20),$AR$9:$AR19),1),NOT(AND(OR($F20="dividend",$F20="fee"),IFERROR(LOOKUP(2,1/($B$9:$B$19=$B20),$T$9:$T19),0)>0))),ROW(),0)) -> 20 | AW20: =IF($A20="",0,IF($AV20>0,MAX($AW$9:$AW$19)+1,MAX($AW$9:$AW$19))) -> 4 | AX20: =IF($AU20="",0,IF(AND($AR20,OR(NOT(IFERROR(LOOKUP(2,1/($B$9:$B$19=$B20),$AR$9:$AR19),1)),IFERROR(LOOKUP(2,1/($B$9:$B$19=$B20),$T$9:$T19),0)=0)),ROW(),0)) -> 0 | AY20: =IF(OR($A20="",$B20=""),"",LEN($B20)&":"&$B20&$A20) -> 8:demo-eurE0012
A21: =IF(Trades!$A21="","",Trades!O21) -> E0013 | B21: =IF(Trades!$A21="","",Trades!B21) -> sample-abc | C21: =IF(Trades!$A21="","",Trades!C21) -> ABC | D21: =IF(Trades!$A21="","",IF(Trades!$L21>0,Trades!$L21,Trades!$C$6)) -> 100 | E21: =IF(Trades!$A21="","",Trades!A21) -> 46268 | F21: =IF(Trades!$A21="","",IFERROR(INDEX(Trades!$V$2:$V$14,MATCH(Trades!$E21,Trades!$U$2:$U$14,0)),"")) -> sell_put | G21: =IF(Trades!$A21="","",Trades!N21) -> 0 | H21: =IF(Trades!$A21="","",Trades!F21) -> 2 | I21: =IF(Trades!$A21="","",Trades!G21) -> 20 | J21: =IF(Trades!$A21="","",Trades!I21) -> 0.45 | K21: =IF(Trades!$A21="","",Trades!Q21) -> 0 | L21: =IF(Trades!$A21="","",Trades!F21) -> 2 | M21: =IF(Trades!$A21="","",Trades!M21) -> 0 | N21: =IF(Trades!$A21="","",Trades!R21) -> 0 | O21: =IF(Trades!$A21="","",Trades!J21) -> 1.3 | P21: =IF(Trades!$A21="","",Trades!H21) -> 46296 | Q21: =IF(Trades!$A21="","",Trades!P21) -> Sample Data | R21: =IF($A21="","",$Y21-$Z21) -> 90 | S21: =IF($A21="","",$R21+$AA21-$AB21-$AC21+$AD21) -> 88.7 | T21: =IF(OR($A21="",$B21=""),"",IF(AND(IFERROR(LOOKUP(2,1/($B$9:$B$20=$B21),$AR$9:$AR20),1),NOT(AND(OR($F21="dividend",$F21="fee"),IFERROR(LOOKUP(2,1/($B$9:$B$20=$B21),$T$9:$T20),0)>0))),IFERROR(LOOKUP(2,1/($B$9:$B$20=$B21),$T$9:$T20),0)+1,IFERROR(LOOKUP(2,1/($B$9:$B$20=$B21),$T$9:$T20),0))) -> 1 | U21: =IF($A21="","",IF($AR21,"Flat / cycle closed",IF($AM21>0,"Shares held","Short option open"))) -> Short option open | V21: =IF($A21="","",IF(OR($B21="",$C21="",$D21="",$E21="",$F21=""),"Missing required field",IF(COUNTIFS($A$9:$A21,$A21,$B$9:$B21,$B21)>1,"Duplicate event ID",IF(AND($E21<>IFERROR(LOOKUP(2,1/($B$9:$B$20=$B21),$E$9:$E20),0),IFERROR(LOOKUP(2,1/($B$9:$B$20=$B21),$E$9:$E20),0)>$E21),"Date out of order",IF(AND(OR($F21="buy_to_close",$F21="expire",$F21="roll",$F21="assignment",$F21="called_away"),$AF21=0),"Unknown lot",IF(OR(AND($F21="assignment",$AF21>0,IF($AF21>0,INDEX($AG$9:$AG$20,$AF21),"")<>"put"),AND($F21="called_away",$AF21>0,IF($AF21>0,INDEX($AG$9:$AG$20,$AF21),"")<>"call")),"Wrong option leg",IF(OR(AND(OR($F21="sell_put",$F21="sell_call"),OR($H21<=0,$I21<=0,$J21<0)),AND(OR($F21="buy_to_close",$F21="expire",$F21="assignment",$F21="called_away"),OR($H21<=0,$J21<0)),AND($F21="roll",OR($H21<=0,$I21<=0,$J21<0,$K21<0)),AND(OR($F21="buy_shares",$F21="sell_shares"),OR($L21<=0,$M21<0)),AND(OR($F21="dividend",$F21="fee"),$N21<0)),"Invalid value",IF(AND(OR($F21="sell_shares",$F21="called_away"),$AL21<IF($F21="called_away",$AE21*$D21,$L21)),"Insufficient shares (capped)",IF(AND(OR($F21="buy_to_close",$F21="expire",$F21="roll",$F21="assignment",$F21="called_away"),$AF21>0,$H21>IF($AF21>0,MAX(0,INDEX($AI$9:$AI$20,$AF21)-SUMIFS($AE$9:$AE$20,$G$9:$G$20,$G21,$B$9:$B$20,$B21)),0)),"Close quantity capped","OK"))))))))) -> OK | W21: =IF($A21="","",$AM21) -> 0 | X21: =IF($A21="","",$AS21) -> 4000 | Y21: =IF($A21="","",IF(OR($F21="sell_put",$F21="sell_call"),$J21*$AE21*$D21,IF($F21="roll",$J21*$AE21*$D21,0))) -> 90 | Z21: =IF($A21="","",IF($F21="buy_to_close",$J21*$AE21*$D21,IF($F21="roll",$K21*$AE21*$D21,0))) -> 0 | AA21: =IF($A21="","",IF(AND($F21="dividend",$N21>=0),$N21,0)) -> 0 | AB21: =IF($A21="","",IF($O21>=0,$O21,0)+IF(AND($F21="fee",$N21>=0),$N21,0)) -> 1.3 | AC21: =IF($A21="","",IF($F21="assignment",IF($AF21>0,INDEX($AH$9:$AH$20,$AF21),0)*$AE21*$D21,IF($F21="buy_shares",$M21*$AL21,0))) -> 0 | AD21: =IF($A21="","",IF($F21="called_away",IF($AF21>0,INDEX($AH$9:$AH$20,$AF21),0)*$AL21,IF($F21="sell_shares",$M21*$AL21,0))) -> 0 | AE21: =IF($A21="","",IF(OR($F21="sell_put",$F21="sell_call"),IF(AND($H21>0,$I21>0,$J21>=0),$H21,0),IF(OR($F21="buy_to_close",$F21="expire",$F21="roll",$F21="assignment",$F21="called_away"),IF(AND($AF21>0,$H21>0,IF($F21="assignment",IF($AF21>0,INDEX($AG$9:$AG$20,$AF21),"")="put",TRUE),IF($F21="called_away",IF($AF21>0,INDEX($AG$9:$AG$20,$AF21),"")="call",TRUE)),MIN($H21,IF($AF21>0,MAX(0,INDEX($AI$9:$AI$20,$AF21)-SUMIFS($AE$9:$AE$20,$G$9:$G$20,$G21,$B$9:$B$20,$B21)),0)),0),0))) -> 2 | AF21: =IF($A21="","",IFERROR(MATCH(LEN($B21)&":"&$B21&$G21,$AY$9:$AY$20,0),0)) -> 0 | AG21: =IF($A21="","",IF($F21="sell_put","put",IF($F21="sell_call","call",IF($F21="roll",IF($AF21>0,IF($AF21>0,INDEX($AG$9:$AG$20,$AF21),""),""),IF($AF21>0,IF($AF21>0,INDEX($AG$9:$AG$20,$AF21),""),""))))) -> put | AH21: =IF($A21="","",IF(OR($F21="sell_put",$F21="sell_call",$F21="roll"),$I21,IF($AF21>0,IF($AF21>0,INDEX($AH$9:$AH$20,$AF21),0),0))) -> 20 | AI21: =IF($A21="","",IF(OR($F21="sell_put",$F21="sell_call"),IF(AND($H21>0,$I21>0,$J21>=0),$H21,0),IF($F21="roll",$AE21,0))) -> 2 | AJ21: =IF($A21="","",IFERROR(LOOKUP(2,1/($B$9:$B$20=$B21),$AM$9:$AM20),0)) -> 0 | AK21: =IF($A21="","",IFERROR(LOOKUP(2,1/($B$9:$B$20=$B21),$AN$9:$AN20),0)) -> 0 | AL21: =IF($A21="","",IF($F21="assignment",$AE21*$D21,IF($F21="called_away",MIN(MAX(0,$AE21*$D21),MAX(0,$AJ21)),IF($F21="buy_shares",IF(AND($L21>0,$M21>=0),$L21,0),IF($F21="sell_shares",IF(AND($L21>0,$M21>=0),MIN($L21,MAX(0,$AJ21)),0),0))))) -> 0 | AM21: =IF($A21="","",MAX(0,$AJ21+IF(OR($F21="assignment",$F21="buy_shares"),$AL21,-$AL21))) -> 0 | AN21: =IF($A21="","",IF($AM21<=0.000000001,0,MAX(0,$AK21+$AC21-IF(OR($F21="called_away",$F21="sell_shares"),IF($AJ21>0,$AK21/$AJ21*$AL21,0),0)))) -> 0 | AO21: =IF($A21="","",IFERROR(LOOKUP(2,1/($B$9:$B$20=$B21),$AO$9:$AO20),0)+IF($F21="sell_put",$I21*$AE21*$D21,IF($F21="roll",IF($AG21="put",($I21-IF($AF21>0,INDEX($AH$9:$AH$20,$AF21),0))*$AE21*$D21,0),IF(AND(OR($F21="buy_to_close",$F21="expire",$F21="roll",$F21="assignment",$F21="called_away"),$F21<>"roll",$AG21="put"),-IF($AF21>0,INDEX($AH$9:$AH$20,$AF21),0)*$AE21*$D21,0)))) -> 4000 | AP21: =IF($A21="","",IFERROR(LOOKUP(2,1/($B$9:$B$20=$B21),$AP$9:$AP20),0)+IF($F21="sell_put",$AE21*$D21,IF(AND(OR($F21="buy_to_close",$F21="expire",$F21="roll",$F21="assignment",$F21="called_away"),$F21<>"roll",$AG21="put"),-$AE21*$D21,0))) -> 200 | AQ21: =IF($A21="","",IFERROR(LOOKUP(2,1/($B$9:$B$20=$B21),$AQ$9:$AQ20),0)+IF(OR($F21="sell_put",$F21="sell_call"),$AE21,0)-IF(AND(OR($F21="buy_to_close",$F21="expire",$F21="roll",$F21="assignment",$F21="called_away"),$F21<>"roll"),$AE21,0)) -> 2 | AR21: =IF($A21="","",AND($AM21<=0.000000001,$AQ21<=0.000000001)) -> FALSE | AS21: =IF($A21="","",$AO21+$AN21) -> 4000 | AT21: =IF($A21="","",MAX(IF($T21=IFERROR(LOOKUP(2,1/($B$9:$B$20=$B21),$T$9:$T20),0),IFERROR(LOOKUP(2,1/($B$9:$B$20=$B21),$AT$9:$AT20),0),0),$AS21)) -> 4000 | AU21: =IF(OR($A21="",$B21="",$T21=""),"",$B21&"¦"&$T21) -> sample-abc¦1 | AV21: =IF($AU21="",0,IF(AND(IFERROR(LOOKUP(2,1/($B$9:$B$20=$B21),$AR$9:$AR20),1),NOT(AND(OR($F21="dividend",$F21="fee"),IFERROR(LOOKUP(2,1/($B$9:$B$20=$B21),$T$9:$T20),0)>0))),ROW(),0)) -> 21 | AW21: =IF($A21="",0,IF($AV21>0,MAX($AW$9:$AW$20)+1,MAX($AW$9:$AW$20))) -> 5 | AX21: =IF($AU21="",0,IF(AND($AR21,OR(NOT(IFERROR(LOOKUP(2,1/($B$9:$B$20=$B21),$AR$9:$AR20),1)),IFERROR(LOOKUP(2,1/($B$9:$B$20=$B21),$T$9:$T20),0)=0)),ROW(),0)) -> 0 | AY21: =IF(OR($A21="",$B21=""),"",LEN($B21)&":"&$B21&$A21) -> 10:sample-abcE0013
A22: =IF(Trades!$A22="","",Trades!O22) -> E0014 | B22: =IF(Trades!$A22="","",Trades!B22) -> demo-direct | C22: =IF(Trades!$A22="","",Trades!C22) -> DEF | D22: =IF(Trades!$A22="","",IF(Trades!$L22>0,Trades!$L22,Trades!$C$6)) -> 100 | E22: =IF(Trades!$A22="","",Trades!A22) -> 46268 | F22: =IF(Trades!$A22="","",IFERROR(INDEX(Trades!$V$2:$V$14,MATCH(Trades!$E22,Trades!$U$2:$U$14,0)),"")) -> buy_to_close | G22: =IF(Trades!$A22="","",Trades!N22) -> E0007 | H22: =IF(Trades!$A22="","",Trades!F22) -> 1 | I22: =IF(Trades!$A22="","",Trades!G22) -> 0 | J22: =IF(Trades!$A22="","",Trades!I22) -> 0.1 | K22: =IF(Trades!$A22="","",Trades!Q22) -> 0 | L22: =IF(Trades!$A22="","",Trades!F22) -> 1 | M22: =IF(Trades!$A22="","",Trades!M22) -> 0 | N22: =IF(Trades!$A22="","",Trades!R22) -> 0 | O22: =IF(Trades!$A22="","",Trades!J22) -> 0.65 | P22: =IF(Trades!$A22="","",Trades!H22) -> 0 | Q22: =IF(Trades!$A22="","",Trades!P22) -> Sample Data | R22: =IF($A22="","",$Y22-$Z22) -> -10 | S22: =IF($A22="","",$R22+$AA22-$AB22-$AC22+$AD22) -> -10.65 | T22: =IF(OR($A22="",$B22=""),"",IF(AND(IFERROR(LOOKUP(2,1/($B$9:$B$21=$B22),$AR$9:$AR21),1),NOT(AND(OR($F22="dividend",$F22="fee"),IFERROR(LOOKUP(2,1/($B$9:$B$21=$B22),$T$9:$T21),0)>0))),IFERROR(LOOKUP(2,1/($B$9:$B$21=$B22),$T$9:$T21),0)+1,IFERROR(LOOKUP(2,1/($B$9:$B$21=$B22),$T$9:$T21),0))) -> 1 | U22: =IF($A22="","",IF($AR22,"Flat / cycle closed",IF($AM22>0,"Shares held","Short option open"))) -> Shares held | V22: =IF($A22="","",IF(OR($B22="",$C22="",$D22="",$E22="",$F22=""),"Missing required field",IF(COUNTIFS($A$9:$A22,$A22,$B$9:$B22,$B22)>1,"Duplicate event ID",IF(AND($E22<>IFERROR(LOOKUP(2,1/($B$9:$B$21=$B22),$E$9:$E21),0),IFERROR(LOOKUP(2,1/($B$9:$B$21=$B22),$E$9:$E21),0)>$E22),"Date out of order",IF(AND(OR($F22="buy_to_close",$F22="expire",$F22="roll",$F22="assignment",$F22="called_away"),$AF22=0),"Unknown lot",IF(OR(AND($F22="assignment",$AF22>0,IF($AF22>0,INDEX($AG$9:$AG$21,$AF22),"")<>"put"),AND($F22="called_away",$AF22>0,IF($AF22>0,INDEX($AG$9:$AG$21,$AF22),"")<>"call")),"Wrong option leg",IF(OR(AND(OR($F22="sell_put",$F22="sell_call"),OR($H22<=0,$I22<=0,$J22<0)),AND(OR($F22="buy_to_close",$F22="expire",$F22="assignment",$F22="called_away"),OR($H22<=0,$J22<0)),AND($F22="roll",OR($H22<=0,$I22<=0,$J22<0,$K22<0)),AND(OR($F22="buy_shares",$F22="sell_shares"),OR($L22<=0,$M22<0)),AND(OR($F22="dividend",$F22="fee"),$N22<0)),"Invalid value",IF(AND(OR($F22="sell_shares",$F22="called_away"),$AL22<IF($F22="called_away",$AE22*$D22,$L22)),"Insufficient shares (capped)",IF(AND(OR($F22="buy_to_close",$F22="expire",$F22="roll",$F22="assignment",$F22="called_away"),$AF22>0,$H22>IF($AF22>0,MAX(0,INDEX($AI$9:$AI$21,$AF22)-SUMIFS($AE$9:$AE$21,$G$9:$G$21,$G22,$B$9:$B$21,$B22)),0)),"Close quantity capped","OK"))))))))) -> OK | W22: =IF($A22="","",$AM22) -> 100 | X22: =IF($A22="","",$AS22) -> 2500 | Y22: =IF($A22="","",IF(OR($F22="sell_put",$F22="sell_call"),$J22*$AE22*$D22,IF($F22="roll",$J22*$AE22*$D22,0))) -> 0 | Z22: =IF($A22="","",IF($F22="buy_to_close",$J22*$AE22*$D22,IF($F22="roll",$K22*$AE22*$D22,0))) -> 10 | AA22: =IF($A22="","",IF(AND($F22="dividend",$N22>=0),$N22,0)) -> 0 | AB22: =IF($A22="","",IF($O22>=0,$O22,0)+IF(AND($F22="fee",$N22>=0),$N22,0)) -> 0.65 | AC22: =IF($A22="","",IF($F22="assignment",IF($AF22>0,INDEX($AH$9:$AH$21,$AF22),0)*$AE22*$D22,IF($F22="buy_shares",$M22*$AL22,0))) -> 0 | AD22: =IF($A22="","",IF($F22="called_away",IF($AF22>0,INDEX($AH$9:$AH$21,$AF22),0)*$AL22,IF($F22="sell_shares",$M22*$AL22,0))) -> 0 | AE22: =IF($A22="","",IF(OR($F22="sell_put",$F22="sell_call"),IF(AND($H22>0,$I22>0,$J22>=0),$H22,0),IF(OR($F22="buy_to_close",$F22="expire",$F22="roll",$F22="assignment",$F22="called_away"),IF(AND($AF22>0,$H22>0,IF($F22="assignment",IF($AF22>0,INDEX($AG$9:$AG$21,$AF22),"")="put",TRUE),IF($F22="called_away",IF($AF22>0,INDEX($AG$9:$AG$21,$AF22),"")="call",TRUE)),MIN($H22,IF($AF22>0,MAX(0,INDEX($AI$9:$AI$21,$AF22)-SUMIFS($AE$9:$AE$21,$G$9:$G$21,$G22,$B$9:$B$21,$B22)),0)),0),0))) -> 1 | AF22: =IF($A22="","",IFERROR(MATCH(LEN($B22)&":"&$B22&$G22,$AY$9:$AY$21,0),0)) -> 7 | AG22: =IF($A22="","",IF($F22="sell_put","put",IF($F22="sell_call","call",IF($F22="roll",IF($AF22>0,IF($AF22>0,INDEX($AG$9:$AG$21,$AF22),""),""),IF($AF22>0,IF($AF22>0,INDEX($AG$9:$AG$21,$AF22),""),""))))) -> call | AH22: =IF($A22="","",IF(OR($F22="sell_put",$F22="sell_call",$F22="roll"),$I22,IF($AF22>0,IF($AF22>0,INDEX($AH$9:$AH$21,$AF22),0),0))) -> 27 | AI22: =IF($A22="","",IF(OR($F22="sell_put",$F22="sell_call"),IF(AND($H22>0,$I22>0,$J22>=0),$H22,0),IF($F22="roll",$AE22,0))) -> 0 | AJ22: =IF($A22="","",IFERROR(LOOKUP(2,1/($B$9:$B$21=$B22),$AM$9:$AM21),0)) -> 100 | AK22: =IF($A22="","",IFERROR(LOOKUP(2,1/($B$9:$B$21=$B22),$AN$9:$AN21),0)) -> 2500 | AL22: =IF($A22="","",IF($F22="assignment",$AE22*$D22,IF($F22="called_away",MIN(MAX(0,$AE22*$D22),MAX(0,$AJ22)),IF($F22="buy_shares",IF(AND($L22>0,$M22>=0),$L22,0),IF($F22="sell_shares",IF(AND($L22>0,$M22>=0),MIN($L22,MAX(0,$AJ22)),0),0))))) -> 0 | AM22: =IF($A22="","",MAX(0,$AJ22+IF(OR($F22="assignment",$F22="buy_shares"),$AL22,-$AL22))) -> 100 | AN22: =IF($A22="","",IF($AM22<=0.000000001,0,MAX(0,$AK22+$AC22-IF(OR($F22="called_away",$F22="sell_shares"),IF($AJ22>0,$AK22/$AJ22*$AL22,0),0)))) -> 2500 | AO22: =IF($A22="","",IFERROR(LOOKUP(2,1/($B$9:$B$21=$B22),$AO$9:$AO21),0)+IF($F22="sell_put",$I22*$AE22*$D22,IF($F22="roll",IF($AG22="put",($I22-IF($AF22>0,INDEX($AH$9:$AH$21,$AF22),0))*$AE22*$D22,0),IF(AND(OR($F22="buy_to_close",$F22="expire",$F22="roll",$F22="assignment",$F22="called_away"),$F22<>"roll",$AG22="put"),-IF($AF22>0,INDEX($AH$9:$AH$21,$AF22),0)*$AE22*$D22,0)))) -> 0 | AP22: =IF($A22="","",IFERROR(LOOKUP(2,1/($B$9:$B$21=$B22),$AP$9:$AP21),0)+IF($F22="sell_put",$AE22*$D22,IF(AND(OR($F22="buy_to_close",$F22="expire",$F22="roll",$F22="assignment",$F22="called_away"),$F22<>"roll",$AG22="put"),-$AE22*$D22,0))) -> 0 | AQ22: =IF($A22="","",IFERROR(LOOKUP(2,1/($B$9:$B$21=$B22),$AQ$9:$AQ21),0)+IF(OR($F22="sell_put",$F22="sell_call"),$AE22,0)-IF(AND(OR($F22="buy_to_close",$F22="expire",$F22="roll",$F22="assignment",$F22="called_away"),$F22<>"roll"),$AE22,0)) -> 0 | AR22: =IF($A22="","",AND($AM22<=0.000000001,$AQ22<=0.000000001)) -> FALSE | AS22: =IF($A22="","",$AO22+$AN22) -> 2500 | AT22: =IF($A22="","",MAX(IF($T22=IFERROR(LOOKUP(2,1/($B$9:$B$21=$B22),$T$9:$T21),0),IFERROR(LOOKUP(2,1/($B$9:$B$21=$B22),$AT$9:$AT21),0),0),$AS22)) -> 2500 | AU22: =IF(OR($A22="",$B22="",$T22=""),"",$B22&"¦"&$T22) -> demo-direct¦1 | AV22: =IF($AU22="",0,IF(AND(IFERROR(LOOKUP(2,1/($B$9:$B$21=$B22),$AR$9:$AR21),1),NOT(AND(OR($F22="dividend",$F22="fee"),IFERROR(LOOKUP(2,1/($B$9:$B$21=$B22),$T$9:$T21),0)>0))),ROW(),0)) -> 0 | AW22: =IF($A22="",0,IF($AV22>0,MAX($AW$9:$AW$21)+1,MAX($AW$9:$AW$21))) -> 5 | AX22: =IF($AU22="",0,IF(AND($AR22,OR(NOT(IFERROR(LOOKUP(2,1/($B$9:$B$21=$B22),$AR$9:$AR21),1)),IFERROR(LOOKUP(2,1/($B$9:$B$21=$B22),$T$9:$T21),0)=0)),ROW(),0)) -> 0 | AY22: =IF(OR($A22="",$B22=""),"",LEN($B22)&":"&$B22&$A22) -> 11:demo-directE0014
A23: =IF(Trades!$A23="","",Trades!O23) -> E0015 | B23: =IF(Trades!$A23="","",Trades!B23) -> demo-direct | C23: =IF(Trades!$A23="","",Trades!C23) -> DEF | D23: =IF(Trades!$A23="","",IF(Trades!$L23>0,Trades!$L23,Trades!$C$6)) -> 100 | E23: =IF(Trades!$A23="","",Trades!A23) -> 46271 | F23: =IF(Trades!$A23="","",IFERROR(INDEX(Trades!$V$2:$V$14,MATCH(Trades!$E23,Trades!$U$2:$U$14,0)),"")) -> sell_shares | G23: =IF(Trades!$A23="","",Trades!N23) -> 0 | H23: =IF(Trades!$A23="","",Trades!F23) -> 100 | I23: =IF(Trades!$A23="","",Trades!G23) -> 0 | J23: =IF(Trades!$A23="","",Trades!I23) -> 0 | K23: =IF(Trades!$A23="","",Trades!Q23) -> 0 | L23: =IF(Trades!$A23="","",Trades!F23) -> 100 | M23: =IF(Trades!$A23="","",Trades!M23) -> 26 | N23: =IF(Trades!$A23="","",Trades!R23) -> 0 | O23: =IF(Trades!$A23="","",Trades!J23) -> 1 | P23: =IF(Trades!$A23="","",Trades!H23) -> 0 | Q23: =IF(Trades!$A23="","",Trades!P23) -> Sample Data | R23: =IF($A23="","",$Y23-$Z23) -> 0 | S23: =IF($A23="","",$R23+$AA23-$AB23-$AC23+$AD23) -> 2599 | T23: =IF(OR($A23="",$B23=""),"",IF(AND(IFERROR(LOOKUP(2,1/($B$9:$B$22=$B23),$AR$9:$AR22),1),NOT(AND(OR($F23="dividend",$F23="fee"),IFERROR(LOOKUP(2,1/($B$9:$B$22=$B23),$T$9:$T22),0)>0))),IFERROR(LOOKUP(2,1/($B$9:$B$22=$B23),$T$9:$T22),0)+1,IFERROR(LOOKUP(2,1/($B$9:$B$22=$B23),$T$9:$T22),0))) -> 1 | U23: =IF($A23="","",IF($AR23,"Flat / cycle closed",IF($AM23>0,"Shares held","Short option open"))) -> Flat / cycle closed | V23: =IF($A23="","",IF(OR($B23="",$C23="",$D23="",$E23="",$F23=""),"Missing required field",IF(COUNTIFS($A$9:$A23,$A23,$B$9:$B23,$B23)>1,"Duplicate event ID",IF(AND($E23<>IFERROR(LOOKUP(2,1/($B$9:$B$22=$B23),$E$9:$E22),0),IFERROR(LOOKUP(2,1/($B$9:$B$22=$B23),$E$9:$E22),0)>$E23),"Date out of order",IF(AND(OR($F23="buy_to_close",$F23="expire",$F23="roll",$F23="assignment",$F23="called_away"),$AF23=0),"Unknown lot",IF(OR(AND($F23="assignment",$AF23>0,IF($AF23>0,INDEX($AG$9:$AG$22,$AF23),"")<>"put"),AND($F23="called_away",$AF23>0,IF($AF23>0,INDEX($AG$9:$AG$22,$AF23),"")<>"call")),"Wrong option leg",IF(OR(AND(OR($F23="sell_put",$F23="sell_call"),OR($H23<=0,$I23<=0,$J23<0)),AND(OR($F23="buy_to_close",$F23="expire",$F23="assignment",$F23="called_away"),OR($H23<=0,$J23<0)),AND($F23="roll",OR($H23<=0,$I23<=0,$J23<0,$K23<0)),AND(OR($F23="buy_shares",$F23="sell_shares"),OR($L23<=0,$M23<0)),AND(OR($F23="dividend",$F23="fee"),$N23<0)),"Invalid value",IF(AND(OR($F23="sell_shares",$F23="called_away"),$AL23<IF($F23="called_away",$AE23*$D23,$L23)),"Insufficient shares (capped)",IF(AND(OR($F23="buy_to_close",$F23="expire",$F23="roll",$F23="assignment",$F23="called_away"),$AF23>0,$H23>IF($AF23>0,MAX(0,INDEX($AI$9:$AI$22,$AF23)-SUMIFS($AE$9:$AE$22,$G$9:$G$22,$G23,$B$9:$B$22,$B23)),0)),"Close quantity capped","OK"))))))))) -> OK | W23: =IF($A23="","",$AM23) -> 0 | X23: =IF($A23="","",$AS23) -> 0 | Y23: =IF($A23="","",IF(OR($F23="sell_put",$F23="sell_call"),$J23*$AE23*$D23,IF($F23="roll",$J23*$AE23*$D23,0))) -> 0 | Z23: =IF($A23="","",IF($F23="buy_to_close",$J23*$AE23*$D23,IF($F23="roll",$K23*$AE23*$D23,0))) -> 0 | AA23: =IF($A23="","",IF(AND($F23="dividend",$N23>=0),$N23,0)) -> 0 | AB23: =IF($A23="","",IF($O23>=0,$O23,0)+IF(AND($F23="fee",$N23>=0),$N23,0)) -> 1 | AC23: =IF($A23="","",IF($F23="assignment",IF($AF23>0,INDEX($AH$9:$AH$22,$AF23),0)*$AE23*$D23,IF($F23="buy_shares",$M23*$AL23,0))) -> 0 | AD23: =IF($A23="","",IF($F23="called_away",IF($AF23>0,INDEX($AH$9:$AH$22,$AF23),0)*$AL23,IF($F23="sell_shares",$M23*$AL23,0))) -> 2600 | AE23: =IF($A23="","",IF(OR($F23="sell_put",$F23="sell_call"),IF(AND($H23>0,$I23>0,$J23>=0),$H23,0),IF(OR($F23="buy_to_close",$F23="expire",$F23="roll",$F23="assignment",$F23="called_away"),IF(AND($AF23>0,$H23>0,IF($F23="assignment",IF($AF23>0,INDEX($AG$9:$AG$22,$AF23),"")="put",TRUE),IF($F23="called_away",IF($AF23>0,INDEX($AG$9:$AG$22,$AF23),"")="call",TRUE)),MIN($H23,IF($AF23>0,MAX(0,INDEX($AI$9:$AI$22,$AF23)-SUMIFS($AE$9:$AE$22,$G$9:$G$22,$G23,$B$9:$B$22,$B23)),0)),0),0))) -> 0 | AF23: =IF($A23="","",IFERROR(MATCH(LEN($B23)&":"&$B23&$G23,$AY$9:$AY$22,0),0)) -> 0 | AG23: =IF($A23="","",IF($F23="sell_put","put",IF($F23="sell_call","call",IF($F23="roll",IF($AF23>0,IF($AF23>0,INDEX($AG$9:$AG$22,$AF23),""),""),IF($AF23>0,IF($AF23>0,INDEX($AG$9:$AG$22,$AF23),""),""))))) | AH23: =IF($A23="","",IF(OR($F23="sell_put",$F23="sell_call",$F23="roll"),$I23,IF($AF23>0,IF($AF23>0,INDEX($AH$9:$AH$22,$AF23),0),0))) -> 0 | AI23: =IF($A23="","",IF(OR($F23="sell_put",$F23="sell_call"),IF(AND($H23>0,$I23>0,$J23>=0),$H23,0),IF($F23="roll",$AE23,0))) -> 0 | AJ23: =IF($A23="","",IFERROR(LOOKUP(2,1/($B$9:$B$22=$B23),$AM$9:$AM22),0)) -> 100 | AK23: =IF($A23="","",IFERROR(LOOKUP(2,1/($B$9:$B$22=$B23),$AN$9:$AN22),0)) -> 2500 | AL23: =IF($A23="","",IF($F23="assignment",$AE23*$D23,IF($F23="called_away",MIN(MAX(0,$AE23*$D23),MAX(0,$AJ23)),IF($F23="buy_shares",IF(AND($L23>0,$M23>=0),$L23,0),IF($F23="sell_shares",IF(AND($L23>0,$M23>=0),MIN($L23,MAX(0,$AJ23)),0),0))))) -> 100 | AM23: =IF($A23="","",MAX(0,$AJ23+IF(OR($F23="assignment",$F23="buy_shares"),$AL23,-$AL23))) -> 0 | AN23: =IF($A23="","",IF($AM23<=0.000000001,0,MAX(0,$AK23+$AC23-IF(OR($F23="called_away",$F23="sell_shares"),IF($AJ23>0,$AK23/$AJ23*$AL23,0),0)))) -> 0 | AO23: =IF($A23="","",IFERROR(LOOKUP(2,1/($B$9:$B$22=$B23),$AO$9:$AO22),0)+IF($F23="sell_put",$I23*$AE23*$D23,IF($F23="roll",IF($AG23="put",($I23-IF($AF23>0,INDEX($AH$9:$AH$22,$AF23),0))*$AE23*$D23,0),IF(AND(OR($F23="buy_to_close",$F23="expire",$F23="roll",$F23="assignment",$F23="called_away"),$F23<>"roll",$AG23="put"),-IF($AF23>0,INDEX($AH$9:$AH$22,$AF23),0)*$AE23*$D23,0)))) -> 0 | AP23: =IF($A23="","",IFERROR(LOOKUP(2,1/($B$9:$B$22=$B23),$AP$9:$AP22),0)+IF($F23="sell_put",$AE23*$D23,IF(AND(OR($F23="buy_to_close",$F23="expire",$F23="roll",$F23="assignment",$F23="called_away"),$F23<>"roll",$AG23="put"),-$AE23*$D23,0))) -> 0 | AQ23: =IF($A23="","",IFERROR(LOOKUP(2,1/($B$9:$B$22=$B23),$AQ$9:$AQ22),0)+IF(OR($F23="sell_put",$F23="sell_call"),$AE23,0)-IF(AND(OR($F23="buy_to_close",$F23="expire",$F23="roll",$F23="assignment",$F23="called_away"),$F23<>"roll"),$AE23,0)) -> 0 | AR23: =IF($A23="","",AND($AM23<=0.000000001,$AQ23<=0.000000001)) -> TRUE | AS23: =IF($A23="","",$AO23+$AN23) -> 0 | AT23: =IF($A23="","",MAX(IF($T23=IFERROR(LOOKUP(2,1/($B$9:$B$22=$B23),$T$9:$T22),0),IFERROR(LOOKUP(2,1/($B$9:$B$22=$B23),$AT$9:$AT22),0),0),$AS23)) -> 2500 | AU23: =IF(OR($A23="",$B23="",$T23=""),"",$B23&"¦"&$T23) -> demo-direct¦1 | AV23: =IF($AU23="",0,IF(AND(IFERROR(LOOKUP(2,1/($B$9:$B$22=$B23),$AR$9:$AR22),1),NOT(AND(OR($F23="dividend",$F23="fee"),IFERROR(LOOKUP(2,1/($B$9:$B$22=$B23),$T$9:$T22),0)>0))),ROW(),0)) -> 0 | AW23: =IF($A23="",0,IF($AV23>0,MAX($AW$9:$AW$22)+1,MAX($AW$9:$AW$22))) -> 5 | AX23: =IF($AU23="",0,IF(AND($AR23,OR(NOT(IFERROR(LOOKUP(2,1/($B$9:$B$22=$B23),$AR$9:$AR22),1)),IFERROR(LOOKUP(2,1/($B$9:$B$22=$B23),$T$9:$T22),0)=0)),ROW(),0)) -> 23 | AY23: =IF(OR($A23="",$B23=""),"",LEN($B23)&":"&$B23&$A23) -> 11:demo-directE0015
A24: =IF(Trades!$A24="","",Trades!O24) -> E0016 | B24: =IF(Trades!$A24="","",Trades!B24) -> sample-xyz | C24: =IF(Trades!$A24="","",Trades!C24) -> XYZ | D24: =IF(Trades!$A24="","",IF(Trades!$L24>0,Trades!$L24,Trades!$C$6)) -> 100 | E24: =IF(Trades!$A24="","",Trades!A24) -> 46274 | F24: =IF(Trades!$A24="","",IFERROR(INDEX(Trades!$V$2:$V$14,MATCH(Trades!$E24,Trades!$U$2:$U$14,0)),"")) -> called_away | G24: =IF(Trades!$A24="","",Trades!N24) -> E0009 | H24: =IF(Trades!$A24="","",Trades!F24) -> 1 | I24: =IF(Trades!$A24="","",Trades!G24) -> 0 | J24: =IF(Trades!$A24="","",Trades!I24) -> 0 | K24: =IF(Trades!$A24="","",Trades!Q24) -> 0 | L24: =IF(Trades!$A24="","",Trades!F24) -> 1 | M24: =IF(Trades!$A24="","",Trades!M24) -> 0 | N24: =IF(Trades!$A24="","",Trades!R24) -> 0 | O24: =IF(Trades!$A24="","",Trades!J24) -> 0 | P24: =IF(Trades!$A24="","",Trades!H24) -> 0 | Q24: =IF(Trades!$A24="","",Trades!P24) -> Sample Data | R24: =IF($A24="","",$Y24-$Z24) -> 0 | S24: =IF($A24="","",$R24+$AA24-$AB24-$AC24+$AD24) -> 5100 | T24: =IF(OR($A24="",$B24=""),"",IF(AND(IFERROR(LOOKUP(2,1/($B$9:$B$23=$B24),$AR$9:$AR23),1),NOT(AND(OR($F24="dividend",$F24="fee"),IFERROR(LOOKUP(2,1/($B$9:$B$23=$B24),$T$9:$T23),0)>0))),IFERROR(LOOKUP(2,1/($B$9:$B$23=$B24),$T$9:$T23),0)+1,IFERROR(LOOKUP(2,1/($B$9:$B$23=$B24),$T$9:$T23),0))) -> 1 | U24: =IF($A24="","",IF($AR24,"Flat / cycle closed",IF($AM24>0,"Shares held","Short option open"))) -> Flat / cycle closed | V24: =IF($A24="","",IF(OR($B24="",$C24="",$D24="",$E24="",$F24=""),"Missing required field",IF(COUNTIFS($A$9:$A24,$A24,$B$9:$B24,$B24)>1,"Duplicate event ID",IF(AND($E24<>IFERROR(LOOKUP(2,1/($B$9:$B$23=$B24),$E$9:$E23),0),IFERROR(LOOKUP(2,1/($B$9:$B$23=$B24),$E$9:$E23),0)>$E24),"Date out of order",IF(AND(OR($F24="buy_to_close",$F24="expire",$F24="roll",$F24="assignment",$F24="called_away"),$AF24=0),"Unknown lot",IF(OR(AND($F24="assignment",$AF24>0,IF($AF24>0,INDEX($AG$9:$AG$23,$AF24),"")<>"put"),AND($F24="called_away",$AF24>0,IF($AF24>0,INDEX($AG$9:$AG$23,$AF24),"")<>"call")),"Wrong option leg",IF(OR(AND(OR($F24="sell_put",$F24="sell_call"),OR($H24<=0,$I24<=0,$J24<0)),AND(OR($F24="buy_to_close",$F24="expire",$F24="assignment",$F24="called_away"),OR($H24<=0,$J24<0)),AND($F24="roll",OR($H24<=0,$I24<=0,$J24<0,$K24<0)),AND(OR($F24="buy_shares",$F24="sell_shares"),OR($L24<=0,$M24<0)),AND(OR($F24="dividend",$F24="fee"),$N24<0)),"Invalid value",IF(AND(OR($F24="sell_shares",$F24="called_away"),$AL24<IF($F24="called_away",$AE24*$D24,$L24)),"Insufficient shares (capped)",IF(AND(OR($F24="buy_to_close",$F24="expire",$F24="roll",$F24="assignment",$F24="called_away"),$AF24>0,$H24>IF($AF24>0,MAX(0,INDEX($AI$9:$AI$23,$AF24)-SUMIFS($AE$9:$AE$23,$G$9:$G$23,$G24,$B$9:$B$23,$B24)),0)),"Close quantity capped","OK"))))))))) -> OK | W24: =IF($A24="","",$AM24) -> 0 | X24: =IF($A24="","",$AS24) -> 0 | Y24: =IF($A24="","",IF(OR($F24="sell_put",$F24="sell_call"),$J24*$AE24*$D24,IF($F24="roll",$J24*$AE24*$D24,0))) -> 0 | Z24: =IF($A24="","",IF($F24="buy_to_close",$J24*$AE24*$D24,IF($F24="roll",$K24*$AE24*$D24,0))) -> 0 | AA24: =IF($A24="","",IF(AND($F24="dividend",$N24>=0),$N24,0)) -> 0 | AB24: =IF($A24="","",IF($O24>=0,$O24,0)+IF(AND($F24="fee",$N24>=0),$N24,0)) -> 0 | AC24: =IF($A24="","",IF($F24="assignment",IF($AF24>0,INDEX($AH$9:$AH$23,$AF24),0)*$AE24*$D24,IF($F24="buy_shares",$M24*$AL24,0))) -> 0 | AD24: =IF($A24="","",IF($F24="called_away",IF($AF24>0,INDEX($AH$9:$AH$23,$AF24),0)*$AL24,IF($F24="sell_shares",$M24*$AL24,0))) -> 5100 | AE24: =IF($A24="","",IF(OR($F24="sell_put",$F24="sell_call"),IF(AND($H24>0,$I24>0,$J24>=0),$H24,0),IF(OR($F24="buy_to_close",$F24="expire",$F24="roll",$F24="assignment",$F24="called_away"),IF(AND($AF24>0,$H24>0,IF($F24="assignment",IF($AF24>0,INDEX($AG$9:$AG$23,$AF24),"")="put",TRUE),IF($F24="called_away",IF($AF24>0,INDEX($AG$9:$AG$23,$AF24),"")="call",TRUE)),MIN($H24,IF($AF24>0,MAX(0,INDEX($AI$9:$AI$23,$AF24)-SUMIFS($AE$9:$AE$23,$G$9:$G$23,$G24,$B$9:$B$23,$B24)),0)),0),0))) -> 1 | AF24: =IF($A24="","",IFERROR(MATCH(LEN($B24)&":"&$B24&$G24,$AY$9:$AY$23,0),0)) -> 9 | AG24: =IF($A24="","",IF($F24="sell_put","put",IF($F24="sell_call","call",IF($F24="roll",IF($AF24>0,IF($AF24>0,INDEX($AG$9:$AG$23,$AF24),""),""),IF($AF24>0,IF($AF24>0,INDEX($AG$9:$AG$23,$AF24),""),""))))) -> call | AH24: =IF($A24="","",IF(OR($F24="sell_put",$F24="sell_call",$F24="roll"),$I24,IF($AF24>0,IF($AF24>0,INDEX($AH$9:$AH$23,$AF24),0),0))) -> 51 | AI24: =IF($A24="","",IF(OR($F24="sell_put",$F24="sell_call"),IF(AND($H24>0,$I24>0,$J24>=0),$H24,0),IF($F24="roll",$AE24,0))) -> 0 | AJ24: =IF($A24="","",IFERROR(LOOKUP(2,1/($B$9:$B$23=$B24),$AM$9:$AM23),0)) -> 100 | AK24: =IF($A24="","",IFERROR(LOOKUP(2,1/($B$9:$B$23=$B24),$AN$9:$AN23),0)) -> 5000 | AL24: =IF($A24="","",IF($F24="assignment",$AE24*$D24,IF($F24="called_away",MIN(MAX(0,$AE24*$D24),MAX(0,$AJ24)),IF($F24="buy_shares",IF(AND($L24>0,$M24>=0),$L24,0),IF($F24="sell_shares",IF(AND($L24>0,$M24>=0),MIN($L24,MAX(0,$AJ24)),0),0))))) -> 100 | AM24: =IF($A24="","",MAX(0,$AJ24+IF(OR($F24="assignment",$F24="buy_shares"),$AL24,-$AL24))) -> 0 | AN24: =IF($A24="","",IF($AM24<=0.000000001,0,MAX(0,$AK24+$AC24-IF(OR($F24="called_away",$F24="sell_shares"),IF($AJ24>0,$AK24/$AJ24*$AL24,0),0)))) -> 0 | AO24: =IF($A24="","",IFERROR(LOOKUP(2,1/($B$9:$B$23=$B24),$AO$9:$AO23),0)+IF($F24="sell_put",$I24*$AE24*$D24,IF($F24="roll",IF($AG24="put",($I24-IF($AF24>0,INDEX($AH$9:$AH$23,$AF24),0))*$AE24*$D24,0),IF(AND(OR($F24="buy_to_close",$F24="expire",$F24="roll",$F24="assignment",$F24="called_away"),$F24<>"roll",$AG24="put"),-IF($AF24>0,INDEX($AH$9:$AH$23,$AF24),0)*$AE24*$D24,0)))) -> 0 | AP24: =IF($A24="","",IFERROR(LOOKUP(2,1/($B$9:$B$23=$B24),$AP$9:$AP23),0)+IF($F24="sell_put",$AE24*$D24,IF(AND(OR($F24="buy_to_close",$F24="expire",$F24="roll",$F24="assignment",$F24="called_away"),$F24<>"roll",$AG24="put"),-$AE24*$D24,0))) -> 0 | AQ24: =IF($A24="","",IFERROR(LOOKUP(2,1/($B$9:$B$23=$B24),$AQ$9:$AQ23),0)+IF(OR($F24="sell_put",$F24="sell_call"),$AE24,0)-IF(AND(OR($F24="buy_to_close",$F24="expire",$F24="roll",$F24="assignment",$F24="called_away"),$F24<>"roll"),$AE24,0)) -> 0 | AR24: =IF($A24="","",AND($AM24<=0.000000001,$AQ24<=0.000000001)) -> TRUE | AS24: =IF($A24="","",$AO24+$AN24) -> 0 | AT24: =IF($A24="","",MAX(IF($T24=IFERROR(LOOKUP(2,1/($B$9:$B$23=$B24),$T$9:$T23),0),IFERROR(LOOKUP(2,1/($B$9:$B$23=$B24),$AT$9:$AT23),0),0),$AS24)) -> 5000 | AU24: =IF(OR($A24="",$B24="",$T24=""),"",$B24&"¦"&$T24) -> sample-xyz¦1 | AV24: =IF($AU24="",0,IF(AND(IFERROR(LOOKUP(2,1/($B$9:$B$23=$B24),$AR$9:$AR23),1),NOT(AND(OR($F24="dividend",$F24="fee"),IFERROR(LOOKUP(2,1/($B$9:$B$23=$B24),$T$9:$T23),0)>0))),ROW(),0)) -> 0 | AW24: =IF($A24="",0,IF($AV24>0,MAX($AW$9:$AW$23)+1,MAX($AW$9:$AW$23))) -> 5 | AX24: =IF($AU24="",0,IF(AND($AR24,OR(NOT(IFERROR(LOOKUP(2,1/($B$9:$B$23=$B24),$AR$9:$AR23),1)),IFERROR(LOOKUP(2,1/($B$9:$B$23=$B24),$T$9:$T23),0)=0)),ROW(),0)) -> 24 | AY24: =IF(OR($A24="",$B24=""),"",LEN($B24)&":"&$B24&$A24) -> 10:sample-xyzE0016
A25: =IF(Trades!$A25="","",Trades!O25) -> E0017 | B25: =IF(Trades!$A25="","",Trades!B25) -> demo-held | C25: =IF(Trades!$A25="","",Trades!C25) -> GHI | D25: =IF(Trades!$A25="","",IF(Trades!$L25>0,Trades!$L25,Trades!$C$6)) -> 100 | E25: =IF(Trades!$A25="","",Trades!A25) -> 46283 | F25: =IF(Trades!$A25="","",IFERROR(INDEX(Trades!$V$2:$V$14,MATCH(Trades!$E25,Trades!$U$2:$U$14,0)),"")) -> sell_put | G25: =IF(Trades!$A25="","",Trades!N25) -> 0 | H25: =IF(Trades!$A25="","",Trades!F25) -> 1 | I25: =IF(Trades!$A25="","",Trades!G25) -> 30 | J25: =IF(Trades!$A25="","",Trades!I25) -> 0.8 | K25: =IF(Trades!$A25="","",Trades!Q25) -> 0 | L25: =IF(Trades!$A25="","",Trades!F25) -> 1 | M25: =IF(Trades!$A25="","",Trades!M25) -> 0 | N25: =IF(Trades!$A25="","",Trades!R25) -> 0 | O25: =IF(Trades!$A25="","",Trades!J25) -> 0.65 | P25: =IF(Trades!$A25="","",Trades!H25) -> 46303 | Q25: =IF(Trades!$A25="","",Trades!P25) -> Sample Data | R25: =IF($A25="","",$Y25-$Z25) -> 80 | S25: =IF($A25="","",$R25+$AA25-$AB25-$AC25+$AD25) -> 79.35 | T25: =IF(OR($A25="",$B25=""),"",IF(AND(IFERROR(LOOKUP(2,1/($B$9:$B$24=$B25),$AR$9:$AR24),1),NOT(AND(OR($F25="dividend",$F25="fee"),IFERROR(LOOKUP(2,1/($B$9:$B$24=$B25),$T$9:$T24),0)>0))),IFERROR(LOOKUP(2,1/($B$9:$B$24=$B25),$T$9:$T24),0)+1,IFERROR(LOOKUP(2,1/($B$9:$B$24=$B25),$T$9:$T24),0))) -> 1 | U25: =IF($A25="","",IF($AR25,"Flat / cycle closed",IF($AM25>0,"Shares held","Short option open"))) -> Short option open | V25: =IF($A25="","",IF(OR($B25="",$C25="",$D25="",$E25="",$F25=""),"Missing required field",IF(COUNTIFS($A$9:$A25,$A25,$B$9:$B25,$B25)>1,"Duplicate event ID",IF(AND($E25<>IFERROR(LOOKUP(2,1/($B$9:$B$24=$B25),$E$9:$E24),0),IFERROR(LOOKUP(2,1/($B$9:$B$24=$B25),$E$9:$E24),0)>$E25),"Date out of order",IF(AND(OR($F25="buy_to_close",$F25="expire",$F25="roll",$F25="assignment",$F25="called_away"),$AF25=0),"Unknown lot",IF(OR(AND($F25="assignment",$AF25>0,IF($AF25>0,INDEX($AG$9:$AG$24,$AF25),"")<>"put"),AND($F25="called_away",$AF25>0,IF($AF25>0,INDEX($AG$9:$AG$24,$AF25),"")<>"call")),"Wrong option leg",IF(OR(AND(OR($F25="sell_put",$F25="sell_call"),OR($H25<=0,$I25<=0,$J25<0)),AND(OR($F25="buy_to_close",$F25="expire",$F25="assignment",$F25="called_away"),OR($H25<=0,$J25<0)),AND($F25="roll",OR($H25<=0,$I25<=0,$J25<0,$K25<0)),AND(OR($F25="buy_shares",$F25="sell_shares"),OR($L25<=0,$M25<0)),AND(OR($F25="dividend",$F25="fee"),$N25<0)),"Invalid value",IF(AND(OR($F25="sell_shares",$F25="called_away"),$AL25<IF($F25="called_away",$AE25*$D25,$L25)),"Insufficient shares (capped)",IF(AND(OR($F25="buy_to_close",$F25="expire",$F25="roll",$F25="assignment",$F25="called_away"),$AF25>0,$H25>IF($AF25>0,MAX(0,INDEX($AI$9:$AI$24,$AF25)-SUMIFS($AE$9:$AE$24,$G$9:$G$24,$G25,$B$9:$B$24,$B25)),0)),"Close quantity capped","OK"))))))))) -> OK | W25: =IF($A25="","",$AM25) -> 0 | X25: =IF($A25="","",$AS25) -> 3000 | Y25: =IF($A25="","",IF(OR($F25="sell_put",$F25="sell_call"),$J25*$AE25*$D25,IF($F25="roll",$J25*$AE25*$D25,0))) -> 80 | Z25: =IF($A25="","",IF($F25="buy_to_close",$J25*$AE25*$D25,IF($F25="roll",$K25*$AE25*$D25,0))) -> 0 | AA25: =IF($A25="","",IF(AND($F25="dividend",$N25>=0),$N25,0)) -> 0 | AB25: =IF($A25="","",IF($O25>=0,$O25,0)+IF(AND($F25="fee",$N25>=0),$N25,0)) -> 0.65 | AC25: =IF($A25="","",IF($F25="assignment",IF($AF25>0,INDEX($AH$9:$AH$24,$AF25),0)*$AE25*$D25,IF($F25="buy_shares",$M25*$AL25,0))) -> 0 | AD25: =IF($A25="","",IF($F25="called_away",IF($AF25>0,INDEX($AH$9:$AH$24,$AF25),0)*$AL25,IF($F25="sell_shares",$M25*$AL25,0))) -> 0 | AE25: =IF($A25="","",IF(OR($F25="sell_put",$F25="sell_call"),IF(AND($H25>0,$I25>0,$J25>=0),$H25,0),IF(OR($F25="buy_to_close",$F25="expire",$F25="roll",$F25="assignment",$F25="called_away"),IF(AND($AF25>0,$H25>0,IF($F25="assignment",IF($AF25>0,INDEX($AG$9:$AG$24,$AF25),"")="put",TRUE),IF($F25="called_away",IF($AF25>0,INDEX($AG$9:$AG$24,$AF25),"")="call",TRUE)),MIN($H25,IF($AF25>0,MAX(0,INDEX($AI$9:$AI$24,$AF25)-SUMIFS($AE$9:$AE$24,$G$9:$G$24,$G25,$B$9:$B$24,$B25)),0)),0),0))) -> 1 | AF25: =IF($A25="","",IFERROR(MATCH(LEN($B25)&":"&$B25&$G25,$AY$9:$AY$24,0),0)) -> 0 | AG25: =IF($A25="","",IF($F25="sell_put","put",IF($F25="sell_call","call",IF($F25="roll",IF($AF25>0,IF($AF25>0,INDEX($AG$9:$AG$24,$AF25),""),""),IF($AF25>0,IF($AF25>0,INDEX($AG$9:$AG$24,$AF25),""),""))))) -> put | AH25: =IF($A25="","",IF(OR($F25="sell_put",$F25="sell_call",$F25="roll"),$I25,IF($AF25>0,IF($AF25>0,INDEX($AH$9:$AH$24,$AF25),0),0))) -> 30 | AI25: =IF($A25="","",IF(OR($F25="sell_put",$F25="sell_call"),IF(AND($H25>0,$I25>0,$J25>=0),$H25,0),IF($F25="roll",$AE25,0))) -> 1 | AJ25: =IF($A25="","",IFERROR(LOOKUP(2,1/($B$9:$B$24=$B25),$AM$9:$AM24),0)) -> 0 | AK25: =IF($A25="","",IFERROR(LOOKUP(2,1/($B$9:$B$24=$B25),$AN$9:$AN24),0)) -> 0 | AL25: =IF($A25="","",IF($F25="assignment",$AE25*$D25,IF($F25="called_away",MIN(MAX(0,$AE25*$D25),MAX(0,$AJ25)),IF($F25="buy_shares",IF(AND($L25>0,$M25>=0),$L25,0),IF($F25="sell_shares",IF(AND($L25>0,$M25>=0),MIN($L25,MAX(0,$AJ25)),0),0))))) -> 0 | AM25: =IF($A25="","",MAX(0,$AJ25+IF(OR($F25="assignment",$F25="buy_shares"),$AL25,-$AL25))) -> 0 | AN25: =IF($A25="","",IF($AM25<=0.000000001,0,MAX(0,$AK25+$AC25-IF(OR($F25="called_away",$F25="sell_shares"),IF($AJ25>0,$AK25/$AJ25*$AL25,0),0)))) -> 0 | AO25: =IF($A25="","",IFERROR(LOOKUP(2,1/($B$9:$B$24=$B25),$AO$9:$AO24),0)+IF($F25="sell_put",$I25*$AE25*$D25,IF($F25="roll",IF($AG25="put",($I25-IF($AF25>0,INDEX($AH$9:$AH$24,$AF25),0))*$AE25*$D25,0),IF(AND(OR($F25="buy_to_close",$F25="expire",$F25="roll",$F25="assignment",$F25="called_away"),$F25<>"roll",$AG25="put"),-IF($AF25>0,INDEX($AH$9:$AH$24,$AF25),0)*$AE25*$D25,0)))) -> 3000 | AP25: =IF($A25="","",IFERROR(LOOKUP(2,1/($B$9:$B$24=$B25),$AP$9:$AP24),0)+IF($F25="sell_put",$AE25*$D25,IF(AND(OR($F25="buy_to_close",$F25="expire",$F25="roll",$F25="assignment",$F25="called_away"),$F25<>"roll",$AG25="put"),-$AE25*$D25,0))) -> 100 | AQ25: =IF($A25="","",IFERROR(LOOKUP(2,1/($B$9:$B$24=$B25),$AQ$9:$AQ24),0)+IF(OR($F25="sell_put",$F25="sell_call"),$AE25,0)-IF(AND(OR($F25="buy_to_close",$F25="expire",$F25="roll",$F25="assignment",$F25="called_away"),$F25<>"roll"),$AE25,0)) -> 1 | AR25: =IF($A25="","",AND($AM25<=0.000000001,$AQ25<=0.000000001)) -> FALSE | AS25: =IF($A25="","",$AO25+$AN25) -> 3000 | AT25: =IF($A25="","",MAX(IF($T25=IFERROR(LOOKUP(2,1/($B$9:$B$24=$B25),$T$9:$T24),0),IFERROR(LOOKUP(2,1/($B$9:$B$24=$B25),$AT$9:$AT24),0),0),$AS25)) -> 3000 | AU25: =IF(OR($A25="",$B25="",$T25=""),"",$B25&"¦"&$T25) -> demo-held¦1 | AV25: =IF($AU25="",0,IF(AND(IFERROR(LOOKUP(2,1/($B$9:$B$24=$B25),$AR$9:$AR24),1),NOT(AND(OR($F25="dividend",$F25="fee"),IFERROR(LOOKUP(2,1/($B$9:$B$24=$B25),$T$9:$T24),0)>0))),ROW(),0)) -> 25 | AW25: =IF($A25="",0,IF($AV25>0,MAX($AW$9:$AW$24)+1,MAX($AW$9:$AW$24))) -> 6 | AX25: =IF($AU25="",0,IF(AND($AR25,OR(NOT(IFERROR(LOOKUP(2,1/($B$9:$B$24=$B25),$AR$9:$AR24),1)),IFERROR(LOOKUP(2,1/($B$9:$B$24=$B25),$T$9:$T24),0)=0)),ROW(),0)) -> 0 | AY25: =IF(OR($A25="",$B25=""),"",LEN($B25)&":"&$B25&$A25) -> 9:demo-heldE0017
A26: =IF(Trades!$A26="","",Trades!O26) -> E0018 | B26: =IF(Trades!$A26="","",Trades!B26) -> sample-abc | C26: =IF(Trades!$A26="","",Trades!C26) -> ABC | D26: =IF(Trades!$A26="","",IF(Trades!$L26>0,Trades!$L26,Trades!$C$6)) -> 100 | E26: =IF(Trades!$A26="","",Trades!A26) -> 46287 | F26: =IF(Trades!$A26="","",IFERROR(INDEX(Trades!$V$2:$V$14,MATCH(Trades!$E26,Trades!$U$2:$U$14,0)),"")) -> buy_to_close | G26: =IF(Trades!$A26="","",Trades!N26) -> E0013 | H26: =IF(Trades!$A26="","",Trades!F26) -> 2 | I26: =IF(Trades!$A26="","",Trades!G26) -> 0 | J26: =IF(Trades!$A26="","",Trades!I26) -> 0.1 | K26: =IF(Trades!$A26="","",Trades!Q26) -> 0 | L26: =IF(Trades!$A26="","",Trades!F26) -> 2 | M26: =IF(Trades!$A26="","",Trades!M26) -> 0 | N26: =IF(Trades!$A26="","",Trades!R26) -> 0 | O26: =IF(Trades!$A26="","",Trades!J26) -> 1.3 | P26: =IF(Trades!$A26="","",Trades!H26) -> 0 | Q26: =IF(Trades!$A26="","",Trades!P26) -> Sample Data | R26: =IF($A26="","",$Y26-$Z26) -> -20 | S26: =IF($A26="","",$R26+$AA26-$AB26-$AC26+$AD26) -> -21.3 | T26: =IF(OR($A26="",$B26=""),"",IF(AND(IFERROR(LOOKUP(2,1/($B$9:$B$25=$B26),$AR$9:$AR25),1),NOT(AND(OR($F26="dividend",$F26="fee"),IFERROR(LOOKUP(2,1/($B$9:$B$25=$B26),$T$9:$T25),0)>0))),IFERROR(LOOKUP(2,1/($B$9:$B$25=$B26),$T$9:$T25),0)+1,IFERROR(LOOKUP(2,1/($B$9:$B$25=$B26),$T$9:$T25),0))) -> 1 | U26: =IF($A26="","",IF($AR26,"Flat / cycle closed",IF($AM26>0,"Shares held","Short option open"))) -> Flat / cycle closed | V26: =IF($A26="","",IF(OR($B26="",$C26="",$D26="",$E26="",$F26=""),"Missing required field",IF(COUNTIFS($A$9:$A26,$A26,$B$9:$B26,$B26)>1,"Duplicate event ID",IF(AND($E26<>IFERROR(LOOKUP(2,1/($B$9:$B$25=$B26),$E$9:$E25),0),IFERROR(LOOKUP(2,1/($B$9:$B$25=$B26),$E$9:$E25),0)>$E26),"Date out of order",IF(AND(OR($F26="buy_to_close",$F26="expire",$F26="roll",$F26="assignment",$F26="called_away"),$AF26=0),"Unknown lot",IF(OR(AND($F26="assignment",$AF26>0,IF($AF26>0,INDEX($AG$9:$AG$25,$AF26),"")<>"put"),AND($F26="called_away",$AF26>0,IF($AF26>0,INDEX($AG$9:$AG$25,$AF26),"")<>"call")),"Wrong option leg",IF(OR(AND(OR($F26="sell_put",$F26="sell_call"),OR($H26<=0,$I26<=0,$J26<0)),AND(OR($F26="buy_to_close",$F26="expire",$F26="assignment",$F26="called_away"),OR($H26<=0,$J26<0)),AND($F26="roll",OR($H26<=0,$I26<=0,$J26<0,$K26<0)),AND(OR($F26="buy_shares",$F26="sell_shares"),OR($L26<=0,$M26<0)),AND(OR($F26="dividend",$F26="fee"),$N26<0)),"Invalid value",IF(AND(OR($F26="sell_shares",$F26="called_away"),$AL26<IF($F26="called_away",$AE26*$D26,$L26)),"Insufficient shares (capped)",IF(AND(OR($F26="buy_to_close",$F26="expire",$F26="roll",$F26="assignment",$F26="called_away"),$AF26>0,$H26>IF($AF26>0,MAX(0,INDEX($AI$9:$AI$25,$AF26)-SUMIFS($AE$9:$AE$25,$G$9:$G$25,$G26,$B$9:$B$25,$B26)),0)),"Close quantity capped","OK"))))))))) -> OK | W26: =IF($A26="","",$AM26) -> 0 | X26: =IF($A26="","",$AS26) -> 0 | Y26: =IF($A26="","",IF(OR($F26="sell_put",$F26="sell_call"),$J26*$AE26*$D26,IF($F26="roll",$J26*$AE26*$D26,0))) -> 0 | Z26: =IF($A26="","",IF($F26="buy_to_close",$J26*$AE26*$D26,IF($F26="roll",$K26*$AE26*$D26,0))) -> 20 | AA26: =IF($A26="","",IF(AND($F26="dividend",$N26>=0),$N26,0)) -> 0 | AB26: =IF($A26="","",IF($O26>=0,$O26,0)+IF(AND($F26="fee",$N26>=0),$N26,0)) -> 1.3 | AC26: =IF($A26="","",IF($F26="assignment",IF($AF26>0,INDEX($AH$9:$AH$25,$AF26),0)*$AE26*$D26,IF($F26="buy_shares",$M26*$AL26,0))) -> 0 | AD26: =IF($A26="","",IF($F26="called_away",IF($AF26>0,INDEX($AH$9:$AH$25,$AF26),0)*$AL26,IF($F26="sell_shares",$M26*$AL26,0))) -> 0 | AE26: =IF($A26="","",IF(OR($F26="sell_put",$F26="sell_call"),IF(AND($H26>0,$I26>0,$J26>=0),$H26,0),IF(OR($F26="buy_to_close",$F26="expire",$F26="roll",$F26="assignment",$F26="called_away"),IF(AND($AF26>0,$H26>0,IF($F26="assignment",IF($AF26>0,INDEX($AG$9:$AG$25,$AF26),"")="put",TRUE),IF($F26="called_away",IF($AF26>0,INDEX($AG$9:$AG$25,$AF26),"")="call",TRUE)),MIN($H26,IF($AF26>0,MAX(0,INDEX($AI$9:$AI$25,$AF26)-SUMIFS($AE$9:$AE$25,$G$9:$G$25,$G26,$B$9:$B$25,$B26)),0)),0),0))) -> 2 | AF26: =IF($A26="","",IFERROR(MATCH(LEN($B26)&":"&$B26&$G26,$AY$9:$AY$25,0),0)) -> 13 | AG26: =IF($A26="","",IF($F26="sell_put","put",IF($F26="sell_call","call",IF($F26="roll",IF($AF26>0,IF($AF26>0,INDEX($AG$9:$AG$25,$AF26),""),""),IF($AF26>0,IF($AF26>0,INDEX($AG$9:$AG$25,$AF26),""),""))))) -> put | AH26: =IF($A26="","",IF(OR($F26="sell_put",$F26="sell_call",$F26="roll"),$I26,IF($AF26>0,IF($AF26>0,INDEX($AH$9:$AH$25,$AF26),0),0))) -> 20 | AI26: =IF($A26="","",IF(OR($F26="sell_put",$F26="sell_call"),IF(AND($H26>0,$I26>0,$J26>=0),$H26,0),IF($F26="roll",$AE26,0))) -> 0 | AJ26: =IF($A26="","",IFERROR(LOOKUP(2,1/($B$9:$B$25=$B26),$AM$9:$AM25),0)) -> 0 | AK26: =IF($A26="","",IFERROR(LOOKUP(2,1/($B$9:$B$25=$B26),$AN$9:$AN25),0)) -> 0 | AL26: =IF($A26="","",IF($F26="assignment",$AE26*$D26,IF($F26="called_away",MIN(MAX(0,$AE26*$D26),MAX(0,$AJ26)),IF($F26="buy_shares",IF(AND($L26>0,$M26>=0),$L26,0),IF($F26="sell_shares",IF(AND($L26>0,$M26>=0),MIN($L26,MAX(0,$AJ26)),0),0))))) -> 0 | AM26: =IF($A26="","",MAX(0,$AJ26+IF(OR($F26="assignment",$F26="buy_shares"),$AL26,-$AL26))) -> 0 | AN26: =IF($A26="","",IF($AM26<=0.000000001,0,MAX(0,$AK26+$AC26-IF(OR($F26="called_away",$F26="sell_shares"),IF($AJ26>0,$AK26/$AJ26*$AL26,0),0)))) -> 0 | AO26: =IF($A26="","",IFERROR(LOOKUP(2,1/($B$9:$B$25=$B26),$AO$9:$AO25),0)+IF($F26="sell_put",$I26*$AE26*$D26,IF($F26="roll",IF($AG26="put",($I26-IF($AF26>0,INDEX($AH$9:$AH$25,$AF26),0))*$AE26*$D26,0),IF(AND(OR($F26="buy_to_close",$F26="expire",$F26="roll",$F26="assignment",$F26="called_away"),$F26<>"roll",$AG26="put"),-IF($AF26>0,INDEX($AH$9:$AH$25,$AF26),0)*$AE26*$D26,0)))) -> 0 | AP26: =IF($A26="","",IFERROR(LOOKUP(2,1/($B$9:$B$25=$B26),$AP$9:$AP25),0)+IF($F26="sell_put",$AE26*$D26,IF(AND(OR($F26="buy_to_close",$F26="expire",$F26="roll",$F26="assignment",$F26="called_away"),$F26<>"roll",$AG26="put"),-$AE26*$D26,0))) -> 0 | AQ26: =IF($A26="","",IFERROR(LOOKUP(2,1/($B$9:$B$25=$B26),$AQ$9:$AQ25),0)+IF(OR($F26="sell_put",$F26="sell_call"),$AE26,0)-IF(AND(OR($F26="buy_to_close",$F26="expire",$F26="roll",$F26="assignment",$F26="called_away"),$F26<>"roll"),$AE26,0)) -> 0 | AR26: =IF($A26="","",AND($AM26<=0.000000001,$AQ26<=0.000000001)) -> TRUE | AS26: =IF($A26="","",$AO26+$AN26) -> 0 | AT26: =IF($A26="","",MAX(IF($T26=IFERROR(LOOKUP(2,1/($B$9:$B$25=$B26),$T$9:$T25),0),IFERROR(LOOKUP(2,1/($B$9:$B$25=$B26),$AT$9:$AT25),0),0),$AS26)) -> 4000 | AU26: =IF(OR($A26="",$B26="",$T26=""),"",$B26&"¦"&$T26) -> sample-abc¦1 | AV26: =IF($AU26="",0,IF(AND(IFERROR(LOOKUP(2,1/($B$9:$B$25=$B26),$AR$9:$AR25),1),NOT(AND(OR($F26="dividend",$F26="fee"),IFERROR(LOOKUP(2,1/($B$9:$B$25=$B26),$T$9:$T25),0)>0))),ROW(),0)) -> 0 | AW26: =IF($A26="",0,IF($AV26>0,MAX($AW$9:$AW$25)+1,MAX($AW$9:$AW$25))) -> 6 | AX26: =IF($AU26="",0,IF(AND($AR26,OR(NOT(IFERROR(LOOKUP(2,1/($B$9:$B$25=$B26),$AR$9:$AR25),1)),IFERROR(LOOKUP(2,1/($B$9:$B$25=$B26),$T$9:$T25),0)=0)),ROW(),0)) -> 26 | AY26: =IF(OR($A26="",$B26=""),"",LEN($B26)&":"&$B26&$A26) -> 10:sample-abcE0018
